Workbook
Name \: #REF!
Name \: #REF!
Name \0: #REF!
Name \0: #REF!
Name \a: #REF!
Name \a: #REF!
Name \b: #REF!
Name \b: #REF!
Name \c: #REF!
Name \c: #REF!
Name \e: #REF!
Name \e: #REF!
Name \fagf: #REF!
Name \I: #REF!
Name \p: #REF!
Name \q: #REF!
Name \S: #REF!
Name \y: #N/A
Name ____________________________________PL1: #REF!
Name ___________________________________PL1: #REF!
Name __________________________________PL1: #REF!
Name _________________________________PL1: #REF!
Name ________________________________PL1: #REF!
Name _______________________________PL1: #REF!
Name ______________________________PL1: #REF!
Name _____________________________PL1: #REF!
Name ____________________________PL1: #REF!
Name ___________________________PL1: #REF!
Name __________________________PL1: #REF!
Name _________________________PL1: #REF!
Name _________________________tt1: #N/A
Name ________________________PL1: #REF!
Name ________________________tt1: #N/A
Name _______________________PL1: #REF!
Name _______________________tt1: #N/A
Name ______________________CAP20: #REF!
Name ______________________PL1: #REF!
Name ______________________TB10: #REF!
Name ______________________TCB5: #REF!
Name ______________________tcc4: #REF!
Name ______________________tt1: #N/A
Name _____________________CAP20: #REF!
Name _____________________PL1: #REF!
Name _____________________TB10: #REF!
Name _____________________TCB5: #REF!
Name _____________________tcc4: #REF!
Name _____________________tt1: #N/A
Name ____________________PL1: #REF!
Name ____________________tcc4: #REF!
Name ____________________tt1: #N/A
Name ___________________CAP20: #REF!
Name ___________________PL1: #REF!
Name ___________________TB10: #REF!
Name ___________________TCB5: #REF!
Name ___________________tcc4: #REF!
Name ___________________tt1: #N/A
Name __________________CAP20: #REF!
Name __________________PL1: #REF!
Name __________________TB10: #REF!
Name __________________TCB5: #REF!

Sheet RESUMO MODULO TOTAL
E2: Ministério da Integração e do Desenvolvimento Regional | G2: Encargos Sociais | I2: Total de m² | J2: 140000 | K2: Base Referencial SICRO: | L2: Abril/2024 | N2: N1 | O2: TERRAPLENAGEM | P2: =(SUMIF($O$10:$O$57,O2,$L$10:$L$57)/$L$58) -> #DIV/0! | Q2: =(SUMIF($O$10:$O$57,O2,$L$10:$L$57)) -> 0 | R2: FGV | U2: =H8 -> QUANT. | V2: arred(;2)
E3: Companhia de Desenvolvimento dos Vales do São Francisco e do Parnaíba | G3: Horista | H3: ='ENC. SOCIAIS'!F51 -> 108.84 | I3: R$/m² | J3: =ROUND(L58/J2,6) -> 0 | K3: Base Referencial SINAPI: | L3: 04/2024 | N3: N2 | O3: PAVIMENTAÇÃO | P3: =(SUMIF($O$10:$O$57,O3,$L$10:$L$57)/$L$58) -> #DIV/0! | Q3: =(SUMIF($O$10:$O$57,O3,$L$10:$L$57)) -> 0 | R3: FGV | U3: =I8 -> VR.UNIT.S/BDI | V3: arred(;2)
E4: 9ª Superintendência Regional | G4: Mensalista | H4: ='ENC. SOCIAIS'!G51 -> 67.24 | I4: Nº de módulos | J4: 10 | K4: Data do Orçamento: | L4: Agosto - 2024 | N4: N3 | O4: DRENAGEM | P4: =(SUMIF($O$10:$O$57,O4,$L$10:$L$57)/$L$58) -> #DIV/0! | Q4: =(SUMIF($O$10:$O$57,O4,$L$10:$L$57)) -> 0 | R4: FGV | U4: =J8 -> PR. UNIT.C/BDI
B5: OBRA: | C5: Contratação de serviços de pavimentação asfáltica com concreto betuminoso usinado a quente (CBUQ) em vias urbanas e rurais inseridas na área de atuação da Codevasf, no estado de Goiás | I5: Valor total do SRP | J5: =$L$58 -> 0 | K5: BDI-SERVIÇO % | L5: =BDI!$C$17 -> 0 | N5: N4 | O5: PAVIMENTAÇÃO | P5: =(SUMIF($O$10:$O$57,O5,$L$10:$L$57)/$L$58) -> #DIV/0! | Q5: =(SUMIF($O$10:$O$57,O5,$L$10:$L$57)) -> 0 | R5: FGV
I6: Valor total por módulo | J6: =ROUND(J5/J4,2) -> 0 | K6: BDI - FORN. % | L6: =BDI!$G$17*100 -> 15 | N6: N5 | O6: INCC | P6: =(SUMIF($O$10:$O$57,O6,$L$10:$L$57)/$L$58) -> #DIV/0! | Q6: =(SUMIF($O$10:$O$57,O6,$L$10:$L$57)) -> 0 | R6: FGV
B7: PLANILHA DE ORÇAMENTAÇÃO | N7: N6 | O7: INCC | P7: =(SUMIF($O$10:$O$57,O7,$L$10:$L$57)/$L$58) -> #DIV/0! | Q7: =(SUMIF($O$10:$O$57,O7,$L$10:$L$57)) -> 0 | R7: FGV
B8: ITEM | C8: CÓDIGO | D8: FONTE | E8: DISCRIMINAÇÃO | F8: TIPO | G8: UNID. | H8: QUANT. | I8: VR.UNIT.S/BDI | J8: PR. UNIT.C/BDI | K8: C. TOT.S/BDI | L8: P. TOT.C/BDI | O8: TOTAL | P8: =SUM(P2:P7) -> #DIV/0! | Q8: =(SUM(Q2:Q7)) -> 0
B10: 1 | E10: MOBILIZAÇÃO/DESMOBILIZAÇÃO
B11: 1.1 | C11: Mob | D11: Codevasf | E11: Mobilização | F11: SERV | G11: kmxfrente | H11: 6000 | J11: =TRUNC(IF(F11="SERV",I11*(1+$L$5/100),I11*(1+$L$6/100)),2) -> 0 | K11: =TRUNC(H11*I11,2) -> 0 | L11: =TRUNC(J11*H11,2) -> 0 | N11: =L11/$L$58 -> #DIV/0! | O11: INCC
B12: 1.2 | C12: Mob | D12: Codevasf | E12: Desmobilização | F12: SERV | G12: kmxfrente | H12: 6000 | J12: =TRUNC(IF(F12="SERV",I12*(1+$L$5/100),I12*(1+$L$6/100)),2) -> 0 | K12: =TRUNC(H12*I12,2) -> 0 | L12: =TRUNC(J12*H12,2) -> 0 | N12: =L12/$L$58 -> #DIV/0! | O12: INCC
B13: 2 | E13: INSTALAÇÃO DE CANTEIRO
B14: 2.1 | C14: Canteiro | D14: Codevasf | E14: Canteiro de Obras e Almoxarifado | F14: SERV | G14: frente | H14: 10 | J14: =TRUNC(IF(F14="SERV",I14*(1+$L$5/100),I14*(1+$L$6/100)),2) -> 0 | K14: =TRUNC(H14*I14,2) -> 0 | L14: =TRUNC(J14*H14,2) -> 0 | N14: =L14/$L$58 -> #DIV/0! | O14: INCC
B15: 2.2 | C15: 103689 | D15: SINAPI | E15: Fornecimento e instalação de placa de obra com chapa galvanizada e estrutura de madeira. af_03/2022_ps | F15: SERV | G15: m² | H15: 160 | J15: =TRUNC(IF(F15="SERV",I15*(1+$L$5/100),I15*(1+$L$6/100)),2) -> 0 | K15: =TRUNC(H15*I15,2) -> 0 | L15: =TRUNC(J15*H15,2) -> 0 | N15: =L15/$L$58 -> #DIV/0! | O15: INCC
B16: 3 | E16: ADMINISTRAÇÃO LOCAL DA OBRA
B17: 3.1 | C17: Adm Local | D17: Codevasf | E17: Administração Local da Obra | F17: SERV | G17: unid. | H17: 1 | J17: =TRUNC(IF(F17="SERV",I17*(1+$L$5/100),I17*(1+$L$6/100)),2) -> 0 | K17: =TRUNC(H17*I17,2) -> 0 | L17: =TRUNC(J17*H17,2) -> 0 | N17: =L17/$L$58 -> #DIV/0! | O17: INCC
B18: 4 | E18: TERRAPLANAGEM
B19: 4.1 | C19: 5502114 | D19: SICRO | E19: Escavação, carga e transporte de material de 1ª categoria - DMT de 1.000 a 1.200 m - caminho de serviço em leito natural - com escavadeira e caminhão basculante de 14 m³ | F19: SERV | G19: m³ | H19: 49000 | J19: =TRUNC(IF(F19="SERV",I19*(1+$L$5/100),I19*(1+$L$6/100)),2) -> 0 | K19: =TRUNC(H19*I19,2) -> 0 | L19: =TRUNC(J19*H19,2) -> 0 | N19: =L19/$L$58 -> #DIV/0! | O19: TERRAPLENAGEM
B20: 4.2 | C20: 4413942 | D20: SICRO | E20: Espalhamento de material em bota-fora | F20: SERV | G20: m³ | H20: 49000 | J20: =TRUNC(IF(F20="SERV",I20*(1+$L$5/100),I20*(1+$L$6/100)),2) -> 0 | K20: =TRUNC(H20*I20,2) -> 0 | L20: =TRUNC(J20*H20,2) -> 0 | N20: =L20/$L$58 -> #DIV/0! | O20: TERRAPLENAGEM
B21: 5 | E21: PAVIMENTAÇÃO
B22: 5.1 | C22: 4011463 | D22: SICRO | E22: Concreto asfáltico - faixa C - areia e brita comerciais | F22: SERV | G22: t | H22: 16800 | J22: =TRUNC(IF(F22="SERV",I22*(1+$L$5/100),I22*(1+$L$6/100)),2) -> 0 | K22: =TRUNC(H22*I22,2) -> 0 | L22: =TRUNC(J22*H22,2) -> 0 | N22: =L22/$L$58 -> #DIV/0! | O22: PAVIMENTAÇÃO
B23: 5.2 | C23: 4011352 | D23: SICRO | E23: Imprimação com emulsão asfáltica | F23: SERV | G23: m² | H23: 140000 | J23: =TRUNC(IF(F23="SERV",I23*(1+$L$5/100),I23*(1+$L$6/100)),2) -> 0 | K23: =TRUNC(H23*I23,2) -> 0 | L23: =TRUNC(J23*H23,2) -> 0 | N23: =L23/$L$58 -> #DIV/0! | O23: PAVIMENTAÇÃO
B24: 5.3 | C24: 4011353 | D24: SICRO | E24: Pintura de ligação (*) | F24: SERV | G24: m² | H24: 140000 | J24: =TRUNC(IF(F24="SERV",I24*(1+$L$5/100),I24*(1+$L$6/100)),2) -> 0 | K24: =TRUNC(H24*I24,2) -> 0 | L24: =TRUNC(J24*H24,2) -> 0 | N24: =L24/$L$58 -> #DIV/0! | O24: PAVIMENTAÇÃO
B25: 5.4 | C25: 4011256 | D25: SICRO | E25: Base estabilizada granulometricamente com mistura solo brita (70% - 30%) na pista com material de jazida e brita comercial | F25: SERV | G25: m³ | H25: 21000 | J25: =TRUNC(IF(F25="SERV",I25*(1+$L$5/100),I25*(1+$L$6/100)),2) -> 0 | K25: =TRUNC(H25*I25,2) -> 0 | L25: =TRUNC(J25*H25,2) -> 0 | N25: =L25/$L$58 -> #DIV/0! | O25: PAVIMENTAÇÃO
B26: 5.5 | C26: 4011233 | D26: SICRO | E26: Sub-base estabilizada granulometricamente com mistura solo brita (70% - 30%) na pista com material de jazida e brita comercial | F26: SERV | G26: m³ | H26: 21000 | J26: =TRUNC(IF(F26="SERV",I26*(1+$L$5/100),I26*(1+$L$6/100)),2) -> 0 | K26: =TRUNC(H26*I26,2) -> 0 | L26: =TRUNC(J26*H26,2) -> 0 | N26: =L26/$L$58 -> #DIV/0! | O26: PAVIMENTAÇÃO
B27: 5.6 | C27: 4011209 | D27: SICRO | E27: Regularização do subleito | F27: SERV | G27: m² | H27: 140000 | J27: =TRUNC(IF(F27="SERV",I27*(1+$L$5/100),I27*(1+$L$6/100)),2) -> 0 | K27: =TRUNC(H27*I27,2) -> 0 | L27: =TRUNC(J27*H27,2) -> 0 | N27: =L27/$L$58 -> #DIV/0! | O27: PAVIMENTAÇÃO
B28: 6 | E28: AQUISIÇÃO E TRANSPORTE DO MATERIAL BETUMINOSO
B29: 6.1 | C29: CPU-13 | D29: CODEVASF | E29: AQUISIÇÃO DE CIMENTO ASFALTICO CAP 50/70 | F29: FORN | G29: t | H29: 1083.43 | J29: =TRUNC(IF(F29="SERV",I29*(1+$L$5/100),I29*(1+$L$6/100)),2) -> 0 | K29: =TRUNC(H29*I29,2) -> 0 | L29: =TRUNC(J29*H29,2) -> 0 | N29: =L29/$L$58 -> #DIV/0! | O29: PAVIMENTAÇÃO
B30: 6.2 | C30: CPU-17 | D30: CODEVASF | E30: TRANSPORTE CAP 50/70 | F30: FORN | G30: t | H30: 1083.43 | J30: =TRUNC(IF(F30="SERV",I30*(1+$L$5/100),I30*(1+$L$6/100)),2) -> 0 | K30: =TRUNC(H30*I30,2) -> 0 | L30: =TRUNC(J30*H30,2) -> 0 | N30: =L30/$L$58 -> #DIV/0! | O30: PAVIMENTAÇÃO
B31: 6.3 | C31: CPU-14 | D31: CODEVASF | E31: AQUISIÇÃO DE EAI | F31: FORN | G31: t | H31: 182 | J31: =TRUNC(IF(F31="SERV",I31*(1+$L$5/100),I31*(1+$L$6/100)),2) -> 0 | K31: =TRUNC(H31*I31,2) -> 0 | L31: =TRUNC(J31*H31,2) -> 0 | N31: =L31/$L$58 -> #DIV/0! | O31: PAVIMENTAÇÃO
B32: 6.4 | C32: CPU-18 | D32: CODEVASF | E32: TRANSPORTE DE EAI | F32: FORN | G32: t | H32: 182 | J32: =TRUNC(IF(F32="SERV",I32*(1+$L$5/100),I32*(1+$L$6/100)),2) -> 0 | K32: =TRUNC(H32*I32,2) -> 0 | L32: =TRUNC(J32*H32,2) -> 0 | N32: =L32/$L$58 -> #DIV/0! | O32: PAVIMENTAÇÃO
B33: 6.5 | C33: CPU-15 | D33: CODEVASF | E33: AQUISIÇÃO DE EMULSÃO ASFÁLTICA RR-1C | F33: FORN | G33: t | H33: 63 | J33: =TRUNC(IF(F33="SERV",I33*(1+$L$5/100),I33*(1+$L$6/100)),2) -> 0 | K33: =TRUNC(H33*I33,2) -> 0 | L33: =TRUNC(J33*H33,2) -> 0 | N33: =L33/$L$58 -> #DIV/0! | O33: PAVIMENTAÇÃO
B34: 6.6 | C34: CPU-19 | D34: CODEVASF | E34: TRANSPORTE RR-1C | F34: FORN | G34: t | H34: 63 | J34: =TRUNC(IF(F34="SERV",I34*(1+$L$5/100),I34*(1+$L$6/100)),2) -> 0 | K34: =TRUNC(H34*I34,2) -> 0 | L34: =TRUNC(J34*H34,2) -> 0 | N34: =L34/$L$58 -> #DIV/0! | O34: PAVIMENTAÇÃO
B35: 7 | E35: SINALIZAÇÃO
B36: 7.1 | C36: 5213440 | D36: SICRO | E36: Placa de regulamentação em aço D = 0,60 m - película retrorrefletiva tipo I + SI - fornecimento e implantação | F36: SERV | G36: unid. | H36: 60 | J36: =TRUNC(IF(F36="SERV",I36*(1+$L$5/100),I36*(1+$L$6/100)),2) -> 0 | K36: =TRUNC(H36*I36,2) -> 0 | L36: =TRUNC(J36*H36,2) -> 0 | N36: =L36/$L$58 -> #DIV/0! | O36: INCC
B37: 7.2 | C37: 5213464 | D37: SICRO | E37: Placa de advertência em aço, lado de 0,60 m - película retrorrefletiva tipo I + SI - fornecimento e implantação | F37: SERV | G37: unid. | H37: 60 | J37: =TRUNC(IF(F37="SERV",I37*(1+$L$5/100),I37*(1+$L$6/100)),2) -> 0 | K37: =TRUNC(H37*I37,2) -> 0 | L37: =TRUNC(J37*H37,2) -> 0 | N37: =L37/$L$58 -> #DIV/0! | O37: INCC
B38: 7.3 | C38: 5213863 | D38: SICRO | E38: Suporte metálico galvanizado para placa de advertência ou regulamentação - lado ou diâmetro de 0,60 m - fornecimento e implantação | F38: SERV | G38: unid. | H38: 120 | J38: =TRUNC(IF(F38="SERV",I38*(1+$L$5/100),I38*(1+$L$6/100)),2) -> 0 | K38: =TRUNC(H38*I38,2) -> 0 | L38: =TRUNC(J38*H38,2) -> 0 | N38: =L38/$L$58 -> #DIV/0! | O38: INCC
B39: 7.4 | C39: 5213400 | D39: SICRO | E39: Pintura de faixa com tinta acrílica - espessura de 0,4 mm | F39: SERV | G39: m² | H39: 5600 | J39: =TRUNC(IF(F39="SERV",I39*(1+$L$5/100),I39*(1+$L$6/100)),2) -> 0 | K39: =TRUNC(H39*I39,2) -> 0 | L39: =TRUNC(J39*H39,2) -> 0 | N39: =L39/$L$58 -> #DIV/0! | O39: INCC
B40: 8 | E40: DRENAGEM
B41: 8.1 | C41: 2003943-A | D41: CODEVASF | E41: Meio-fio de concreto - MFC 03 moldado no local com extrusora e confecção de concreto em betoneira e lançamento manual - areia e brita comerciais | F41: SERV | G41: m | H41: 36000 | J41: =TRUNC(IF(F41="SERV",I41*(1+$L$5/100),I41*(1+$L$6/100)),2) -> 0 | K41: =TRUNC(H41*I41,2) -> 0 | L41: =TRUNC(J41*H41,2) -> 0 | N41: =L41/$L$58 -> #DIV/0! | O41: DRENAGEM
B42: 8.2 | C42: 2003947-A | D42: CODEVASF | E42: Meio-fio de concreto - MFC 05 moldado no local com extrusora e confecção de concreto em betoneira e lançamento manual - areia e brita comerciais | F42: SERV | G42: m | H42: 4000 | J42: =TRUNC(IF(F42="SERV",I42*(1+$L$5/100),I42*(1+$L$6/100)),2) -> 0 | K42: =TRUNC(H42*I42,2) -> 0 | L42: =TRUNC(J42*H42,2) -> 0 | N42: =L42/$L$58 -> #DIV/0! | O42: DRENAGEM
B43: 8.3 | C43: 4915724 | D43: SICRO | E43: Caiação mecanizada com fixador de cal | F43: SERV | G43: m² | H43: 4800 | J43: =TRUNC(IF(F43="SERV",I43*(1+$L$5/100),I43*(1+$L$6/100)),2) -> 0 | K43: =TRUNC(H43*I43,2) -> 0 | L43: =TRUNC(J43*H43,2) -> 0 | N43: =L43/$L$58 -> #DIV/0! | O43: DRENAGEM
B44: 9 | E44: SERVIÇOS COMPLEMENTARES
B45: 9.1 | C45: CPU-12 | D45: Codevasf | E45: Conserto de quebra no ramal na rua sem pavimento com fornecimento de material hidráulico | F45: SERV | G45: m | H45: 2000 | J45: =TRUNC(IF(F45="SERV",I45*(1+$L$5/100),I45*(1+$L$6/100)),2) -> 0 | K45: =TRUNC(H45*I45,2) -> 0 | L45: =TRUNC(J45*H45,2) -> 0 | N45: =L45/$L$58 -> #DIV/0! | O45: INCC
B46: 10 | E46: PROJETO EXECUTIVO
B47: 10.1 | C47: Composição Própria | D47: Codevasf | E47: Projeto Executivo | F47: SERV | G47: m² | H47: 140000 | J47: =TRUNC(IF(F47="SERV",I47*(1+$L$5/100),I47*(1+$L$6/100)),2) -> 0 | K47: =TRUNC(H47*I47,2) -> 0 | L47: =TRUNC(J47*H47,2) -> 0 | N47: =L47/$L$58 -> #DIV/0! | O47: INCC
B48: 11 | E48: MOMENTO DE TRANSPORTE
B49: 11.1 | C49: 5914359 | D49: SICRO | E49: Transporte com caminhão basculante de 10 m³ - rodovia em leito natural | F49: SERV | G49: txkm | H49: 122260.36 | J49: =TRUNC(IF(F49="SERV",I49*(1+$L$5/100),I49*(1+$L$6/100)),2) -> 0 | K49: =TRUNC(H49*I49,2) -> 0 | L49: =TRUNC(J49*H49,2) -> 0 | N49: =L49/$L$58 -> #DIV/0! | O49: INCC
B50: 11.2 | C50: 5914374 | D50: SICRO | E50: Transporte com caminhão basculante de 10 m³ - rodovia em revestimento primário | F50: SERV | G50: txkm | H50: 122260.36 | J50: =TRUNC(IF(F50="SERV",I50*(1+$L$5/100),I50*(1+$L$6/100)),2) -> 0 | K50: =TRUNC(H50*I50,2) -> 0 | L50: =TRUNC(J50*H50,2) -> 0 | N50: =L50/$L$58 -> #DIV/0! | O50: INCC
B51: 11.3 | C51: 5914389 | D51: SICRO | E51: Transporte com caminhão basculante de 10 m³ - rodovia pavimentada | F51: SERV | G51: txkm | H51: 978082.77 | J51: =TRUNC(IF(F51="SERV",I51*(1+$L$5/100),I51*(1+$L$6/100)),2) -> 0 | K51: =TRUNC(H51*I51,2) -> 0 | L51: =TRUNC(J51*H51,2) -> 0 | N51: =L51/$L$58 -> #DIV/0! | O51: INCC
B52: 11.4 | C52: 5914449 | D52: SICRO | E52: Transporte com caminhão carroceria de 15 t - rodovia em leito natural | F52: SERV | G52: txkm | H52: 455.63 | J52: =TRUNC(IF(F52="SERV",I52*(1+$L$5/100),I52*(1+$L$6/100)),2) -> 0 | K52: =TRUNC(H52*I52,2) -> 0 | L52: =TRUNC(J52*H52,2) -> 0 | N52: =L52/$L$58 -> #DIV/0! | O52: INCC
B53: 11.5 | C53: 5914464 | D53: SICRO | E53: Transporte com caminhão carroceria de 15 t - rodovia em revestimento primário | F53: SERV | G53: txkm | H53: 455.63 | J53: =TRUNC(IF(F53="SERV",I53*(1+$L$5/100),I53*(1+$L$6/100)),2) -> 0 | K53: =TRUNC(H53*I53,2) -> 0 | L53: =TRUNC(J53*H53,2) -> 0 | N53: =L53/$L$58 -> #DIV/0! | O53: INCC
B54: 11.6 | C54: 5914479 | D54: SICRO | E54: Transporte com caminhão carroceria de 15 t - rodovia pavimentada | F54: SERV | G54: txkm | H54: 3645.03 | J54: =TRUNC(IF(F54="SERV",I54*(1+$L$5/100),I54*(1+$L$6/100)),2) -> 0 | K54: =TRUNC(H54*I54,2) -> 0 | L54: =TRUNC(J54*H54,2) -> 0 | N54: =L54/$L$58 -> #DIV/0! | O54: INCC
B55: 11.7 | C55: 5914364 | D55: SICRO | E55: Transporte de cimento ou cal hidratada a granel com caminhão silo de 30 m³ - rodovia em leito natural | F55: SERV | G55: txkm | H55: 963.04 | J55: =TRUNC(IF(F55="SERV",I55*(1+$L$5/100),I55*(1+$L$6/100)),2) -> 0 | K55: =TRUNC(H55*I55,2) -> 0 | L55: =TRUNC(J55*H55,2) -> 0 | N55: =L55/$L$58 -> #DIV/0! | O55: INCC
B56: 11.8 | C56: 5914365 | D56: SICRO | E56: Transporte de cimento ou cal hidratada a granel com caminhão silo de 30 m³ - rodovia em revestimento primário | F56: SERV | G56: txkm | H56: 963.04 | J56: =TRUNC(IF(F56="SERV",I56*(1+$L$5/100),I56*(1+$L$6/100)),2) -> 0 | K56: =TRUNC(H56*I56,2) -> 0 | L56: =TRUNC(J56*H56,2) -> 0 | N56: =L56/$L$58 -> #DIV/0! | O56: INCC
B57: 11.9 | C57: 5914366 | D57: SICRO | E57: Transporte de cimento ou cal hidratada a granel com caminhão silo de 30 m³ - rodovia pavimentada | F57: SERV | G57: txkm | H57: 7704.35 | J57: =TRUNC(IF(F57="SERV",I57*(1+$L$5/100),I57*(1+$L$6/100)),2) -> 0 | K57: =TRUNC(H57*I57,2) -> 0 | L57: =TRUNC(J57*H57,2) -> 0 | N57: =L57/$L$58 -> #DIV/0! | O57: INCC
B58: x | C58: x | D58: x | E58: VALOR TOTAL DO SRP | F58: x | G58: x | H58: x | I58: x | K58: VALOR TOTAL DO SRP | L58: =INT(SUM(L11:L57)) -> 0
B60: (*) O pagamento do item pintura de ligação, somente ocorrerá nas hipóteses trazidas no item 5.4.1 da Norma DNIT 031/2006-ES (Pavimentos flexíveis - Concreto asfáltico - Especificação de serviço), conforme descrito abaixo: 5.4.1 Pintura de ligação Sendo decorridos mais de sete dias entre a execução da imprimação e a do revestimento, ou no caso de ter havido trânsito sobre a superfície imprimada, ou, ainda ter sido a imprimação recoberta com areia, pó-de-pedra, etc., deve ser feita uma pintura de ligação.
B61: QUANT. O valor da quantidade foi arredondado em 2 casas decimais. Esta coluna já está com as fórmulas e os valores não poderão ser alterados pelo proponente. | J61: =$L$58 -> 0 | K61: =$J$2 -> 140000 | L61: =ROUND(J61/K61,6) -> 0
B62: VR.UNIT.S/BDI O valor da valor unitário sem BDI deverá ser arredondado em 2 casas decimais. | J62: =L61 -> 0 | K62: =$J$2 -> 140000 | L62: =ROUND(K62*J62,2) -> 0
B63: PR. UNIT.C/BDI O valor do preço unitário com BDI será obtido ao TRUNCAR, em duas casas decimais, a equação "VR.UNIT.S/BDI x (1+BDI/100)". Esta coluna já está com as fórmulas. | L63: =L62-L58 -> 0
B64: C. TOT.S/BDI O valor do custo total sem BDI será obtido ao TRUNCAR, em duas casas decimais, a equação "QUANT. x VR.UNIT.S/BDI ". Esta coluna já está com as fórmulas.
B65: P. TOT.C/BDI O valor do custo total com BDI será obtido ao TRUNCAR, em duas casas decimais, a equação "QUANT. x PR.UNIT.C/BDI ". Esta coluna já está com as fórmulas.

Sheet CRONOGRAMA
A2: ='RESUMO MODULO TOTAL'!$C$5 -> Contratação de serviços de pavimentação asfáltica com concreto betuminoso usinado a quente (CBUQ) em vias urbanas e rurais inseridas na área de atuação da Codevasf, no estado de Goiás
A3: Cronograma Físico e Financeiro
A4: Item | B4: Descrição | C4: Total Por Etapa | D4: 30 DIAS | E4: 60 DIAS | F4: 90 DIAS | G4: 120 DIAS | H4: 150 DIAS | I4: 180 DIAS | J4: 210 DIAS | K4: 240 DIAS | L4: 270 DIAS | M4: 300 DIAS | N4: 330 DIAS | O4: 360 DIAS
A5: 1 | B5: MOBILIZAÇÃO/DESMOBILIZAÇÃO | C5: =SUM(D5:O5) -> 1 | D5: 0.5 | O5: 0.5
C6: =SUM('RESUMO MODULO TOTAL'!L11:L12) -> 0 | D6: =$C$6*D5 -> 0 | O6: =$C$6*O5 -> 0 | P6: =SUM(D6:O6) -> 0 | Q6: =IF(P6=C6,"OK","") -> OK
A7: 2 | B7: INSTALAÇÃO DE CANTEIRO | C7: =SUM(D7:O7) -> 1 | D7: 0.1 | E7: 0.5 | F7: 0.4
C8: =SUM('RESUMO MODULO TOTAL'!L14:L15) -> 0 | D8: =$C$8*D7 -> 0 | E8: =$C$8*E7 -> 0 | F8: =$C$8*F7 -> 0 | G8: =$C$8*G7 -> 0 | H8: =$C$8*H7 -> 0 | I8: =$C$8*I7 -> 0 | J8: =$C$8*J7 -> 0 | K8: =$C$8*K7 -> 0 | ... O8: =$C$8*O7 -> 0 | P8: =SUM(D8:O8) -> 0 | Q8: =IF(P8=C8,"OK","") -> OK
A9: 3 | B9: ADMINISTRAÇÃO LOCAL DA OBRA | C9: =SUM(D9:O9) -> #DIV/0! | D9: =(D6+D8+D12+D14+D16+D18+D20+D22+D24+D26)/($O$33-$C$10) -> #DIV/0! | E9: =(E6+E8+E12+E14+E16+E18+E20+E22+E24+E26)/($O$33-$C$10) -> #DIV/0! | F9: =(F6+F8+F12+F14+F16+F18+F20+F22+F24+F26)/($O$33-$C$10) -> #DIV/0! | G9: =(G6+G8+G12+G14+G16+G18+G20+G22+G24+G26)/($O$33-$C$10) -> #DIV/0! | H9: =(H6+H8+H12+H14+H16+H18+H20+H22+H24+H26)/($O$33-$C$10) -> #DIV/0! | I9: =(I6+I8+I12+I14+I16+I18+I20+I22+I24+I26)/($O$33-$C$10) -> #DIV/0! | J9: =(J6+J8+J12+J14+J16+J18+J20+J22+J24+J26)/($O$33-$C$10) -> #DIV/0! | K9: =(K6+K8+K12+K14+K16+K18+K20+K22+K24+K26)/($O$33-$C$10) -> #DIV/0! | ... O9: =(O6+O8+O12+O14+O16+O18+O20+O22+O24+O26)/($O$33-$C$10) -> #DIV/0!
C10: =SUM('RESUMO MODULO TOTAL'!L17) -> 0 | D10: =$C$10*D9 -> #DIV/0! | E10: =$C$10*E9 -> #DIV/0! | F10: =$C$10*F9 -> #DIV/0! | G10: =$C$10*G9 -> #DIV/0! | H10: =$C$10*H9 -> #DIV/0! | I10: =$C$10*I9 -> #DIV/0! | J10: =$C$10*J9 -> #DIV/0! | K10: =$C$10*K9 -> #DIV/0! | ... O10: =$C$10*O9 -> #DIV/0! | P10: =SUM(D10:O10) -> #DIV/0! | Q10: =IF(P10=C10,"OK","") -> #DIV/0!
A11: 4 | B11: TERRAPLANAGEM | C11: =SUM(D11:O11) -> 1 | F11: =1/4 -> 0.25 | G11: =1/4 -> 0.25 | H11: =1/4 -> 0.25 | I11: =1/4 -> 0.25
C12: =SUM('RESUMO MODULO TOTAL'!L19:L20) -> 0 | D12: =$C$14*D11 -> 0 | E12: =$C$12*E11 -> 0 | F12: =$C$12*F11 -> 0 | G12: =$C$12*G11 -> 0 | H12: =$C$12*H11 -> 0 | I12: =$C$12*I11 -> 0 | J12: =$C$12*J11 -> 0 | K12: =$C$12*K11 -> 0 | L12: =$C$12*L11 -> 0 | ... O12: =$C$12*O11 -> 0 | P12: =SUM(D12:O12) -> 0 | Q12: =IF(P12=C12,"OK","") -> OK
A13: 5 | B13: PAVIMENTAÇÃO | C13: =SUM(D13:O13) -> 1 | I13: =1/6 -> 0.16666667 | J13: =1/6 -> 0.16666667 | K13: =1/6 -> 0.16666667 | L13: =1/6 -> 0.16666667 | M13: =1/6 -> 0.16666667 | N13: =1/6 -> 0.16666667
C14: =SUM('RESUMO MODULO TOTAL'!L22:L27) -> 0 | D14: =$C$14*D13 -> 0 | E14: =$C$14*E13 -> 0 | F14: =$C$14*F13 -> 0 | G14: =$C$14*G13 -> 0 | H14: =$C$14*H13 -> 0 | I14: =$C$14*I13 -> 0 | J14: =$C$14*J13 -> 0 | K14: =$C$14*K13 -> 0 | ... O14: =$C$14*O13 -> 0 | P14: =SUM(D14:O14) -> 0 | Q14: =IF(P14=C14,"OK","") -> OK
A15: 6 | B15: AQUISIÇÃO E TRANSPORTE DE MATERIAL BETUMINOSO | C15: =SUM(D15:O15) -> 1 | I15: =1/6 -> 0.16666667 | J15: =1/6 -> 0.16666667 | K15: =1/6 -> 0.16666667 | L15: =1/6 -> 0.16666667 | M15: =1/6 -> 0.16666667 | N15: =1/6 -> 0.16666667
C16: =SUM('RESUMO MODULO TOTAL'!L29:L34) -> 0 | I16: =$C$16*I15 -> 0 | J16: =$C$16*J15 -> 0 | K16: =$C$16*K15 -> 0 | L16: =$C$16*L15 -> 0 | M16: =$C$16*M15 -> 0 | N16: =$C$16*N15 -> 0 | P16: =SUM(D16:O16) -> 0 | Q16: =IF(P16=C16,"OK","") -> OK
A17: 7 | B17: SINALIZAÇÃO | C17: =SUM(D17:O17) -> 1 | O17: 1
C18: =SUM('RESUMO MODULO TOTAL'!L36:L39) -> 0 | D18: =$C$18*D17 -> 0 | E18: =$C$18*E17 -> 0 | F18: =$C$18*F17 -> 0 | G18: =$C$18*G17 -> 0 | H18: =$C$18*H17 -> 0 | I18: =$C$18*I17 -> 0 | J18: =$C$18*J17 -> 0 | K18: =$C$18*K17 -> 0 | ... O18: =$C$18*O17 -> 0 | P18: =SUM(D18:O18) -> 0 | Q18: =IF(P18=C18,"OK","") -> OK
A19: 8 | B19: DRENAGEM | C19: =SUM(D19:O19) -> 1 | N19: 0.5 | O19: 0.5
C20: =SUM('RESUMO MODULO TOTAL'!L41:L43) -> 0 | D20: =$C$20*D19 -> 0 | E20: =$C$20*E19 -> 0 | F20: =$C$20*F19 -> 0 | G20: =$C$20*G19 -> 0 | H20: =$C$20*H19 -> 0 | I20: =$C$20*I19 -> 0 | J20: =$C$20*J19 -> 0 | K20: =$C$20*K19 -> 0 | ... O20: =$C$20*O19 -> 0 | P20: =SUM(D20:O20) -> 0 | Q20: =IF(P20=C20,"OK","") -> OK
A21: 9 | B21: SERVIÇOS COMPLEMENTARES | C21: =SUM(D21:O21) -> 1 | H21: 0.5 | I21: 0.5
C22: =SUM('RESUMO MODULO TOTAL'!L45) -> 0 | D22: =$C$22*D21 -> 0 | E22: =$C$22*E21 -> 0 | F22: =$C$22*F21 -> 0 | G22: =$C$22*G21 -> 0 | H22: =$C$22*H21 -> 0 | I22: =$C$22*I21 -> 0 | J22: =$C$22*J21 -> 0 | K22: =$C$22*K21 -> 0 | ... O22: =$C$22*O21 -> 0 | P22: =SUM(D22:O22) -> 0 | Q22: =IF(P22=C22,"OK","") -> OK
A23: 10 | B23: PROJETO EXECUTIVO | C23: =SUM(D23:O23) -> 1 | D23: 1
C24: ='RESUMO MODULO TOTAL'!L47 -> 0 | D24: =$C$24*D23 -> 0 | E24: =$C$24*E23 -> 0 | F24: =$C$24*F23 -> 0 | G24: =$C$24*G23 -> 0 | H24: =$C$24*H23 -> 0 | I24: =$C$24*I23 -> 0 | J24: =$C$24*J23 -> 0 | K24: =$C$24*K23 -> 0 | ... O24: =$C$24*O23 -> 0 | P24: =SUM(D24:O24) -> 0 | Q24: =IF(P24=C24,"OK","") -> OK
A25: 11 | B25: MOMENTO DE TRANSPORTE | C25: =SUM(D25:O25) -> 1 | F25: 0.1 | G25: 0.1 | H25: 0.1 | I25: 0.15 | J25: 0.1 | K25: 0.1 | L25: 0.1 | M25: 0.1 | N25: 0.1 | O25: 0.05
C26: =SUM('RESUMO MODULO TOTAL'!L49:L57) -> 0 | D26: =$C$26*D25 -> 0 | E26: =$C$26*E25 -> 0 | F26: =$C$26*F25 -> 0 | G26: =$C$26*G25 -> 0 | H26: =$C$26*H25 -> 0 | I26: =$C$26*I25 -> 0 | J26: =$C$26*J25 -> 0 | K26: =$C$26*K25 -> 0 | ... O26: =$C$26*O25 -> 0 | P26: =SUM(D26:O26) -> 0 | Q26: =IF(P26=C26,"OK","") -> OK
A28: Porcentagem | D28: =SUM(D6+D8+D10+D12+D14+D16+D18+D20+D22+D24+D26)/$O$33 -> #DIV/0! | E28: =SUM(E6+E8+E10+E12+E14+E16+E18+E20+E22+E24+E26)/$O$33 -> #DIV/0! | F28: =SUM(F6+F8+F10+F12+F14+F16+F18+F20+F22+F24+F26)/$O$33 -> #DIV/0! | G28: =SUM(G6+G8+G10+G12+G14+G16+G18+G20+G22+G24+G26)/$O$33 -> #DIV/0! | H28: =SUM(H6+H8+H10+H12+H14+H16+H18+H20+H22+H24+H26)/$O$33 -> #DIV/0! | I28: =SUM(I6+I8+I10+I12+I14+I16+I18+I20+I22+I24+I26)/$O$33 -> #DIV/0! | J28: =SUM(J6+J8+J10+J12+J14+J16+J18+J20+J22+J24+J26)/$O$33 -> #DIV/0! | K28: =SUM(K6+K8+K10+K12+K14+K16+K18+K20+K22+K24+K26)/$O$33 -> #DIV/0! | ... O28: =SUM(O6+O8+O10+O12+O14+O16+O18+O20+O22+O24+O26)/$O$33 -> #DIV/0!
A29: Custo | D29: =$O$33*D28 -> #DIV/0! | E29: =$O$33*E28 -> #DIV/0! | F29: =$O$33*F28 -> #DIV/0! | G29: =$O$33*G28 -> #DIV/0! | H29: =$O$33*H28 -> #DIV/0! | I29: =$O$33*I28 -> #DIV/0! | J29: =$O$33*J28 -> #DIV/0! | K29: =$O$33*K28 -> #DIV/0! | ... O29: =$O$33*O28 -> #DIV/0!
A30: Porcentagem Acumulado | D30: =D28 -> #DIV/0! | E30: =D30+E28 -> #DIV/0! | F30: =E30+F28 -> #DIV/0! | G30: =F30+G28 -> #DIV/0! | H30: =G30+H28 -> #DIV/0! | I30: =H30+I28 -> #DIV/0! | J30: =I30+J28 -> #DIV/0! | K30: =J30+K28 -> #DIV/0! | L30: =K30+L28 -> #DIV/0! | ... O30: =N30+O28 -> #DIV/0!
A31: Custo Acumulado | D31: =D29 -> #DIV/0! | E31: =D31+E29 -> #DIV/0! | F31: =E31+F29 -> #DIV/0! | G31: =F31+G29 -> #DIV/0! | H31: =G31+H29 -> #DIV/0! | I31: =H31+I29 -> #DIV/0! | J31: =I31+J29 -> #DIV/0! | K31: =J31+K29 -> #DIV/0! | L31: =K31+L29 -> #DIV/0! | ... O31: =N31+O29 -> #DIV/0!
D33: Total Geral | N33: R$ | O33: =C6+C8+C10+C12+C14+C16+C18+C20+C22+C24+C26 -> 0
O35: =O31-O33 -> #DIV/0!
O36: ='RESUMO MODULO TOTAL'!L58-O33 -> 0

Sheet CCU
A1: . | B1: . | C1: . | D1: . | E1: . | F1: . | G1: . | H1: . | I1: . | J1: Obs | M1: repetição | N1: https://www.gov.br/dnit/pt-br/assuntos/planejamento-e-pesquisa/custos-e-pagamentos/custos-e-pagamentos-dnit/sistemas-de-custos/sicro_antiga/centro-oeste/centro-oeste
A2: CGCIT | I2: DNIT | J2: Principal | K2: =IF(LEFT(A2,2)="E9",A2,"") | M2: 2003943-A | N2: Meio-fio de concreto - MFC 03 moldado no local com extrusora e concreto betoneira e lançamento manual - areia e brita comerciais
A3: SISTEMA DE CUSTOS REFERENCIAIS DE OBRAS - SICRO | D3: Goiás | J3: Principal | K3: =IF(LEFT(A3,2)="E9",A3,"") | M3: 2003943-A | N3: Meio-fio de concreto - MFC 03 moldado no local com extrusora e concreto betoneira e lançamento manual - areia e brita comerciais
A4: Custo Unitário de Referência | D4: Abril/2024 | G4: Produção da equipe | H4: 74.11 | I4: m | J4: Principal | K4: =IF(LEFT(A4,2)="E9",A4,"") | M4: 2003943-A | N4: Meio-fio de concreto - MFC 03 moldado no local com extrusora e concreto betoneira e lançamento manual - areia e brita comerciais
A5: 2003943-A | B5: Meio-fio de concreto - MFC 03 moldado no local com extrusora e concreto betoneira e lançamento manual - areia e brita comerciais | H5: Valores em reais (R$) | J5: Principal | K5: =IF(LEFT(A5,2)="E9",A5,"") | M5: 2003943-A | N5: Meio-fio de concreto - MFC 03 moldado no local com extrusora e concreto betoneira e lançamento manual - areia e brita comerciais
A6: A - EQUIPAMENTOS | C6: Quantidade | D6: Utilização | F6: Custo Horário | I6: Custo | J6: Principal | K6: =IF(LEFT(A6,2)="E9",A6,"") | M6: 2003943-A | N6: Meio-fio de concreto - MFC 03 moldado no local com extrusora e concreto betoneira e lançamento manual - areia e brita comerciais
D7: Operativa | E7: Improdutiva | F7: Produtivo | G7: Improdutivo | I7: Horário Total | J7: Principal | K7: =IF(LEFT(A7,2)="E9",A7,"") | M7: 2003943-A | N7: Meio-fio de concreto - MFC 03 moldado no local com extrusora e concreto betoneira e lançamento manual - areia e brita comerciais
A8: E9103 | B8: Extrusora para meio-fio de concreto - 10,44 kW | C8: 1 | D8: 1 | E8: 0 | J8: Principal | K8: =IF(LEFT(A8,2)="E9",A8,"") -> E9103 | L8: 1 | M8: 2003943-A | N8: Meio-fio de concreto - MFC 03 moldado no local com extrusora e concreto betoneira e lançamento manual - areia e brita comerciais
G9: Custo horário total de equipamentos | J9: Principal | K9: =IF(LEFT(A9,2)="E9",A9,"") | M9: 2003943-A | N9: Meio-fio de concreto - MFC 03 moldado no local com extrusora e concreto betoneira e lançamento manual - areia e brita comerciais
A10: B - MÃO DE OBRA | C10: Quantidade | D10: Unidade | F10: Custo Horário | G10: Custo Horário Total | J10: Principal | K10: =IF(LEFT(A10,2)="E9",A10,"") | M10: 2003943-A | N10: Meio-fio de concreto - MFC 03 moldado no local com extrusora e concreto betoneira e lançamento manual - areia e brita comerciais
A11: P9821 | B11: Pedreiro | C11: 1 | D11: h | J11: Principal | K11: =IF(LEFT(A11,2)="E9",A11,"") | M11: 2003943-A | N11: Meio-fio de concreto - MFC 03 moldado no local com extrusora e concreto betoneira e lançamento manual - areia e brita comerciais
A12: P9824 | B12: Servente | C12: 2 | D12: h | J12: Principal | K12: =IF(LEFT(A12,2)="E9",A12,"") | M12: 2003943-A | N12: Meio-fio de concreto - MFC 03 moldado no local com extrusora e concreto betoneira e lançamento manual - areia e brita comerciais
G13: Custo horário total de mão de obra | J13: Principal | K13: =IF(LEFT(A13,2)="E9",A13,"") | M13: 2003943-A | N13: Meio-fio de concreto - MFC 03 moldado no local com extrusora e concreto betoneira e lançamento manual - areia e brita comerciais
G14: Custo horário total de execução | J14: Principal | K14: =IF(LEFT(A14,2)="E9",A14,"") | M14: 2003943-A | N14: Meio-fio de concreto - MFC 03 moldado no local com extrusora e concreto betoneira e lançamento manual - areia e brita comerciais
G15: Custo unitário de execução | J15: Principal | K15: =IF(LEFT(A15,2)="E9",A15,"") | M15: 2003943-A | N15: Meio-fio de concreto - MFC 03 moldado no local com extrusora e concreto betoneira e lançamento manual - areia e brita comerciais
G16: Custo do FIC | J16: Principal | K16: =IF(LEFT(A16,2)="E9",A16,"") | M16: 2003943-A | N16: Meio-fio de concreto - MFC 03 moldado no local com extrusora e concreto betoneira e lançamento manual - areia e brita comerciais
G17: Custo do FIT | J17: Principal | K17: =IF(LEFT(A17,2)="E9",A17,"") | M17: 2003943-A | N17: Meio-fio de concreto - MFC 03 moldado no local com extrusora e concreto betoneira e lançamento manual - areia e brita comerciais
A18: C - MATERIAL | C18: Quantidade | D18: Unidade | F18: Preço Unitário | G18: Custo Unitário | J18: Principal | K18: =IF(LEFT(A18,2)="E9",A18,"") | M18: 2003943-A | N18: Meio-fio de concreto - MFC 03 moldado no local com extrusora e concreto betoneira e lançamento manual - areia e brita comerciais
G19: Custo unitário total de material | J19: Principal | K19: =IF(LEFT(A19,2)="E9",A19,"") | M19: 2003943-A | N19: Meio-fio de concreto - MFC 03 moldado no local com extrusora e concreto betoneira e lançamento manual - areia e brita comerciais
A20: D - ATIVIDADES AUXILIARES | C20: Quantidade | D20: Unidade | F20: Custo Unitário | G20: Custo Unitário | J20: Principal | K20: =IF(LEFT(A20,2)="E9",A20,"") | M20: 2003943-A | N20: Meio-fio de concreto - MFC 03 moldado no local com extrusora e concreto betoneira e lançamento manual - areia e brita comerciais
A21: 1107892 | B21: Concreto fck = 20 MPa - confecção em betoneira e lançamento manual - areia e brita comerciais | C21: 0.042 | D21: m³ | J21: Principal | K21: =IF(LEFT(A21,2)="E9",A21,"") | M21: 2003943-A | N21: Meio-fio de concreto - MFC 03 moldado no local com extrusora e concreto betoneira e lançamento manual - areia e brita comerciais
A22: 2003842 | B22: Enchimento de junta de concreto com argamassa asfáltica de densidade 1.700 kg/m³ - espessura de 1 cm | C22: 0.0595 | D22: kg | J22: Principal | K22: =IF(LEFT(A22,2)="E9",A22,"") | M22: 2003943-A | N22: Meio-fio de concreto - MFC 03 moldado no local com extrusora e concreto betoneira e lançamento manual - areia e brita comerciais
A23: 4805750 | B23: Escavação manual em material de 1ª categoria na profundidade de até 1 m | C23: 0.03 | D23: m³ | J23: Principal | K23: =IF(LEFT(A23,2)="E9",A23,"") | M23: 2003943-A | N23: Meio-fio de concreto - MFC 03 moldado no local com extrusora e concreto betoneira e lançamento manual - areia e brita comerciais
G24: Custo total de atividades auxiliares | J24: Principal | K24: =IF(LEFT(A24,2)="E9",A24,"") | M24: 2003943-A | N24: Meio-fio de concreto - MFC 03 moldado no local com extrusora e concreto betoneira e lançamento manual - areia e brita comerciais
G25: Subtotal | J25: Principal | K25: =IF(LEFT(A25,2)="E9",A25,"") | M25: 2003943-A | N25: Meio-fio de concreto - MFC 03 moldado no local com extrusora e concreto betoneira e lançamento manual - areia e brita comerciais
A26: E - TEMPO FIXO | C26: Código | D26: Quantidade | E26: Unidade | G26: Custo Unitário | H26: Custo Unitário | J26: Principal | K26: =IF(LEFT(A26,2)="E9",A26,"") | M26: 2003943-A | N26: Meio-fio de concreto - MFC 03 moldado no local com extrusora e concreto betoneira e lançamento manual - areia e brita comerciais
G27: Custo unitário total de tempo fixo | J27: Principal | K27: =IF(LEFT(A27,2)="E9",A27,"") | M27: 2003943-A | N27: Meio-fio de concreto - MFC 03 moldado no local com extrusora e concreto betoneira e lançamento manual - areia e brita comerciais
A28: F - MOMENTO DE TRANSPORTE | C28: Quantidade | D28: Unidade | E28: DMT | I28: Custo Unitário | J28: Principal | K28: =IF(LEFT(A28,2)="E9",A28,"") | M28: 2003943-A | N28: Meio-fio de concreto - MFC 03 moldado no local com extrusora e concreto betoneira e lançamento manual - areia e brita comerciais
E29: LN | F29: RP | G29: P | J29: Principal | K29: =IF(LEFT(A29,2)="E9",A29,"") | M29: 2003943-A | N29: Meio-fio de concreto - MFC 03 moldado no local com extrusora e concreto betoneira e lançamento manual - areia e brita comerciais
G30: Custo unitário total de transporte | J30: Principal | K30: =IF(LEFT(A30,2)="E9",A30,"") | M30: 2003943-A | N30: Meio-fio de concreto - MFC 03 moldado no local com extrusora e concreto betoneira e lançamento manual - areia e brita comerciais
E31: Custo unitário direto total | J31: Principal | K31: =IF(LEFT(A31,2)="E9",A31,"") | M31: 2003943-A | N31: Meio-fio de concreto - MFC 03 moldado no local com extrusora e concreto betoneira e lançamento manual - areia e brita comerciais
A32: CGCIT | I32: DNIT | J32: Principal | K32: =IF(LEFT(A32,2)="E9",A32,"") | M32: 2003947-A | N32: Meio-fio de concreto - MFC 05 moldado no local com extrusora e concreto betoneira e lançamento manual - areia e brita comerciais
A33: SISTEMA DE CUSTOS REFERENCIAIS DE OBRAS - SICRO | D33: Goiás | J33: Principal | K33: =IF(LEFT(A33,2)="E9",A33,"") | M33: 2003947-A | N33: Meio-fio de concreto - MFC 05 moldado no local com extrusora e concreto betoneira e lançamento manual - areia e brita comerciais
A34: Custo Unitário de Referência | D34: Abril/2024 | G34: Produção da equipe | H34: 93.19 | I34: m | J34: Principal | K34: =IF(LEFT(A34,2)="E9",A34,"") | M34: 2003947-A | N34: Meio-fio de concreto - MFC 05 moldado no local com extrusora e concreto betoneira e lançamento manual - areia e brita comerciais
A35: 2003947 | B35: Meio-fio de concreto - MFC 05 moldado no local com extrusora e concreto betoneira e lançamento manual - areia e brita comerciais | H35: Valores em reais (R$) | J35: Principal | K35: =IF(LEFT(A35,2)="E9",A35,"") | M35: 2003947-A | N35: Meio-fio de concreto - MFC 05 moldado no local com extrusora e concreto betoneira e lançamento manual - areia e brita comerciais
A36: A - EQUIPAMENTOS | C36: Quantidade | D36: Utilização | F36: Custo Horário | I36: Custo | J36: Principal | K36: =IF(LEFT(A36,2)="E9",A36,"") | M36: 2003947-A | N36: Meio-fio de concreto - MFC 05 moldado no local com extrusora e concreto betoneira e lançamento manual - areia e brita comerciais
D37: Operativa | E37: Improdutiva | F37: Produtivo | G37: Improdutivo | I37: Horário Total | J37: Principal | K37: =IF(LEFT(A37,2)="E9",A37,"") | M37: 2003947-A | N37: Meio-fio de concreto - MFC 05 moldado no local com extrusora e concreto betoneira e lançamento manual - areia e brita comerciais
A38: E9103 | B38: Extrusora para meio-fio de concreto - 10,44 kW | C38: 1 | D38: 1 | E38: 0 | J38: Principal | K38: =IF(LEFT(A38,2)="E9",A38,"") -> E9103 | M38: 2003947-A | N38: Meio-fio de concreto - MFC 05 moldado no local com extrusora e concreto betoneira e lançamento manual - areia e brita comerciais
G39: Custo horário total de equipamentos | J39: Principal | K39: =IF(LEFT(A39,2)="E9",A39,"") | M39: 2003947-A | N39: Meio-fio de concreto - MFC 05 moldado no local com extrusora e concreto betoneira e lançamento manual - areia e brita comerciais
A40: B - MÃO DE OBRA | C40: Quantidade | D40: Unidade | F40: Custo Horário | G40: Custo Horário Total | J40: Principal | K40: =IF(LEFT(A40,2)="E9",A40,"") | M40: 2003947-A | N40: Meio-fio de concreto - MFC 05 moldado no local com extrusora e concreto betoneira e lançamento manual - areia e brita comerciais
A41: P9821 | B41: Pedreiro | C41: 1 | D41: h | F41: 27.0709 | J41: Principal | K41: =IF(LEFT(A41,2)="E9",A41,"") | M41: 2003947-A | N41: Meio-fio de concreto - MFC 05 moldado no local com extrusora e concreto betoneira e lançamento manual - areia e brita comerciais
A42: P9824 | B42: Servente | C42: 2 | D42: h | F42: 20.4898 | J42: Principal | K42: =IF(LEFT(A42,2)="E9",A42,"") | M42: 2003947-A | N42: Meio-fio de concreto - MFC 05 moldado no local com extrusora e concreto betoneira e lançamento manual - areia e brita comerciais
G43: Custo horário total de mão de obra | J43: Principal | K43: =IF(LEFT(A43,2)="E9",A43,"") | M43: 2003947-A | N43: Meio-fio de concreto - MFC 05 moldado no local com extrusora e concreto betoneira e lançamento manual - areia e brita comerciais
G44: Custo horário total de execução | J44: Principal | K44: =IF(LEFT(A44,2)="E9",A44,"") | M44: 2003947-A | N44: Meio-fio de concreto - MFC 05 moldado no local com extrusora e concreto betoneira e lançamento manual - areia e brita comerciais
G45: Custo unitário de execução | J45: Principal | K45: =IF(LEFT(A45,2)="E9",A45,"") | M45: 2003947-A | N45: Meio-fio de concreto - MFC 05 moldado no local com extrusora e concreto betoneira e lançamento manual - areia e brita comerciais
G46: Custo do FIC | J46: Principal | K46: =IF(LEFT(A46,2)="E9",A46,"") | M46: 2003947-A | N46: Meio-fio de concreto - MFC 05 moldado no local com extrusora e concreto betoneira e lançamento manual - areia e brita comerciais
G47: Custo do FIT | J47: Principal | K47: =IF(LEFT(A47,2)="E9",A47,"") | M47: 2003947-A | N47: Meio-fio de concreto - MFC 05 moldado no local com extrusora e concreto betoneira e lançamento manual - areia e brita comerciais
A48: C - MATERIAL | C48: Quantidade | D48: Unidade | F48: Preço Unitário | G48: Custo Unitário | J48: Principal | K48: =IF(LEFT(A48,2)="E9",A48,"") | M48: 2003947-A | N48: Meio-fio de concreto - MFC 05 moldado no local com extrusora e concreto betoneira e lançamento manual - areia e brita comerciais
G49: Custo unitário total de material | J49: Principal | K49: =IF(LEFT(A49,2)="E9",A49,"") | M49: 2003947-A | N49: Meio-fio de concreto - MFC 05 moldado no local com extrusora e concreto betoneira e lançamento manual - areia e brita comerciais
A50: D - ATIVIDADES AUXILIARES | C50: Quantidade | D50: Unidade | F50: Custo Unitário | G50: Custo Unitário | J50: Principal | K50: =IF(LEFT(A50,2)="E9",A50,"") | M50: 2003947-A | N50: Meio-fio de concreto - MFC 05 moldado no local com extrusora e concreto betoneira e lançamento manual - areia e brita comerciais
A51: 1107892 | B51: Concreto fck = 20 MPa - confecção em betoneira e lançamento manual - areia e brita comerciais | C51: 0.0334 | D51: m³ | F51: 473.6 | J51: Principal | K51: =IF(LEFT(A51,2)="E9",A51,"") | M51: 2003947-A | N51: Meio-fio de concreto - MFC 05 moldado no local com extrusora e concreto betoneira e lançamento manual - areia e brita comerciais
A52: 2003842 | B52: Enchimento de junta de concreto com argamassa asfáltica de densidade 1.700 kg/m³ - espessura de 1 cm | C52: 0.0473 | D52: kg | F52: 66.75 | J52: Principal | K52: =IF(LEFT(A52,2)="E9",A52,"") | M52: 2003947-A | N52: Meio-fio de concreto - MFC 05 moldado no local com extrusora e concreto betoneira e lançamento manual - areia e brita comerciais
A53: 4805750 | B53: Escavação manual em material de 1ª categoria na profundidade de até 1 m | C53: 0.018 | D53: m³ | F53: 42.1 | J53: Principal | K53: =IF(LEFT(A53,2)="E9",A53,"") | M53: 2003947-A | N53: Meio-fio de concreto - MFC 05 moldado no local com extrusora e concreto betoneira e lançamento manual - areia e brita comerciais
G54: Custo total de atividades auxiliares | J54: Principal | K54: =IF(LEFT(A54,2)="E9",A54,"") | M54: 2003947-A | N54: Meio-fio de concreto - MFC 05 moldado no local com extrusora e concreto betoneira e lançamento manual - areia e brita comerciais
G55: Subtotal | J55: Principal | K55: =IF(LEFT(A55,2)="E9",A55,"") | M55: 2003947-A | N55: Meio-fio de concreto - MFC 05 moldado no local com extrusora e concreto betoneira e lançamento manual - areia e brita comerciais
A56: E - TEMPO FIXO | C56: Código | D56: Quantidade | E56: Unidade | G56: Custo Unitário | H56: Custo Unitário | J56: Principal | K56: =IF(LEFT(A56,2)="E9",A56,"") | M56: 2003947-A | N56: Meio-fio de concreto - MFC 05 moldado no local com extrusora e concreto betoneira e lançamento manual - areia e brita comerciais
G57: Custo unitário total de tempo fixo | J57: Principal | K57: =IF(LEFT(A57,2)="E9",A57,"") | M57: 2003947-A | N57: Meio-fio de concreto - MFC 05 moldado no local com extrusora e concreto betoneira e lançamento manual - areia e brita comerciais
A58: F - MOMENTO DE TRANSPORTE | C58: Quantidade | D58: Unidade | E58: DMT | I58: Custo Unitário | J58: Principal | K58: =IF(LEFT(A58,2)="E9",A58,"") | M58: 2003947-A | N58: Meio-fio de concreto - MFC 05 moldado no local com extrusora e concreto betoneira e lançamento manual - areia e brita comerciais
E59: LN | F59: RP | G59: P | J59: Principal | K59: =IF(LEFT(A59,2)="E9",A59,"") | M59: 2003947-A | N59: Meio-fio de concreto - MFC 05 moldado no local com extrusora e concreto betoneira e lançamento manual - areia e brita comerciais
G60: Custo unitário total de transporte | J60: Principal | K60: =IF(LEFT(A60,2)="E9",A60,"") | M60: 2003947-A | N60: Meio-fio de concreto - MFC 05 moldado no local com extrusora e concreto betoneira e lançamento manual - areia e brita comerciais
E61: Custo unitário direto total | J61: Principal | K61: =IF(LEFT(A61,2)="E9",A61,"") | M61: 2003947-A | N61: Meio-fio de concreto - MFC 05 moldado no local com extrusora e concreto betoneira e lançamento manual - areia e brita comerciais
A62: CGCIT | I62: DNIT | J62: Principal | K62: =IF(LEFT(A62,2)="E9",A62,"") | M62: 4011209 | N62: Regularização do subleito
A63: SISTEMA DE CUSTOS REFERENCIAIS DE OBRAS - SICRO | D63: Goiás | G63: FIC | H63: 0.02725 | J63: Principal | K63: =IF(LEFT(A63,2)="E9",A63,"") | M63: 4011209 | N63: Regularização do subleito
A64: Custo Unitário de Referência | D64: Abril/2024 | G64: Produção da equipe | H64: 1121.33 | I64: m² | J64: Principal | K64: =IF(LEFT(A64,2)="E9",A64,"") | M64: 4011209 | N64: Regularização do subleito
A65: 4011209 | B65: Regularização do subleito | H65: Valores em reais (R$) | J65: Principal | K65: =IF(LEFT(A65,2)="E9",A65,"") | M65: 4011209 | N65: Regularização do subleito
A66: A - EQUIPAMENTOS | C66: Quantidade | D66: Utilização | F66: Custo Horário | I66: Custo | J66: Principal | K66: =IF(LEFT(A66,2)="E9",A66,"") | M66: 4011209 | N66: Regularização do subleito
D67: Operativa | E67: Improdutiva | F67: Produtivo | G67: Improdutivo | I67: Horário Total | J67: Principal | K67: =IF(LEFT(A67,2)="E9",A67,"") | M67: 4011209 | N67: Regularização do subleito
A68: E9571 | B68: Caminhão tanque com capacidade de 10.000 l - 188 kW | C68: 2 | D68: 0.51 | E68: 0.49 | J68: Principal | K68: =IF(LEFT(A68,2)="E9",A68,"") -> E9571 | L68: 2 | M68: 4011209 | N68: Regularização do subleito
A69: E9518 | B69: Grade de 24 discos rebocável de D = 60 cm (24") | C69: 1 | D69: 0.69 | E69: 0.31 | J69: Principal | K69: =IF(LEFT(A69,2)="E9",A69,"") -> E9518 | L69: 1 | M69: 4011209 | N69: Regularização do subleito
A70: E9524 | B70: Motoniveladora - 93 kW | C70: 1 | D70: 0.71 | E70: 0.29 | J70: Principal | K70: =IF(LEFT(A70,2)="E9",A70,"") -> E9524 | L70: 1 | M70: 4011209 | N70: Regularização do subleito
A71: E9762 | B71: Rolo compactador de pneus autopropelido de 27 t - 85 kW | C71: 1 | D71: 0.96 | E71: 0.04 | J71: Principal | K71: =IF(LEFT(A71,2)="E9",A71,"") -> E9762 | L71: 1 | M71: 4011209 | N71: Regularização do subleito
A72: E9685 | B72: Rolo compactador pé de carneiro vibratório autopropelido por pneus de 11,6 t - 82 kW | C72: 1 | D72: 1 | E72: 0 | J72: Principal | K72: =IF(LEFT(A72,2)="E9",A72,"") -> E9685 | L72: 1 | M72: 4011209 | N72: Regularização do subleito
A73: E9577 | B73: Trator agrícola sobre pneus - 77 kW | C73: 1 | D73: 0.69 | E73: 0.31 | J73: Principal | K73: =IF(LEFT(A73,2)="E9",A73,"") -> E9577 | L73: 1 | M73: 4011209 | N73: Regularização do subleito
G74: Custo horário total de equipamentos | J74: Principal | K74: =IF(LEFT(A74,2)="E9",A74,"") | M74: 4011209 | N74: Regularização do subleito
A75: B - MÃO DE OBRA | C75: Quantidade | D75: Unidade | F75: Custo Horário | G75: Custo Horário Total | J75: Principal | K75: =IF(LEFT(A75,2)="E9",A75,"") | M75: 4011209 | N75: Regularização do subleito
A76: P9824 | B76: Servente | C76: 1 | D76: h | J76: Principal | K76: =IF(LEFT(A76,2)="E9",A76,"") | M76: 4011209 | N76: Regularização do subleito
G77: Custo horário total de mão de obra | J77: Principal | K77: =IF(LEFT(A77,2)="E9",A77,"") | M77: 4011209 | N77: Regularização do subleito
G78: Custo horário total de execução | J78: Principal | K78: =IF(LEFT(A78,2)="E9",A78,"") | M78: 4011209 | N78: Regularização do subleito
G79: Custo unitário de execução | J79: Principal | K79: =IF(LEFT(A79,2)="E9",A79,"") | M79: 4011209 | N79: Regularização do subleito
G80: Custo do FIC | J80: Principal | K80: =IF(LEFT(A80,2)="E9",A80,"") | M80: 4011209 | N80: Regularização do subleito
G81: Custo do FIT | J81: Principal | K81: =IF(LEFT(A81,2)="E9",A81,"") | M81: 4011209 | N81: Regularização do subleito
A82: C - MATERIAL | C82: Quantidade | D82: Unidade | F82: Preço Unitário | G82: Custo Unitário | J82: Principal | K82: =IF(LEFT(A82,2)="E9",A82,"") | M82: 4011209 | N82: Regularização do subleito
G83: Custo unitário total de material | J83: Principal | K83: =IF(LEFT(A83,2)="E9",A83,"") | M83: 4011209 | N83: Regularização do subleito
A84: D - ATIVIDADES AUXILIARES | C84: Quantidade | D84: Unidade | F84: Custo Unitário | G84: Custo Unitário | J84: Principal | K84: =IF(LEFT(A84,2)="E9",A84,"") | M84: 4011209 | N84: Regularização do subleito
G85: Custo total de atividades auxiliares | J85: Principal | K85: =IF(LEFT(A85,2)="E9",A85,"") | M85: 4011209 | N85: Regularização do subleito
G86: Subtotal | J86: Principal | K86: =IF(LEFT(A86,2)="E9",A86,"") | M86: 4011209 | N86: Regularização do subleito
A87: E - TEMPO FIXO | C87: Código | D87: Quantidade | E87: Unidade | G87: Custo Unitário | H87: Custo Unitário | J87: Principal | K87: =IF(LEFT(A87,2)="E9",A87,"") | M87: 4011209 | N87: Regularização do subleito
G88: Custo unitário total de tempo fixo | J88: Principal | K88: =IF(LEFT(A88,2)="E9",A88,"") | M88: 4011209 | N88: Regularização do subleito
A89: F - MOMENTO DE TRANSPORTE | C89: Quantidade | D89: Unidade | E89: DMT | I89: Custo Unitário | J89: Principal | K89: =IF(LEFT(A89,2)="E9",A89,"") | M89: 4011209 | N89: Regularização do subleito
E90: LN | F90: RP | G90: P | J90: Principal | K90: =IF(LEFT(A90,2)="E9",A90,"") | M90: 4011209 | N90: Regularização do subleito
G91: Custo unitário total de transporte | J91: Principal | K91: =IF(LEFT(A91,2)="E9",A91,"") | M91: 4011209 | N91: Regularização do subleito
E92: Custo unitário direto total | J92: Principal | K92: =IF(LEFT(A92,2)="E9",A92,"") | M92: 4011209 | N92: Regularização do subleito
A93: CGCIT | I93: DNIT | J93: Principal | K93: =IF(LEFT(A93,2)="E9",A93,"") | M93: 4011233 | N93: Sub-base estabilizada granulometricamente com mistura solo brita (70% - 30%) na pista com material de jazida e brita comercial
A94: SISTEMA DE CUSTOS REFERENCIAIS DE OBRAS - SICRO | D94: Goiás | G94: FIC | H94: 0.02725 | J94: Principal | K94: =IF(LEFT(A94,2)="E9",A94,"") | M94: 4011233 | N94: Sub-base estabilizada granulometricamente com mistura solo brita (70% - 30%) na pista com material de jazida e brita comercial
A95: Custo Unitário de Referência | D95: Abril/2024 | G95: Produção da equipe | H95: 150.88 | I95: m³ | J95: Principal | K95: =IF(LEFT(A95,2)="E9",A95,"") | M95: 4011233 | N95: Sub-base estabilizada granulometricamente com mistura solo brita (70% - 30%) na pista com material de jazida e brita comercial
A96: 4011233 | B96: Sub-base estabilizada granulometricamente com mistura solo brita (70% - 30%) na pista com material de jazida e brita comercial | H96: Valores em reais (R$) | J96: Principal | K96: =IF(LEFT(A96,2)="E9",A96,"") | M96: 4011233 | N96: Sub-base estabilizada granulometricamente com mistura solo brita (70% - 30%) na pista com material de jazida e brita comercial
A97: A - EQUIPAMENTOS | C97: Quantidade | D97: Utilização | F97: Custo Horário | I97: Custo | J97: Principal | K97: =IF(LEFT(A97,2)="E9",A97,"") | M97: 4011233 | N97: Sub-base estabilizada granulometricamente com mistura solo brita (70% - 30%) na pista com material de jazida e brita comercial
D98: Operativa | E98: Improdutiva | F98: Produtivo | G98: Improdutivo | I98: Horário Total | J98: Principal | K98: =IF(LEFT(A98,2)="E9",A98,"") | M98: 4011233 | N98: Sub-base estabilizada granulometricamente com mistura solo brita (70% - 30%) na pista com material de jazida e brita comercial
A99: E9571 | B99: Caminhão tanque com capacidade de 10.000 l - 188 kW | C99: 1 | D99: 0.83 | E99: 0.17 | J99: Principal | K99: =IF(LEFT(A99,2)="E9",A99,"") -> E9571 | M99: 4011233 | N99: Sub-base estabilizada granulometricamente com mistura solo brita (70% - 30%) na pista com material de jazida e brita comercial
A100: E9518 | B100: Grade de 24 discos rebocável de D = 60 cm (24") | C100: 1 | D100: 0.62 | E100: 0.38 | J100: Principal | K100: =IF(LEFT(A100,2)="E9",A100,"") -> E9518 | M100: 4011233 | N100: Sub-base estabilizada granulometricamente com mistura solo brita (70% - 30%) na pista com material de jazida e brita comercial
...

Sheet Mob
A4: ='RESUMO MODULO TOTAL'!$C$5 -> Contratação de serviços de pavimentação asfáltica com concreto betuminoso usinado a quente (CBUQ) em vias urbanas e rurais inseridas na área de atuação da Codevasf, no estado de Goiás
A5: MOBILIZAÇÃO/DESMOBILIZAÇÃO (MOB) | F5: Frentes de serviços | H5: 10
F6: Distância da Capital ao Canteiro: | I6: Inserir a distância adequada de acordo com o histórico de mobilização
F7: Velocidade média de transporte (pavim.): | H7: 60
A8: Transporte dos equipamentos
A9: CODIGO | B9: EQUIPAMENTO | C9: VEÍCULO TRANSPORTADOR | D9: QTDE | E9: K | F9: FU | G9: CUSTO DO TRANSPORTE
G10: (R$/h) | H10: (R$)/km
A12: E9559 | B12: Aquecedor de fluido térmico - 12 kW | C12: Veículo(s) da própria frota. | D12: 1 | E12: 2 | F12: 0 | G12: 0 | H12: =((D12*E12*F12)/$H$7)*G12 -> 0
A13: E9010 | B13: Balança plataforma digital à bateria, com mesa de 75 x 75 cm e capacidade de 500 kg | C13: Veículo(s) da própria frota. | D13: 1 | E13: 2 | F13: 0 | G13: 0 | H13: =((D13*E13*F13)/$H$7)*G13 -> 0
A14: E9519 | B14: Betoneira com motor a gasolina com capacidade de 600 l - 10 kW | C14: Veículo(s) da própria frota. | D14: 1 | E14: 2 | F14: 0 | G14: 0 | H14: =((D14*E14*F14)/$H$7)*G14 -> 0
A15: E9256 | B15: Equipamento para pintura com cal rebocável com dois bicos aplicadores e capacidade de 2.200 l | C15: Veículo(s) da própria frota. | D15: 1 | E15: 2 | F15: 0 | G15: 0 | H15: =((D15*E15*F15)/$H$7)*G15 -> 0
A16: E9103 | B16: Extrusora para meio-fio de concreto - 10,44 kW | C16: Veículo(s) da própria frota. | D16: 1 | E16: 2 | F16: 0 | G16: 0 | H16: =((D16*E16*F16)/$H$7)*G16 -> 0
A17: E9568 | B17: Furadeira de impacto de 12,5 mm - 0,80 kW | C17: Veículo(s) da própria frota. | D17: 1 | E17: 2 | F17: 0 | G17: 0 | H17: =((D17*E17*F17)/$H$7)*G17 -> 0
A18: E9518 | B18: Grade de 24 discos rebocável de D = 60 cm (24") | C18: Veículo(s) da própria frota. | D18: 1 | E18: 2 | F18: 0 | G18: 0 | H18: =((D18*E18*F18)/$H$7)*G18 -> 0
A19: E9753 | B19: Grupo gerador - 23 kVA | C19: Veículo(s) da própria frota. | D19: 1 | E19: 2 | F19: 0 | G19: 0 | H19: =((D19*E19*F19)/$H$7)*G19 -> 0
A20: E9623 | B20: Máquina de bancada guilhotina - 4,00 kW | C20: Veículo(s) da própria frota. | D20: 1 | E20: 2 | F20: 0 | G20: 0 | H20: =((D20*E20*F20)/$H$7)*G20 -> 0
A21: E9622 | B21: Máquina de bancada universal para corte de chapa - 1,50 kW | C21: Veículo(s) da própria frota. | D21: 1 | E21: 2 | F21: 0 | G21: 0 | H21: =((D21*E21*F21)/$H$7)*G21 -> 0
A22: E9156 | B22: Soprador de ar costal - 2,6 kW | C22: Veículo(s) da própria frota. | D22: 1 | E22: 2 | F22: 0 | G22: 0 | H22: =((D22*E22*F22)/$H$7)*G22 -> 0
A23: E9071 | B23: Transportador manual carrinho de mão com capacidade de 80 l | C23: Veículo(s) da própria frota. | D23: 4 | E23: 2 | F23: 0 | G23: 0 | H23: =((D23*E23*F23)/$H$7)*G23 -> 0
A24: E9064 | B24: Transportador manual gerica com capacidade de 180 l | C24: Veículo(s) da própria frota. | D24: 3 | E24: 2 | F24: 0 | G24: 0 | H24: =((D24*E24*F24)/$H$7)*G24 -> 0
A25: E9687 | B25: Caminhão carroceria com capacidade de 5 t - 115 kW | C25: E9687 | D25: 1 | E25: 1 | F25: 1 | H25: =((D25*E25*F25)/$H$7)*G25 -> 0
A26: E9667 | B26: Caminhão basculante com capacidade de 14 m³ - 210 kW | C26: E9667 | D26: 5 | E26: 1 | F26: 1 | H26: =((D26*E26*F26)/$H$7)*G26 -> 0
A27: E9515 | B27: Escavadeira hidráulica sobre esteiras com caçamba com capacidade de 1,56 m³ - 118 kW | C27: E9666 | D27: 1 | E27: 2 | F27: 1 | H27: =((D27*E27*F27)/$H$7)*G27 -> 0
A28: E9762 | B28: Rolo compactador de pneus autopropelido de 27 t - 85 kW | C28: E9666 | D28: 1 | E28: 2 | F28: 0.5 | H28: =((D28*E28*F28)/$H$7)*G28 -> 0
A29: E9681 | B29: Rolo compactador liso tandem vibratório autopropelido de 10,4 t - 82 kW | C29: E9666 | D29: 1 | E29: 2 | F29: 0.5 | H29: =((D29*E29*F29)/$H$7)*G29 -> 0
A30: E9685 | B30: Rolo compactador pé de carneiro vibratório autopropelido por pneus de 11,6 t - 82 kW | C30: E9666 | D30: 1 | E30: 2 | F30: 0.5 | H30: =((D30*E30*F30)/$H$7)*G30 -> 0
A31: E9689 | B31: Usina de asfalto a quente gravimétrica com capacidade de 100/140 t/h - 260 kW | C31: E9666 | D31: 1 | E31: 2 | F31: 3 | H31: =((D31*E31*F31)/$H$7)*G31 -> 0
A32: E9584 | B32: Carregadeira de pneus com capacidade de 1,72 m³ - 113 kW | C32: E9665 | D32: 1 | E32: 2 | F32: 1 | H32: =((D32*E32*F32)/$H$7)*G32 -> 0
A33: E9076 | B33: Equipamento para pintura eletrostática com cabine dupla de 7,00 kW e estufa de 80.000 kCal | C33: E9665 | D33: 1 | E33: 2 | F33: 1 | H33: =((D33*E33*F33)/$H$7)*G33 -> 0
A34: E9524 | B34: Motoniveladora - 93 kW | C34: E9665 | D34: 1 | E34: 2 | F34: 1 | H34: =((D34*E34*F34)/$H$7)*G34 -> 0
A35: E9558 | B35: Tanque de estocagem de asfalto com capacidade de 30.000 l | C35: E9665 | D35: 2 | E35: 2 | F35: 1 | H35: =((D35*E35*F35)/$H$7)*G35 -> 0
A36: E9577 | B36: Trator agrícola sobre pneus - 77 kW | C36: E9665 | D36: 1 | E36: 2 | F36: 0.5 | H36: =((D36*E36*F36)/$H$7)*G36 -> 0
... A45: E9545 | B45: Vibroacabadora de asfalto sobre esteiras - 82 kW | C45: E9018 | D45: 1 | E45: 2 | F45: 0.5 | H45: =((D45*E45*F45)/$H$7)*G45 -> 0
B46: TOTAL | D46: =SUM(D12:D45) -> 45 | H46: =SUM(H12:H45) -> 0
A49: CUSTO TOTAL MOBILIZAÇÃO E DESMOBILIZAÇÃO
A50: DESCRIÇÃO | B50: VALOR
A51: Custo Mobilização (km) | B51: =H46 -> 0
A52: BDI (%) | B52: =BDI!C17/100 -> 0
A53: Custo Mobilização (R$/km) com BDI | B53: =B51+(B51*B52) -> 0
A54: Total de Frentes | B54: 10
A55: Custo Mobilização (frentes x distancia) | B55: =B53*H6*B54 -> 0

Sheet  Canteiro
A4: CANTEIRO DE OBRAS PARA CONSTRUÇAO RODOVIÁRIA
A5: Descrição dos serviços | B5: Tipo de container | C5: Unidade | D5: Quantidade | E5: Preço unitário (R$) | F5: Total (R$)
A6: Escritório e seção técnica
A7: LOCACAO DE CONTAINER 2,30 X 6,00 M, ALT. 2,50 M, PARA ESCRITORIO, SEM DIVISORIAS INTERNAS E SEM SANITARIO (NAO INCLUI MOBILIZACAO/DESMOBILIZACAO) | B7: 10776 | C7: und | D7: 1 | F7: =TRUNC(D7*E7,2) -> 0
A8: Banheiro e vestiário
A9: LOCACAO DE CONTAINER 2,30 X 4,30 M, ALT. 2,50 M, PARA SANITARIO, COM 3 BACIAS, 4 CHUVEIROS, 1 LAVATORIO E 1 MICTORIO (NAO INCLUI MOBILIZACAO/DESMOBILIZACAO) | B9: 10777 | C9: und | D9: 1 | F9: =TRUNC(D9*E9,2) -> 0
D10: TOTAL DO CANTEIRO | F10: =SUM(F7:F9) -> 0
D11: DURAÇÃO (MESES) | E11: 12 | F11: =F10*E11 -> 0
D12: BDI | F12: =BDI!C17/100 -> 0
D13: TOTAL DO CANTEIRO (com BDI) | F13: =F11+(F11*F12) -> 0

Sheet CPU CODEVASF
A4: ='RESUMO MODULO TOTAL'!$C$5 -> Contratação de serviços de pavimentação asfáltica com concreto betuminoso usinado a quente (CBUQ) em vias urbanas e rurais inseridas na área de atuação da Codevasf, no estado de Goiás
F5: BDI %: | G5: =BDI!$C$17/100 -> 0
E6: Encargos Sociais: | G6: Horista | H6: Mensalista
G7: ='ENC. SOCIAIS'!F51/100 -> 1.0884 | H7: ='ENC. SOCIAIS'!G51/100 -> 0.6724
A8: COMPOSIÇÕES DE CUSTO UNITARIO
A10: CPU-12 | B10: CODEVASF | D10: Correção de vazamentos no ramal na rua sem pavimento com fornecimento do material hidráulico | E10: M | F10: COEF. | G10: PRECO UNITÁRIO (R$) | H10: TOTAL (R$)
A12: SICRO | B12: SICRO | C12: P9824 | D12: Servente | E12: H | F12: 0.2 | H12: =F12*G12 -> 0
A13: SICRO | B13: SICRO | C13: P9807 | D13: Bombeiro hidráulico | E13: H | F13: 0.1 | H13: =F13*G13 -> 0
A14: INS. SINAPI | B14: SINAPI | C14: 9867 | D14: Tubo pvc, soldavel, dn 20 mm, agua fria (NBR-5648) | E14: m | F14: 1 | H14: =F14*G14 -> 0
A15: INSUMO | B15: ORSE | C15: 10585 | D15: Arco de serra | E15: un | F15: 0.1 | H15: =F15*G15 -> 0
A16: INS. SINAPI | B16: SINAPI | C16: 3859 | D16: Luva soldavel com rosca, pvc, 20 mm x 1/2", para agua fria predial | E16: un | F16: 2 | H16: =F16*G16 -> 0
E17: Sub total: | H17: =SUM(H12:H16) -> 0
F18: BDI | G18: =BDI!$C$17/100 -> 0 | H18: =H17*G18 -> 0
G19: Total Serviços: | H19: =H17+H18 -> 0
E20: =A10 -> CPU-12 | F20: PREÇO UNITÁRIO TOTAL: | H20: =H19 -> 0 | I20: =H17 -> 0
A22: CPU-13 | B22: CODEVASF | D22: AQUISIÇÃO DE CIMENTO ASFALTICO CAP 50/70 | E22: t | F22: COEF. | G22: PRECO UNITÁRIO (R$) | H22: TOTAL (R$)
D24: CIMENTO ASFALTICO 50/70 | E24: t | F24: 1 | G24: =Resumo_Transp!$V$17 -> #VALUE! | H24: =F24*G24 -> #VALUE!
E25: Sub total: | H25: =SUM(H24) -> #VALUE!
F26: BDI | G26: 0.15 | H26: =H25*G26 -> #VALUE!
G27: Total Serviços: | H27: =H25+H26 -> #VALUE!
E28: =A22 -> CPU-13 | F28: PREÇO UNITÁRIO TOTAL: | H28: =H27 -> #VALUE! | I28: =H25 -> #VALUE!
A30: CPU-14 | B30: CODEVASF | D30: AQUISIÇÃO DE EAI | E30: t | F30: COEF. | G30: PRECO UNITÁRIO (R$) | H30: TOTAL (R$)
D32: EAI | E32: t | F32: 1 | G32: =Resumo_Transp!$V$35 -> #VALUE! | H32: =F32*G32 -> #VALUE!
E33: Sub total: | H33: =SUM(H32) -> #VALUE!
F34: BDI | G34: 0.15 | H34: =H33*G34 -> #VALUE!
G35: Total Serviços: | H35: =H33+H34 -> #VALUE!
E36: =A30 -> CPU-14 | F36: PREÇO UNITÁRIO TOTAL: | H36: =H35 -> #VALUE! | I36: =H33 -> #VALUE!
A38: CPU-15 | B38: CODEVASF | D38: AQUISIÇÃO DE EMULSÃO ASFÁLTICA RR-1C | E38: t | F38: COEF. | G38: PRECO UNITÁRIO (R$) | H38: TOTAL (R$)
D40: EMULSÃO ASFÁLTICA RR-1C | E40: t | F40: 1 | G40: =Resumo_Transp!$V$40 -> #VALUE! | H40: =F40*G40 -> #VALUE!
E41: Sub total: | H41: =SUM(H40) -> #VALUE!
F42: BDI | G42: 0.15 | H42: =ROUND(H41,2)*ROUND(G42,4) -> #VALUE!
G43: Total Serviços: | H43: =H41+H42 -> #VALUE!
E44: =A38 -> CPU-15 | F44: PREÇO UNITÁRIO TOTAL: | H44: =H43 -> #VALUE! | I44: =H41 -> #VALUE!
A46: CPU-17 | B46: CODEVASF | D46: TRANSPORTE DE CIMENTO ASFALTICO CAP 50/70 | E46: t | F46: COEF. | G46: PRECO UNITÁRIO (R$) | H46: TOTAL (R$)
D48: TRANSPORTE DE CIMENTO ASFALTICO 50/70 | E48: t | F48: 1 | G48: =Resumo_Transp!$U$17 -> #VALUE! | H48: =F48*G48 -> #VALUE!
E49: Sub total: | H49: =SUM(H48) -> #VALUE!
F50: BDI | G50: 0.15 | H50: =H49*G50 -> #VALUE!
G51: Total Serviços: | H51: =H49+H50 -> #VALUE!
E52: =A46 -> CPU-17 | F52: PREÇO UNITÁRIO TOTAL: | H52: =H51 -> #VALUE! | I52: =H49 -> #VALUE!
A54: CPU-18 | B54: CODEVASF | D54: TRANSPORTE DE EAI | E54: t | F54: COEF. | G54: PRECO UNITÁRIO (R$) | H54: TOTAL (R$)
D56: TRANSPORTE DE EAI | E56: t | F56: 1 | G56: =Resumo_Transp!$U$35 -> #VALUE! | H56: =F56*G56 -> #VALUE!
E57: Sub total: | H57: =SUM(H56) -> #VALUE!
F58: BDI | G58: 0.15 | H58: =H57*G58 -> #VALUE!
G59: Total Serviços: | H59: =H57+H58 -> #VALUE!
E60: =A54 -> CPU-18 | F60: PREÇO UNITÁRIO TOTAL: | H60: =H59 -> #VALUE! | I60: =H57 -> #VALUE!
A62: CPU-19 | B62: CODEVASF | D62: TRANSPORTE DE EMULSÃO ASFÁLTICA RR-1C | E62: t | F62: COEF. | G62: PRECO UNITÁRIO (R$) | H62: TOTAL (R$)
D64: TRANSPORTE DE EMULSÃO ASFÁLTICA RR-1C | E64: t | F64: 1 | G64: =Resumo_Transp!$U$40 -> #VALUE! | H64: =F64*G64 -> #VALUE!
E65: Sub total: | H65: =SUM(H64) -> #VALUE!
F66: BDI | G66: 0.15 | H66: =H65*G66 -> #VALUE!
G67: Total Serviços: | H67: =H65+H66 -> #VALUE!
E68: =A62 -> CPU-19 | F68: PREÇO UNITÁRIO TOTAL: | H68: =H67 -> #VALUE! | I68: =H65 -> #VALUE!
A70: 2003943-A | B70: CODEVASF | D70: Meio-fio de concreto - MFC 03 moldado no local com extrusora e concreto betoneira - areia e brita comerciais | E70: M | F70: COEF. | G70: PRECO UNITÁRIO (R$) | H70: TOTAL (R$)
A72: SICRO | B72: SICRO | C72: E9103 | D72: Extrusora para meio-fio de concreto - 10,44 kW | E72: H | F72: =1/74.11 -> 0.013493456 | H72: =ROUND(F72*G72,6) -> 0
A73: SICRO | B73: SICRO | C73: P9821 | D73: Pedreiro | E73: H | F73: =1/74.11 -> 0.013493456 | H73: =ROUND(F73*G73,6) -> 0
A74: SICRO | B74: SICRO | C74: P9824 | D74: Servente | E74: H | F74: =2/74.11 -> 0.026986911 | H74: =ROUND(F74*G74,6) -> 0
A75: SICRO | B75: SICRO | C75: 1107892 | D75: Concreto fck = 20 MPa - confecção em betoneira e lançamento manual - areia e brita comerciais | E75: m³ | F75: 0.042 | H75: =F75*G75 -> 0
A76: SICRO | B76: SICRO | C76: 2003842 | D76: Enchimento de junta de concreto com argamassa asfáltica de densidade 1.700 kg/m³ - espessura de 1 cm | E76: kg | F76: 0.0595 | H76: =F76*G76 -> 0
A77: SICRO | B77: SICRO | C77: 4805750 | D77: Escavação manual em material de 1ª categoria na profundidade de até 1 m | E77: m³ | F77: 0.03 | H77: =F77*G77 -> 0
E78: Sub total: | H78: =ROUND(SUM(H72:H77),2) -> 0
F79: BDI | G79: =BDI!$C$17/100 -> 0 | H79: =H78*G79 -> 0
G80: Total Serviços: | H80: =H78+H79 -> 0
E81: =A70 -> 2003943-A | F81: PREÇO UNITÁRIO TOTAL: | H81: =H80 -> 0 | I81: =H78 -> 0
A83: 2003947-A | B83: CODEVASF | D83: Meio-fio de concreto - MFC 05 moldado no local com extrusora e concreto betoneira - areia e brita comerciais | E83: M | F83: COEF. | G83: PRECO UNITÁRIO (R$) | H83: TOTAL (R$)
A85: SICRO | B85: SICRO | C85: E9103 | D85: Extrusora para meio-fio de concreto - 10,44 kW | E85: H | F85: =1/93.19 -> 0.010730765 | H85: =ROUND(F85*G85,6) -> 0
A86: SICRO | B86: SICRO | C86: P9821 | D86: Pedreiro | E86: H | F86: =1/93.19 -> 0.010730765 | H86: =ROUND(F86*G86,6) -> 0
A87: SICRO | B87: SICRO | C87: P9824 | D87: Servente | E87: H | F87: =2/93.19 -> 0.02146153 | H87: =ROUND(F87*G87,6) -> 0
A88: SICRO | B88: SICRO | C88: 1107892 | D88: Concreto fck = 20 MPa - confecção em betoneira e lançamento manual - areia e brita comerciais | E88: m³ | F88: 0.0334 | H88: =F88*G88 -> 0
A89: SICRO | B89: SICRO | C89: 2003842 | D89: Enchimento de junta de concreto com argamassa asfáltica de densidade 1.700 kg/m³ - espessura de 1 cm | E89: kg | F89: 0.0473 | H89: =F89*G89 -> 0
A90: SICRO | B90: SICRO | C90: 4805750 | D90: Escavação manual em material de 1ª categoria na profundidade de até 1 m | E90: m³ | F90: 0.018 | H90: =F90*G90 -> 0
E91: Sub total: | H91: =ROUND(SUM(H85:H90),2) -> 0
F92: BDI | G92: =BDI!$C$17/100 -> 0 | H92: =H91*G92 -> 0
G93: Total Serviços: | H93: =H91+H92 -> 0
E94: =A83 -> 2003947-A | F94: PREÇO UNITÁRIO TOTAL: | H94: =H93 -> 0 | I94: =H91 -> 0

Sheet Adm Local
A2: parcela fixa da administração local (mão de obra)
A3: Código | B3: Discriminação | C3: Unidade | D3: Quantidade | F3: Custo Unitário (R$) | H3: Custo Total (R$)
B4: Mão de Obra
B5: Gerência Técnica
B6: Geral
A7: P9955 | B7: Engenheiro chefe | C7: mês | D7: 0.5 | H7: =F7*D7 -> 0
A8: P9840 | B8: Encarregado geral | C8: mês | D8: 0.5 | H8: =F8*D8 -> 0
A9: P9897 | B9: Técnico de meio ambiente | C9: mês | D9: 0 | H9: =F9*D9 -> 0
A10: P9948 | B10: Motorista | C10: mês | D10: 0 | H10: =F10*D10 -> 0
A11: P9878 | B11: Secretária | C11: mês | D11: 0 | H11: =F11*D11 -> 0
F12: Subtotal do Item 1.1 | H12: =SUM(H7:I11) -> 0
B13: Auxiliar
A14: P9946 | B14: Engenheiro auxiliar | C14: mês | D14: 1 | H14: =D14*F14 -> 0
A15: P9903 | B15: Auxiliar técnico | C15: mês | D15: 0 | H15: =D15*F15 -> 0
F16: Subtotal do Item 1.2 | H16: =SUM(H14:I15) -> 0
B17: Gerência Administrativa
B18: Geral
A19: P9883 | B19: Chefe do setor administrativo | C19: mês | D19: 1 | H19: =F19*D19 -> 0
A20: P9809 | B20: Encarregado administrativo | C20: mês | D20: 0 | H20: =F20*D20 -> 0
A21: P9896 | B21: Porteiro | C21: mês | D21: 0 | H21: =F21*D21 -> 0
A22: P9827 | B22: Vigia | C22: mês | D22: 0 | H22: =F22*D22 -> 0
A23: P9948 | B23: Motorista | C23: mês | D23: 0 | H23: =F23*D23 -> 0
F24: Subtotal do Item 1.3 | H24: =SUM(H19:I23) -> 0
B25: Auxiliar
A26: P9806 | B26: Auxiliar administrativo | C26: mês | D26: 1 | H26: =F26*D26 -> 0
A27: P9842 | B27: Faxineiro | C27: mês | D27: 0 | H27: =F27*D27 -> 0
F28: Subtotal do Item 1.4 | H28: =SUM(H26:I27) -> 0
H29: Total da Mão de Obra da Parcela Fixa | I29: =H28+H24+H16+H12 -> 0
A31: parcela fixa da administração local (veículos)
A32: Código | B32: Discriminação | C32: Unidade | D32: Quantidade | E32: Utilização Produtiva | F32: Utilização Improdutiva | G32: Custo Horário Produtivo (R$) | H32: Custo Horário Improdutivo (R$) | I32: Custo Total (R$)
A33: 2 | B33: Veículos
B34: Gerência Técnica
A35: 2.1 | B35: Geral
A36: E9093 | B36: Veículo Leve 53 kw | C36: mês | D36: 1 | E36: 44 | F36: 176 | I36: =((E36*G36)+(F36*H36))*D36 -> 0
A37: E9560 | B37: Ônibus coletivo - 175 kw | C37: mês | D37: 0 | E37: 44 | F37: 176 | I37: =((E37*G37)+(F37*H37))*D37 -> 0
H38: Subtotal do Item 2 | I38: =SUM(I36:I37) -> 0
A39: 2.2 | B39: Auxiliar
A40: E9093 | B40: Veículo Leve 53 kw | C40: mês | D40: 0 | E40: 44 | F40: 176 | I40: =((E40*G40)+(F40*H40))*D40 -> 0
H41: Subtotal do Item 2 | I41: =SUM(I40) -> 0
A42: 2.3 | B42: Gerência Administrativa
A43: E9093 | B43: Veículo Leve 53 kw | C43: mês | D43: 0 | E43: 44 | F43: 176 | I43: =((E43*G43)+(F43*H43))*D43 -> 0
H44: Subtotal do Item 2 | I44: =I43 -> 0
H45: Total dos Veículos da Parcela Fixa | I45: =I44+I41+I38 -> 0
A47: Composição de custo da equipe de produção de terraplenagem
A48: Código | B48: Discriminação | C48: Unidade | D48: Quantidade | F48: Custo Unitário (R$) | H48: Custo Total (R$)
B49: Equipe de Produção de Terraplenagem
A50: 3.1 | B50: Mão de Obra
A51: P9884 | B51: Encarregado de produção | C51: mês | D51: 1 | H51: =F51*D51 -> 0
F52: Subtotal do Item 3.1 | H52: =SUM(H51:H51) -> 0
A53: Código | B53: Discriminação | C53: Unidade | D53: Quantidade | E53: Utilização Produtiva | F53: Utilização Improdutiva | G53: Custo Horário Produtivo (R$) | H53: Custo Horário Improdutivo (R$) | I53: Custo Total (R$)
A54: 3.2 | B54: Veículos
A55: E9093 | B55: Veículo Leve 53 kw | C55: mês | D55: 1 | E55: 44 | F55: 176 | I55: =((E55*G55)+(F55*H55))*D55 -> 0
H56: Subtotal do Item 3.2 | I56: =SUM(I55:I55) -> 0
H57: Total da Equipe de Produção de Terraplenagem | I57: =I56+H52 -> 0
A59: Composição de custo da equipe de produção de pavimentação
A60: Código | B60: Discriminação | C60: Unidade | D60: Quantidade | F60: Custo Unitário (R$) | H60: Custo Total (R$)
B61: Equipe de Produção de Pavimentação
A62: 3.1 | B62: Mão de Obra
A63: P9893 | B63: Encarregado de produção | C63: mês | D63: 1 | H63: =F63*D63 -> 0
F64: Subtotal do Item 3.1 | H64: =SUM(H63:H63) -> 0
A65: Código | B65: Discriminação | C65: Unidade | D65: Quantidade | E65: Utilização Produtiva | F65: Utilização Improdutiva | G65: Custo Horário Produtivo (R$) | H65: Custo Horário Improdutivo (R$) | I65: Custo Total (R$)
A66: 3.2 | B66: Veículos
A67: E9093 | B67: Veículo Leve 53 kw | C67: mês | D67: 1 | E67: 44 | F67: 176 | I67: =((E67*G67)+(F67*H67))*D67 -> 0
H68: Subtotal do Item 3.2 | I68: =SUM(I67:I67) -> 0
H69: Total da Equipe de Produção de Pavimentação | I69: =I68+H64 -> 0
A71: Composição de custo da equipe de produção de drenagem
A72: Código | B72: Discriminação | C72: Unidade | D72: Quantidade | F72: Custo Unitário (R$) | H72: Custo Total (R$)
B73: Equipe de Produção de Pavimentação
A74: 3.1 | B74: Mão de Obra
A75: P9893 | B75: Encarregado de produção | C75: mês | D75: 1 | H75: =F75*D75 -> 0
F76: Subtotal do Item 3.1 | H76: =SUM(H75:H75) -> 0
A77: Código | B77: Discriminação | C77: Unidade | D77: Quantidade | E77: Utilização Produtiva | F77: Utilização Improdutiva | G77: Custo Horário Produtivo (R$) | H77: Custo Horário Improdutivo (R$) | I77: Custo Total (R$)
A78: 3.2 | B78: Veículos
A79: E9093 | B79: Veículo Leve 53 kw | C79: mês | D79: 1 | E79: 44 | F79: 176 | I79: =((E79*G79)+(F79*H79))*D79 -> 0
H80: Subtotal do Item 3.2 | I80: =SUM(I79:I79) -> 0
H81: Total da Equipe de Produção de Pavimentação | I81: =I80+H76 -> 0
A83: Composição de custo da equipe de produção de sinalização
A84: Código | B84: Discriminação | C84: Unidade | D84: Quantidade | F84: Custo Unitário (R$) | H84: Custo Total (R$)
B85: Equipe de Produção de Pavimentação
A86: 3.1 | B86: Mão de Obra
A87: P9893 | B87: Encarregado de produção | C87: mês | D87: 1 | H87: =F87*D87 -> 0
F88: Subtotal do Item 3.1 | H88: =SUM(H87:H87) -> 0
A89: Código | B89: Discriminação | C89: Unidade | D89: Quantidade | E89: Utilização Produtiva | F89: Utilização Improdutiva | G89: Custo Horário Produtivo (R$) | H89: Custo Horário Improdutivo (R$) | I89: Custo Total (R$)
A90: 3.2 | B90: Veículos
A91: E9093 | B91: Veículo Leve 53 kw | C91: mês | D91: 1 | E91: 44 | F91: 176 | I91: =((E91*G91)+(F91*H91))*D91 -> 0
H92: Subtotal do Item 3.2 | I92: =SUM(I91:I91) -> 0
H93: Total da Equipe de Produção de Pavimentação | I93: =I92+H88 -> 0
A95: Composição de custo da equipe topografia
A96: Código | B96: Discriminação | C96: Unidade | D96: Quantidade | F96: Custo Unitário (R$) | H96: Custo Total (R$)
B97: Equipe de Topografia
A98: 3.1 | B98: Mão de Obra
A99: P9949 | B99: Topográfo | C99: mês | D99: 1 | H99: =F99*D99 -> 0
A100: P9950 | B100: Auxiliar de topografia | C100: mês | D100: 1 | H100: =F100*D100 -> 0
F101: Subtotal do Item 3.1 | H101: =SUM(H99:I100) -> 0
A102: Código | B102: Discriminação | C102: Unidade | D102: Quantidade | E102: Utilização Produtiva | F102: Utilização Improdutiva | G102: Custo Horário Produtivo (R$) | H102: Custo Horário Improdutivo (R$) | I102: Custo Total (R$)
A103: 3.2 | B103: Veículos
A104: E9093 | B104: Veículo Leve 53 kw | C104: mês | D104: 1 | E104: 44 | F104: 176 | I104: =((E104*G104)+(F104*H104))*D104 -> 0
H105: Subtotal do Item 3.2 | I105: =SUM(I104:I104) -> 0
H106: Total da Equipe de Produção de Topografia | I106: =I105+H101 -> 0
A108: Composição de custo do setor de medicina e segurança do trabalho
...

Sheet Projeto Executivo
A2: COMPOSIÇAO PREÇO PROJETO EXECUTIVO
A3: DISCRIMINAÇAO | F3: Pr. Unit. | G3: Pr. Total
A5: A· EOUIPE TECNICA | G5: =G6+G9 -> 0
B6: A. 1 - Pessoal de Nível Superior | C6: Unidade | D6: Quantitativo | E6: SICRO e Rel.Custos Gerais | G6: =G7+G8 -> 0
B7: Engenheiro | C7: mês | D7: 0.4 | E7: P9812 | G7: =F7*D7 -> 0
B8: Topógrafo | C8: mês | D8: 0.25 | E8: P9949 | G8: =F8*D8 -> 0
B9: A.2 - Pessoal de Nível Técnico e Aux. | G9: =G10+G11 -> 0
B10: Auxiliar de topógrafo | C10: mês | D10: 0.125 | E10: P9950 | G10: =F10*D10 -> 0
B11: Auxiliar Técnico/Assistente de Engenharia | C11: mês | D11: 0.5 | E11: P9903 | G11: =F11*D11 -> 0
A12: B - ENCARGOS SOCIAIS | G12: =G13 -> 0
B13: =CONCATENATE("Taxas ",'ENC. SOCIAIS'!F51,"%") -> Taxas 108,84% | C13: JÁ INCLUSAS EM "A"
A14: C - DESPESAS GERAIS | G14: =G15+G17+G16 -> 0
B15: C.1 - MATERIAIS DE CONSUMO | C15: Estimativa % como referência de equipe técnica com encargos sociais | D15: 0.03 | F15: =G5+G13 -> 0 | G15: =F15*D15 -> 0
B16: C.2 - VEÍCULOS (Veículo leve picape 4 x 4 com capacidade de 1,10 t - 147 kW) | C16: h | D16: 40 | E16: E9684 | G16: =F16*D16 -> 0
B17: C.3 - Estação total eletrônica com alcance máximo de 3.000 m | C17: h | D17: 75.213265 | E17: E9553 | G17: =F17*D17 -> 0
A18: D - ENSAIOS | G18: =SUM(G19:G22) -> 0
B19: Laboratorista | C19: mês | D19: =1/4 -> 0.25 | E19: P9858 | G19: =F19*D19 -> 0
B20: Auxiliar de Laboratório | C20: mês | D20: =1/8 -> 0.125 | E20: P9833 | G20: =F20*D20 -> 0
B21: Laboratório de solos | C21: mês | D21: =1/8 -> 0.125 | E21: B8957 | G21: =F21*D21 -> 0
B22: Laboratório de asfalto | C22: mês | D22: =1/8 -> 0.125 | E22: B8955 | G22: =F22*D22 -> 0
A23: I - SOMA (A+B+C+D) | G23: =G5+G12+G14+G18 -> 0
A24: II - CUSTOS ADMINISTRATIVOS | D24: =BDI!C17/100 -> 0 | G24: =D24*G23 -> 0
A25: TOTAL | G25: =G23+G24 -> 0
F26: Por m²: | G26: =G25/14000 -> 0

Sheet BDI
I1: https://www.gov.br/dnit/pt-br/assuntos/planejamento-e-pesquisa/custos-e-pagamentos/custos-e-pagamentos-dnit/sistemas-de-custos/bdi/bdi-2
A2: OBRA: | I2: Utilizar o período de vigência da data de elaboração do orçamento.
A3: LOCAL:
A4: DATA BASE:
A5: DETALHAMENTO DO BDI - SEM DESONERAÇÃO | E5: DETALHAMENTO DO BDI DIFERENCIADO - SEM DESONERAÇÃO
A6: ='RESUMO MODULO TOTAL'!$C$5 -> Contratação de serviços de pavimentação asfáltica com concreto betuminoso usinado a quente (CBUQ) em vias urbanas e rurais inseridas na área de atuação da Codevasf, no estado de Goiás | E6: ='RESUMO MODULO TOTAL'!$C$5 -> Contratação de serviços de pavimentação asfáltica com concreto betuminoso usinado a quente (CBUQ) em vias urbanas e rurais inseridas na área de atuação da Codevasf, no estado de Goiás
A7: DESCRIÇÃO DOS SERVIÇOS | B7: PREÇO DE VENDA (%) | C7: CUSTO DIRETO (%) | E7: DESCRIÇÃO DOS SERVIÇOS | F7: PREÇO DE VENDA (%) | G7: CUSTO DIRETO (%)
A8: Administração Central | B8: =C8/(1+C$17/100) -> 0 | E8: ADMINISTRAÇÃO CENTRAL | F8: =G8/(1+G$17/100) -> 0.037643535 | G8: 0.0377
A9: =100*((1+A23)^(1/12)-1) -> 0 | B9: =C9/(1+C$17/100) -> 0 | C9: =(C17-(C8+C10+C11+C12+C13+C14+C15+C16)) -> 0 | E9: DESPESA FINANCEIRAS | F9: 0.0102 | G9: =(G17-(G8+G10+G11+G12+G13+G14+G15+G16)) -> 0.018234
A10: Seguros e Garantias Contratuais | C10: =B10*(1+C$17/100) -> 0 | E10: SEGUROS E GARANTIAS CONTRATUAIS | F10: 0.0025 | G10: =F10*(1+G$17/100) -> 0.00250375
A11: Riscos | C11: =B11*(1+C$17/100) -> 0 | E11: RISCOS | F11: 0.005 | G11: =F11*(1+G$17/100) -> 0.0050075
A12: Lucro Operacional | B12: =C12/(1+C$17/100) -> 0 | E12: LUCRO OPERACIONAL | F12: =G12/(1+G$17/100) -> 0.049925112 | G12: 0.05
A13: PIS | C13: =B13*(1+C$17/100) -> 0 | E13: PIS | F13: 0.0065 | G13: =F13*(1+G$17/100) -> 0.00650975
A14: COFINS | C14: =B14*(1+C$17/100) -> 0 | E14: COFINS | F14: 0.03 | G14: =F14*(1+G$17/100) -> 0.030045
A15: ISSQN | C15: =B15*(1+C$17/100) -> 0 | E15: ISSQN | F15: 0 | G15: =F15*(1+G$17/100) -> 0
A16: Contribuição Previdenciaria | C16: =B16*(1+C$17/100) -> 0 | E16: Contribuição Previdenciaria | F16: 0 | G16: =F16*(1+G$17/100) -> 0
B17: BDI | C17: =TRUNC(((1+(C8/100+C12/100-(A9/100*C12/100)))/(1-(A9/100+B11/100+B10/100+B13/100+B14/100+B15/100+B16/100))-1)*100,2) -> 0 | F17: BDI | G17: =ROUND((1+(G8+G12))/(1-(F9+F10+F11+F13+F14+F15+F16))-1,4) -> 0.15
A19: Observação: O percentual de ISSQN aqui utilizado consiste apenas em um referencial médio. | E19: Fonte da composição, valores de referência e fórmula do BDI: Instrução Normativa N° 62/DNIT SEDE
B20: O valor real do ISSQN a ser adotado deve ser aquele proveniente das alíquotas dos municípios situados na área de
B21: influência das obras.
A22: DF = [(1+SELIC)^(1/12)-1] sobre (PV - Lucro), o que resulta em DF = 0,84% sobre (PV - Lucro)
A34: Desde 24 de maio de 2024
A35: 262ª Reunião do Copom, o qual estabeleceu a alíquota da meta Selic no valor de 10,50% a.a.
A36: Ofício-Circular nº 2699/2024 (SEI DNIT nº 17818943)

Sheet ENC. SOCIAIS
L2: https://www.caixa.gov.br/poder-publico/modernizacao-gestao/sinapi/Paginas/default.aspx
B6: NOME DA CONCORRENTE:
B7: EDITAL:
B8: FOLHA:
B9: ='RESUMO MODULO TOTAL'!$C$5 -> Contratação de serviços de pavimentação asfáltica com concreto betuminoso usinado a quente (CBUQ) em vias urbanas e rurais inseridas na área de atuação da Codevasf, no estado de Goiás
B11: DETALHAMENTO DOS ENCARGOS SOCIAIS (%)
B12: VIGÊNCIA A PARTIR DE 12/2023 | D12: COM DESONERAÇÃO | F12: SEM DESONERAÇÃO
D14: HORISTA | E14: MENSALISTA | F14: HORISTA | G14: MENSALISTA
B16: GRUPO A
B17: A1 | C17: INSS | D17: 0 | E17: 0 | F17: 20 | G17: 20
B18: A2 | C18: SESI | D18: 1.5 | E18: 1.5 | F18: 1.5 | G18: 1.5
B19: A3 | C19: SENAI | D19: 1 | E19: 1 | F19: 1 | G19: 1
B20: A4 | C20: INCRA | D20: 0.2 | E20: 0.2 | F20: 0.2 | G20: 0.2
B21: A5 | C21: SEBRAE | D21: 0.6 | E21: 0.6 | F21: 0.6 | G21: 0.6
B22: A6 | C22: Salário Educação | D22: 2.5 | E22: 2.5 | F22: 2.5 | G22: 2.5
B23: A7 | C23: Seguro Contra Acidentes de Trabalho | D23: 3 | E23: 3 | F23: 3 | G23: 3
B24: A8 | C24: FGTS | D24: 8 | E24: 8 | F24: 8 | G24: 8
B25: A9 | C25: SECONCI | D25: 1 | E25: 1 | F25: 1 | G25: 1
B26: A | C26: Total | D26: =SUM(D17:D25) -> 17.8 | E26: =SUM(E17:E25) -> 17.8 | F26: =SUM(F17:F25) -> 37.8 | G26: =SUM(G17:G25) -> 37.8
B27: GRUPO B
B28: B1 | C28: Repouso Semanal Remunerado | D28: 17.81 | E28: - | F28: 17.81 | G28: -
B29: B2 | C29: Feriados | D29: 3.7 | E29: - | F29: 3.7 | G29: -
B30: B3 | C30: Auxílio-enfermidade | D30: 0.86 | E30: 0.64 | F30: 0.86 | G30: 0.64
B31: B4 | C31: 13° salário | D31: 11.18 | E31: 8.33 | F31: 11.18 | G31: 8.33
B32: B5 | C32: Licença-paternidade | D32: 0.06 | E32: 0.04 | F32: 0.06 | G32: 0.04
B33: B6 | C33: Faltas Justificadas | D33: 0.75 | E33: 0.56 | F33: 0.75 | G33: 0.56
B34: B7 | C34: Dias de chuva | D34: 1.36 | E34: - | F34: 1.36 | G34: -
B35: B8 | C35: Auxílio Acidente de Trabalho | D35: 0.1 | E35: 0.08 | F35: 0.1 | G35: 0.08 | L35: https://www.caixa.gov.br/Downloads/sinapi-composicoes-aferidas-sumario-composicoes-aferidas/SUMARIO_DE_PUBLICACOES_E_DOCUMENTACAO_DO_SINAPI.pdf
B36: B9 | C36: Férias Gozadas | D36: 0 | E36: 0 | F36: 0 | G36: 0 | L36: PDF INTERATIVO
B37: B10 | C37: Salário Maternidade | D37: 0.04 | E37: 0.03 | F37: 0.04 | G37: 0.03
B38: B | C38: Total | D38: =SUM(D28:D37) -> 35.86 | E38: =SUM(E28:E37) -> 9.68 | F38: =SUM(F28:F37) -> 35.86 | G38: =SUM(G28:G37) -> 9.68
B39: GRUPO C
B40: C1 | C40: Aviso Prévio Indenizado | D40: 5.91 | E40: 4.4 | F40: 5.91 | G40: 4.4
B41: C2 | C41: Aviso Prévio Trabalhado | D41: 0.14 | E41: 0.1 | F41: 0.14 | G41: 0.1
B42: C3 | C42: Férias Indenizadas | D42: 12.02 | E42: 8.96 | F42: 12.02 | G42: 8.96
B43: C4 | C43: Depósito Rescisão Sem Justa Causa | D43: 2.52 | E43: 1.88 | F43: 2.52 | G43: 1.88
B44: C5 | C44: Indenização Adicional | D44: 0.5 | E44: 0.37 | F44: 0.5 | G44: 0.37
B45: C | C45: Total | D45: =SUM(D40:D44) -> 21.09 | E45: =SUM(E40:E44) -> 15.71 | F45: =SUM(F40:F44) -> 21.09 | G45: =SUM(G40:G44) -> 15.71
B46: GRUPO D
B47: D1 | C47: Reincidência de A sobre B | D47: 6.38 | E47: 1.72 | F47: 13.56 | G47: 3.66
B48: D2 | C48: Reincidência de Grupo A sobre Aviso Prévio Trabalhado e Reincidência do FGTS sobre Aviso Prévio Indenizado | D48: 0.5 | E48: 0.37 | F48: 0.53 | G48: 0.39
B49: D | C49: Total | D49: =SUM(D47:D48) -> 6.88 | E49: =SUM(E47:E48) -> 2.09 | F49: =SUM(F47:F48) -> 14.09 | G49: =SUM(G47:G48) -> 4.05
B51: T O T A L (%) | D51: =D26+D38+D45+D49 -> 81.63 | E51: =E26+E38+E45+E49 -> 45.28 | F51: =F26+F38+F45+F49 -> 108.84 | G51: =G26+G38+G45+G49 -> 67.24
L91: https://www.caixa.gov.br/Downloads/sinapi-manual-de-metodologias-e-conceitos/Livro_SINAPI_Calculos_Parametros.pdf

Sheet  Consumo Material Betuminoso
B3: CONSUMO DO MATERIAL BETUMINOSO TOTAL
B5: TRECHO | D5: QUANTIDADES | M5: MAT. BETUMINOSO
B6: Inicio (km) | C6: Fim (km) | D6: Extensão (m) | E6: Largura (m) | F6: Espess. (m) | G6: Área (m2) | H6: Volume (m3) | I6: Densidade (t/m3) | J6: Massa (t) | K6: Unid | L6: Quant. | M6: Tipo | N6: Consumo Taxa de Aplicação | O6: Unid. | P6: Quant.
A7: ='RESUMO MODULO TOTAL'!C23 -> 4011352 | B7: IMPRIMAÇÃO
F8: 1 | G8: 140000 | M8: EAI | N8: =Q8*1000 -> 1.3 | O8: t | P8: =ROUND((G8*N8)/1000,2) -> 182 | Q8: 0.0013 | R8: t/m²
F9: 1 | M9: CM-30 | N9: =Q9*1000 -> 1.2 | O9: t | P9: =ROUND((G9*N9)/1000,2) -> 0 | Q9: 0.0012 | R9: t/m²
A10: ='RESUMO MODULO TOTAL'!C24 -> 4011353 | B10: PINTURA DE LIGAÇÃO
F11: 1 | G11: 140000 | M11: RR-1C | N11: =Q11*1000 -> 0.45 | O11: t | P11: =ROUND((G11*N11)/1000,2) -> 63 | Q11: 0.00045 | R11: t/m²
A12: 6416078 | B12: CBUQ FAIXA "C"
G13: 16800 | M13: CAP-50/70 | N13: =Q13*1000 -> 64.49 | O13: t | P13: =ROUND((G13*N13)/1000,2) -> 1083.43 | Q13: 0.06449 | R13: t/m²
A14: 6416143 | B14: CBUQ FAIXA "B"
M15: CAP-50/70 | N15: =Q15*1000 -> 57.73 | O15: t | P15: =ROUND((G15*N15)/1000,2) -> 0 | Q15: 0.05773 | R15: t/m²
B73: 4011463 Concreto asfáltico - faixa C - areia e brita comerciais | O73: 4011459 Concreto asfáltico - faixa B - areia e brita comerciais
B74: 6416078 Usinagem de concreto asfáltico - faixa C - areia e brita comerciais | O74: 6416143 Usinagem de concreto asfáltico - faixa B - areia e brita comerciais

Sheet Transp. CAP 50-70
C2: MEMÓRIA DE CÁLCULO
F3: LEGENDA | G3: ENTRADA DE DADOS | H3: RESULTADO PARCIAL | I3: RESULTADO FINAL
E5: DADOS ANP | G5: ÍNDICE DE PAVIMENTAÇÃO DNIT | M5: IMPOSTOS | N5: COFINS
E6: TIPOLOGIA DO MATERIAL | F6: CIMENTOS ASFÁLTICOS CAP-50-70 | G6: ÍNDICE INICIAL | H6: 41821 | I6: 270.237 | N6: PIS | AC6: As empresas tributadas pelo Lucro Presumido pagam 0,65% de PIS e 3% de COFINS
E7: DATA ANP | F7: 45383 | G7: ÍNDICE FINAL | H7: 45383 | I7: 567.092 | N7: ICMS | Q7: =1-(O7/1) -> 1 | R7: =1-(P7/1) -> 1 | S7: =1-(Q7/1) -> 0 | AC7: As empresas tributadas pelo Lucro Real pagam 1,65% de PIS e 7,60% de COFINS
C9: DATA-BASE | D9: PRODUTOS | E9: LOCALIDADES | J9: CUSTO ANP (R$/Kg) | L9: CUSTO ANP | M9: IMPOSTOS DO PRODUTO | N9: CUSTO DO PRODUTO COM IMPOSTOS | O9: DMT's | P9: DMT's FLUVIAL | Q9: CUSTO DO TRANSPORTE RODOVIA PAVIMENTADA | R9: CUSTO DO TRANSPORTE FLUVIAL | S9: CUSTO DO TRANSPORTE TOTAL | T9: ICMS | U9: ATUALIZAÇÃO DO CUSTO DE TRANSPORTE | V9: CUSTO DO TRANSPORTE RODOVIA PAVIMENTADA COM IMPOSTOS E ATUALIZAÇÃO MONETÁRIA | W9: PEDÁGIO | Y9: TOTAL TRANSPORTE | Z9: AQUISIÇÃO DO PRODUTO | AA9: TOTAL GERAL (TRANSP + AQUISIÇÃO) | AC9: 1 | AD9: 2 | AE9: 3
C10: =H7 -> 45383 | E10: REFINARIAS | F10: ENDEREÇO | G10: ESTADO | H10: CIDADE | I10: DESTINO | J10: ESTADO | K10: REGIÃO | L10: R$/t | M10: R$/t | N10: R$/t | O10: KM | P10: KM | Q10: R$/t | R10: R$/t | S10: R$/t | T10: R$/t | U10: R$/t | V10: R$/t | W10: CUSTO | X10: R$/t | Y10: R$/t | Z10: R$/t | AA10: R$/t | AC10: TOTAL GERAL (TRANSP + AQUISIÇÃO) | AD10: TOTAL TRANSPORTE | AE10: AQUISIÇÃO DO PRODUTO
B11: =AA11 -> #VALUE! | C11: 1 | D11: =F6 -> CIMENTOS ASFÁLTICOS CAP-50-70 | E11: Refinaria Abreu e Lima | F11: Rodovia PE 60, Km 10 - Ipojuca - PE CEP:55590-000 | G11: Pernambuco | H11: IPOJUCA - PE | I11: GOIÂNIA - GO | L11: =IF(AND(J11="-",K11="-"),"",IF(AND(J11<>0,K11="-"),J11*1000,IF(AND(J11="-",K11<>0),K11*1000,IF(AND(J11<>0,K11<>0),J11*1000,"")))) | M11: =ROUND(((L11/(1-$O$5-$O$6-$O$7))-L11),2) -> #VALUE! | N11: =L11+M11 -> #VALUE! | O11: =INDEX($D$83:$O$146,MATCH(C11,$D$83:$D$146,0),12) -> 2365.75 | Q11: =ROUND((26.939+0.253*O11),2) -> 625.47 | S11: =Q11+R11 -> 625.47 | T11: =TRUNC(S11*($O$7/(1-$O$7)),2) -> 0 | U11: =TRUNC(IF($I$6="","",(($I$7-$I$6)/$I$6)*(S11+T11)),2) -> 687.07 | V11: =S11+T11+U11 -> 1312.54 | Y11: =IF(AND(Q11="",T11=""),"",V11+X11) -> 1312.54 | Z11: =IF(OR(L11="",M11=""),"",L11+M11) -> #VALUE! | AA11: =IF(OR(Y11="",Z11=""),"",Y11+Z11) -> #VALUE! | AC11: =AA11 -> #VALUE! | AD11: =Y11 -> 1312.54 | AE11: =Z11 -> #VALUE! | AH11: =IF(OR(G11=$D$41,G11=$D$42,G11=$D$44,G11=$D$50,G11=$D$34,G11=$D$30,G11=$D$26,G11=$D$39,G11=$D$29),"NORDESTE",IF(OR(G11=$D$25,G11=$D$27,G11=$D$28,G11=$D$38,G11=$D$46,G11=$D$47,G11=$D$51),"NORTE",IF(OR(G11=$D$31,G11=$D$33,G11=$D$35,G11=$D$36),"CENTRO-OESTE",IF(OR(G11=$D$49,G11=$D$43,G11=$D$37,G11=$D$32),"SUDESTE",IF(OR(G11=$D$48,G11=$D$40,G11=$D$45),"SUL",""))))) -> NORDESTE
B12: =AA12 -> #VALUE! | C12: 2 | E12: Refinaria Potiguar Clara Camarão | F12: Rodovia RN 221, KM 25 - Guamaré - RN CEP:59598-000 | G12: Rio Grande do Norte | H12: GUAMARÉ - RN | I12: GOIÂNIA - GO | L12: =IF(AND(J12="-",K12=""),"",IF(AND(J12<>0,K12=""),J12*1000,IF(AND(J12="-",K12<>0),K12*1000,IF(AND(J12<>0,K12<>0),J12*1000,"")))) | M12: =ROUND(((L12/(1-$O$5-$O$6-$O$7))-L12),2) -> #VALUE! | N12: =L12+M12 -> #VALUE! | O12: =INDEX($D$83:$O$146,MATCH(C12,$D$83:$D$146,0),12) -> 2563.5 | Q12: =ROUND((26.939+0.253*O12),2) -> 675.5 | S12: =Q12+R12 -> 675.5 | T12: =TRUNC(S12*($O$7/(1-$O$7)),2) -> 0 | U12: =TRUNC(IF($I$6="","",(($I$7-$I$6)/$I$6)*(S12+T12)),2) -> 742.03 | V12: =S12+T12+U12 -> 1417.53 | Y12: =IF(AND(Q12="",T12=""),"",V12+X12) -> 1417.53 | Z12: =IF(OR(L12="",M12=""),"",L12+M12) -> #VALUE! | AA12: =IF(OR(Y12="",Z12=""),"",Y12+Z12) -> #VALUE! | AC12: =AA12 -> #VALUE! | AD12: =Y12 -> 1417.53 | AE12: =Z12 -> #VALUE! | AH12: =IF(OR(G12=$D$41,G12=$D$42,G12=$D$44,G12=$D$50,G12=$D$34,G12=$D$30,G12=$D$26,G12=$D$39,G12=$D$29),"NORDESTE",IF(OR(G12=$D$25,G12=$D$27,G12=$D$28,G12=$D$38,G12=$D$46,G12=$D$47,G12=$D$51),"NORTE",IF(OR(G12=$D$31,G12=$D$33,G12=$D$35,G12=$D$36),"CENTRO-OESTE",IF(OR(G12=$D$49,G12=$D$43,G12=$D$37,G12=$D$32),"SUDESTE",IF(OR(G12=$D$48,G12=$D$40,G12=$D$45),"SUL",""))))) -> NORDESTE
B13: =AA13 -> #VALUE! | C13: 3 | E13: Refinaria Landulpho Alves (RLAM) | F13: Rodovia BA 523, KM 4 – Mataripe São Francisco do Conde - BA CEP:43900-000 | G13: Bahia | H13: SÃO FRANCISCO DO CONDE - BA | I13: GOIÂNIA - GO | L13: =IF(AND(J13="-",K13=""),"",IF(AND(J13<>0,K13=""),J13*1000,IF(AND(J13="-",K13<>0),K13*1000,IF(AND(J13<>0,K13<>0),J13*1000,"")))) | M13: =ROUND(((L13/(1-$O$5-$O$6-$O$7))-L13),2) -> #VALUE! | N13: =L13+M13 -> #VALUE! | O13: =INDEX($D$83:$O$146,MATCH(C13,$D$83:$D$146,0),12) -> 1673 | Q13: =ROUND((26.939+0.253*O13),2) -> 450.21 | S13: =Q13+R13 -> 450.21 | T13: =TRUNC(S13*($O$7/(1-$O$7)),2) -> 0 | U13: =TRUNC(IF($I$6="","",(($I$7-$I$6)/$I$6)*(S13+T13)),2) -> 494.55 | V13: =S13+T13+U13 -> 944.76 | Y13: =IF(AND(Q13="",T13=""),"",V13+X13) -> 944.76 | Z13: =IF(OR(L13="",M13=""),"",L13+M13) -> #VALUE! | AA13: =IF(OR(Y13="",Z13=""),"",Y13+Z13) -> #VALUE! | AC13: =AA13 -> #VALUE! | AD13: =Y13 -> 944.76 | AE13: =Z13 -> #VALUE! | AH13: =IF(OR(G13=$D$41,G13=$D$42,G13=$D$44,G13=$D$50,G13=$D$34,G13=$D$30,G13=$D$26,G13=$D$39,G13=$D$29),"NORDESTE",IF(OR(G13=$D$25,G13=$D$27,G13=$D$28,G13=$D$38,G13=$D$46,G13=$D$47,G13=$D$51),"NORTE",IF(OR(G13=$D$31,G13=$D$33,G13=$D$35,G13=$D$36),"CENTRO-OESTE",IF(OR(G13=$D$49,G13=$D$43,G13=$D$37,G13=$D$32),"SUDESTE",IF(OR(G13=$D$48,G13=$D$40,G13=$D$45),"SUL",""))))) -> NORDESTE
A14: 2403 | B14: =AA14 -> #VALUE! | C14: 4 | E14: Refinaria Lubrificantes e Derivados do Nordeste (Lubnor) | F14: Av. Leite Barbosa, s/nº - Mucuripe Fortaleza - Ceará CEP:60180-420 | G14: Ceará | H14: FORTALEZA - CE | I14: GOIÂNIA - GO | L14: =IF(AND(J14="-",K14=""),"",IF(AND(J14<>0,K14=""),J14*1000,IF(AND(J14="-",K14<>0),K14*1000,IF(AND(J14<>0,K14<>0),J14*1000,"")))) | M14: =ROUND(((L14/(1-$O$5-$O$6-$O$7))-L14),2) -> #VALUE! | N14: =L14+M14 -> #VALUE! | O14: =INDEX($D$83:$O$146,MATCH(C14,$D$83:$D$146,0),12) -> 2391.5 | Q14: =ROUND((26.939+0.253*O14),2) -> 631.99 | S14: =Q14+R14 -> 631.99 | T14: =TRUNC(S14*($O$7/(1-$O$7)),2) -> 0 | U14: =TRUNC(IF($I$6="","",(($I$7-$I$6)/$I$6)*(S14+T14)),2) -> 694.24 | V14: =S14+T14+U14 -> 1326.23 | Y14: =IF(AND(Q14="",T14=""),"",V14+X14) -> 1326.23 | Z14: =IF(OR(L14="",M14=""),"",L14+M14) -> #VALUE! | AA14: =IF(OR(Y14="",Z14=""),"",Y14+Z14) -> #VALUE! | AC14: =AA14 -> #VALUE! | AD14: =Y14 -> 1326.23 | AE14: =Z14 -> #VALUE! | AH14: =IF(OR(G14=$D$41,G14=$D$42,G14=$D$44,G14=$D$50,G14=$D$34,G14=$D$30,G14=$D$26,G14=$D$39,G14=$D$29),"NORDESTE",IF(OR(G14=$D$25,G14=$D$27,G14=$D$28,G14=$D$38,G14=$D$46,G14=$D$47,G14=$D$51),"NORTE",IF(OR(G14=$D$31,G14=$D$33,G14=$D$35,G14=$D$36),"CENTRO-OESTE",IF(OR(G14=$D$49,G14=$D$43,G14=$D$37,G14=$D$32),"SUDESTE",IF(OR(G14=$D$48,G14=$D$40,G14=$D$45),"SUL",""))))) -> NORDESTE
B15: =AA15 -> #VALUE! | C15: 5 | E15: Refinaria Capuava (Recap) | F15: Av. Alberto Soares Sampaio, 2122-A Capuava – Mauá - SP | G15: São Paulo | H15: MAUÁ - SP | I15: GOIÂNIA - GO | L15: =IF(AND(J15="-",K15=""),"",IF(AND(J15<>0,K15=""),J15*1000,IF(AND(J15="-",K15<>0),K15*1000,IF(AND(J15<>0,K15<>0),J15*1000,"")))) | M15: =ROUND(((L15/(1-$O$5-$O$6-$O$7))-L15),2) -> #VALUE! | N15: =L15+M15 -> #VALUE! | O15: =INDEX($D$83:$O$146,MATCH(C15,$D$83:$D$146,0),12) -> 1112 | Q15: =ROUND((26.939+0.253*O15),2) -> 308.28 | S15: =Q15+R15 -> 308.28 | T15: =TRUNC(S15*($O$7/(1-$O$7)),2) -> 0 | U15: =TRUNC(IF($I$6="","",(($I$7-$I$6)/$I$6)*(S15+T15)),2) -> 338.64 | V15: =S15+T15+U15 -> 646.92 | Y15: =IF(AND(Q15="",T15=""),"",V15+X15) -> 646.92 | Z15: =IF(OR(L15="",M15=""),"",L15+M15) -> #VALUE! | AA15: =IF(OR(Y15="",Z15=""),"",Y15+Z15) -> #VALUE! | AC15: =AA15 -> #VALUE! | AD15: =Y15 -> 646.92 | AE15: =Z15 -> #VALUE! | AH15: =IF(OR(G15=$D$41,G15=$D$42,G15=$D$44,G15=$D$50,G15=$D$34,G15=$D$30,G15=$D$26,G15=$D$39,G15=$D$29),"NORDESTE",IF(OR(G15=$D$25,G15=$D$27,G15=$D$28,G15=$D$38,G15=$D$46,G15=$D$47,G15=$D$51),"NORTE",IF(OR(G15=$D$31,G15=$D$33,G15=$D$35,G15=$D$36),"CENTRO-OESTE",IF(OR(G15=$D$49,G15=$D$43,G15=$D$37,G15=$D$32),"SUDESTE",IF(OR(G15=$D$48,G15=$D$40,G15=$D$45),"SUL",""))))) -> SUDESTE
B16: =AA16 -> #VALUE! | C16: 6 | E16: Refinaria Duque de Caxias (Reduc) | F16: Rodovia Washington Luiz, km 113,7 Campos Elíseos – Duque de Caxias - RJ CEP:25213-005 | G16: Rio de Janeiro | H16: DUQUE DE CAXIAS - RJ | I16: GOIÂNIA - GO | L16: =IF(AND(J16="-",K16=""),"",IF(AND(J16<>0,K16=""),J16*1000,IF(AND(J16="-",K16<>0),K16*1000,IF(AND(J16<>0,K16<>0),J16*1000,"")))) | M16: =ROUND(((L16/(1-$O$5-$O$6-$O$7))-L16),2) -> #VALUE! | N16: =L16+M16 -> #VALUE! | O16: =INDEX($D$83:$O$146,MATCH(C16,$D$83:$D$146,0),12) -> 1342.25 | Q16: =ROUND((26.939+0.253*O16),2) -> 366.53 | S16: =Q16+R16 -> 366.53 | T16: =TRUNC(S16*($O$7/(1-$O$7)),2) -> 0 | U16: =TRUNC(IF($I$6="","",(($I$7-$I$6)/$I$6)*(S16+T16)),2) -> 402.63 | V16: =S16+T16+U16 -> 769.16 | Y16: =IF(AND(Q16="",T16=""),"",V16+X16) -> 769.16 | Z16: =IF(OR(L16="",M16=""),"",L16+M16) -> #VALUE! | AA16: =IF(OR(Y16="",Z16=""),"",Y16+Z16) -> #VALUE! | AC16: =AA16 -> #VALUE! | AD16: =Y16 -> 769.16 | AE16: =Z16 -> #VALUE! | AH16: =IF(OR(G16=$D$41,G16=$D$42,G16=$D$44,G16=$D$50,G16=$D$34,G16=$D$30,G16=$D$26,G16=$D$39,G16=$D$29),"NORDESTE",IF(OR(G16=$D$25,G16=$D$27,G16=$D$28,G16=$D$38,G16=$D$46,G16=$D$47,G16=$D$51),"NORTE",IF(OR(G16=$D$31,G16=$D$33,G16=$D$35,G16=$D$36),"CENTRO-OESTE",IF(OR(G16=$D$49,G16=$D$43,G16=$D$37,G16=$D$32),"SUDESTE",IF(OR(G16=$D$48,G16=$D$40,G16=$D$45),"SUL",""))))) -> SUDESTE
B17: =AA17 -> #VALUE! | C17: 7 | E17: Refinaria Alberto Pasqualini (Refap) | F17: Avenida Getúlio Vargas, 11001 - Bairro Brigadeira Canoas - RS - Brasil CEP:92420-221 | G17: Rio Grande do Sul | H17: CANOAS - RS | I17: GOIÂNIA - GO | L17: =IF(AND(J17="-",K17=""),"",IF(AND(J17<>0,K17=""),J17*1000,IF(AND(J17="-",K17<>0),K17*1000,IF(AND(J17<>0,K17<>0),J17*1000,"")))) | M17: =ROUND(((L17/(1-$O$5-$O$6-$O$7))-L17),2) -> #VALUE! | N17: =L17+M17 -> #VALUE! | O17: =INDEX($D$83:$O$146,MATCH(C17,$D$83:$D$146,0),12) -> 2120 | Q17: =ROUND((26.939+0.253*O17),2) -> 563.3 | S17: =Q17+R17 -> 563.3 | T17: =TRUNC(S17*($O$7/(1-$O$7)),2) -> 0 | U17: =TRUNC(IF($I$6="","",(($I$7-$I$6)/$I$6)*(S17+T17)),2) -> 618.78 | V17: =S17+T17+U17 -> 1182.08 | Y17: =IF(AND(Q17="",T17=""),"",V17+X17) -> 1182.08 | Z17: =IF(OR(L17="",M17=""),"",L17+M17) -> #VALUE! | AA17: =IF(OR(Y17="",Z17=""),"",Y17+Z17) -> #VALUE! | AC17: =AA17 -> #VALUE! | AD17: =Y17 -> 1182.08 | AE17: =Z17 -> #VALUE! | AH17: =IF(OR(G17=$D$41,G17=$D$42,G17=$D$44,G17=$D$50,G17=$D$34,G17=$D$30,G17=$D$26,G17=$D$39,G17=$D$29),"NORDESTE",IF(OR(G17=$D$25,G17=$D$27,G17=$D$28,G17=$D$38,G17=$D$46,G17=$D$47,G17=$D$51),"NORTE",IF(OR(G17=$D$31,G17=$D$33,G17=$D$35,G17=$D$36),"CENTRO-OESTE",IF(OR(G17=$D$49,G17=$D$43,G17=$D$37,G17=$D$32),"SUDESTE",IF(OR(G17=$D$48,G17=$D$40,G17=$D$45),"SUL",""))))) -> SUL
B18: =AA18 -> #VALUE! | C18: 8 | E18: Unidade de Industrialização do Xisto (SIX) | F18: Rodovia do Xisto, BR 476, km 153 São Mateus do Sul – PR CEP 83900-000 | G18: Paraná | H18: SÃO MATEUS DO SUL - PR | I18: GOIÂNIA - GO | L18: =IF(AND(J18="-",K18=""),"",IF(AND(J18<>0,K18=""),J18*1000,IF(AND(J18="-",K18<>0),K18*1000,IF(AND(J18<>0,K18<>0),J18*1000,"")))) | M18: =ROUND(((L18/(1-$O$5-$O$6-$O$7))-L18),2) -> #VALUE! | N18: =L18+M18 -> #VALUE! | O18: =INDEX($D$83:$O$146,MATCH(C18,$D$83:$D$146,0),12) -> 1391.5 | Q18: =ROUND((26.939+0.253*O18),2) -> 378.99 | S18: =Q18+R18 -> 378.99 | T18: =TRUNC(S18*($O$7/(1-$O$7)),2) -> 0 | U18: =TRUNC(IF($I$6="","",(($I$7-$I$6)/$I$6)*(S18+T18)),2) -> 416.32 | V18: =S18+T18+U18 -> 795.31 | Y18: =IF(AND(Q18="",T18=""),"",V18+X18) -> 795.31 | Z18: =IF(OR(L18="",M18=""),"",L18+M18) -> #VALUE! | AA18: =IF(OR(Y18="",Z18=""),"",Y18+Z18) -> #VALUE! | AC18: =AA18 -> #VALUE! | AD18: =Y18 -> 795.31 | AE18: =Z18 -> #VALUE! | AH18: =IF(OR(G18=$D$41,G18=$D$42,G18=$D$44,G18=$D$50,G18=$D$34,G18=$D$30,G18=$D$26,G18=$D$39,G18=$D$29),"NORDESTE",IF(OR(G18=$D$25,G18=$D$27,G18=$D$28,G18=$D$38,G18=$D$46,G18=$D$47,G18=$D$51),"NORTE",IF(OR(G18=$D$31,G18=$D$33,G18=$D$35,G18=$D$36),"CENTRO-OESTE",IF(OR(G18=$D$49,G18=$D$43,G18=$D$37,G18=$D$32),"SUDESTE",IF(OR(G18=$D$48,G18=$D$40,G18=$D$45),"SUL",""))))) -> SUL
B19: =AA19 -> #VALUE! | C19: 9 | E19: Refinaria Gabriel Passos (Regap) | F19: Av. Refinaria Gabriel Passos, 690 Distrito Industrial Paulo Camilo Sul Betim - MG CEP:32669-205 | G19: Minas Gerais | H19: BETIM - MG | I19: GOIÂNIA - GO | L19: =IF(AND(J19="-",K19=""),"",IF(AND(J19<>0,K19=""),J19*1000,IF(AND(J19="-",K19<>0),K19*1000,IF(AND(J19<>0,K19<>0),J19*1000,"")))) | M19: =ROUND(((L19/(1-$O$5-$O$6-$O$7))-L19),2) -> #VALUE! | N19: =L19+M19 -> #VALUE! | O19: =INDEX($D$83:$O$146,MATCH(C19,$D$83:$D$146,0),12) -> 967.75 | Q19: =ROUND((26.939+0.253*O19),2) -> 271.78 | S19: =Q19+R19 -> 271.78 | T19: =TRUNC(S19*($O$7/(1-$O$7)),2) -> 0 | U19: =TRUNC(IF($I$6="","",(($I$7-$I$6)/$I$6)*(S19+T19)),2) -> 298.54 | V19: =S19+T19+U19 -> 570.32 | Y19: =IF(AND(Q19="",T19=""),"",V19+X19) -> 570.32 | Z19: =IF(OR(L19="",M19=""),"",L19+M19) -> #VALUE! | AA19: =IF(OR(Y19="",Z19=""),"",Y19+Z19) -> #VALUE! | AC19: =AA19 -> #VALUE! | AD19: =Y19 -> 570.32 | AE19: =Z19 -> #VALUE! | AH19: =IF(OR(G19=$D$41,G19=$D$42,G19=$D$44,G19=$D$50,G19=$D$34,G19=$D$30,G19=$D$26,G19=$D$39,G19=$D$29),"NORDESTE",IF(OR(G19=$D$25,G19=$D$27,G19=$D$28,G19=$D$38,G19=$D$46,G19=$D$47,G19=$D$51),"NORTE",IF(OR(G19=$D$31,G19=$D$33,G19=$D$35,G19=$D$36),"CENTRO-OESTE",IF(OR(G19=$D$49,G19=$D$43,G19=$D$37,G19=$D$32),"SUDESTE",IF(OR(G19=$D$48,G19=$D$40,G19=$D$45),"SUL",""))))) -> SUDESTE
B20: =AA20 -> #VALUE! | C20: 10 | E20: Refinaria Presidente Getúlio Vargas (Repar) | F20: Rodovia do Xisto, BR 476, km 16 Araucária - PR CEP:83707-440 | G20: Paraná | H20: ARAUCÁRIA - PR | I20: GOIÂNIA - GO | L20: =IF(AND(J20="-",K20=""),"",IF(AND(J20<>0,K20=""),J20*1000,IF(AND(J20="-",K20<>0),K20*1000,IF(AND(J20<>0,K20<>0),J20*1000,"")))) | M20: =ROUND(((L20/(1-$O$5-$O$6-$O$7))-L20),2) -> #VALUE! | N20: =L20+M20 -> #VALUE! | O20: =INDEX($D$83:$O$146,MATCH(C20,$D$83:$D$146,0),12) -> 1387.75 | Q20: =ROUND((26.939+0.253*O20),2) -> 378.04 | S20: =Q20+R20 -> 378.04 | T20: =TRUNC(S20*($O$7/(1-$O$7)),2) -> 0 | U20: =TRUNC(IF($I$6="","",(($I$7-$I$6)/$I$6)*(S20+T20)),2) -> 415.27 | V20: =S20+T20+U20 -> 793.31 | Y20: =IF(AND(Q20="",T20=""),"",V20+X20) -> 793.31 | Z20: =IF(OR(L20="",M20=""),"",L20+M20) -> #VALUE! | AA20: =IF(OR(Y20="",Z20=""),"",Y20+Z20) -> #VALUE! | AC20: =AA20 -> #VALUE! | AD20: =Y20 -> 793.31 | AE20: =Z20 -> #VALUE! | AH20: =IF(OR(G20=$D$41,G20=$D$42,G20=$D$44,G20=$D$50,G20=$D$34,G20=$D$30,G20=$D$26,G20=$D$39,G20=$D$29),"NORDESTE",IF(OR(G20=$D$25,G20=$D$27,G20=$D$28,G20=$D$38,G20=$D$46,G20=$D$47,G20=$D$51),"NORTE",IF(OR(G20=$D$31,G20=$D$33,G20=$D$35,G20=$D$36),"CENTRO-OESTE",IF(OR(G20=$D$49,G20=$D$43,G20=$D$37,G20=$D$32),"SUDESTE",IF(OR(G20=$D$48,G20=$D$40,G20=$D$45),"SUL",""))))) -> SUL
B21: =AA21 -> #VALUE! | C21: 11 | E21: Refinaria Presidente Bernardes (RPBC) | F21: Av. 9 de abril, 777 - Jardim das Indústrias Cubatão - SP CEP:11505-000 | G21: São Paulo | H21: CUBATÃO - SP | I21: GOIÂNIA - GO | L21: =IF(AND(J21="-",K21=""),"",IF(AND(J21<>0,K21=""),J21*1000,IF(AND(J21="-",K21<>0),K21*1000,IF(AND(J21<>0,K21<>0),J21*1000,"")))) | M21: =ROUND(((L21/(1-$O$5-$O$6-$O$7))-L21),2) -> #VALUE! | N21: =L21+M21 -> #VALUE! | O21: =INDEX($D$83:$O$146,MATCH(C21,$D$83:$D$146,0),12) -> 1146 | Q21: =ROUND((26.939+0.253*O21),2) -> 316.88 | S21: =Q21+R21 -> 316.88 | T21: =TRUNC(S21*($O$7/(1-$O$7)),2) -> 0 | U21: =TRUNC(IF($I$6="","",(($I$7-$I$6)/$I$6)*(S21+T21)),2) -> 348.09 | V21: =S21+T21+U21 -> 664.97 | Y21: =IF(AND(Q21="",T21=""),"",V21+X21) -> 664.97 | Z21: =IF(OR(L21="",M21=""),"",L21+M21) -> #VALUE! | AA21: =IF(OR(Y21="",Z21=""),"",Y21+Z21) -> #VALUE! | AC21: =AA21 -> #VALUE! | AD21: =Y21 -> 664.97 | AE21: =Z21 -> #VALUE! | AH21: =IF(OR(G21=$D$41,G21=$D$42,G21=$D$44,G21=$D$50,G21=$D$34,G21=$D$30,G21=$D$26,G21=$D$39,G21=$D$29),"NORDESTE",IF(OR(G21=$D$25,G21=$D$27,G21=$D$28,G21=$D$38,G21=$D$46,G21=$D$47,G21=$D$51),"NORTE",IF(OR(G21=$D$31,G21=$D$33,G21=$D$35,G21=$D$36),"CENTRO-OESTE",IF(OR(G21=$D$49,G21=$D$43,G21=$D$37,G21=$D$32),"SUDESTE",IF(OR(G21=$D$48,G21=$D$40,G21=$D$45),"SUL",""))))) -> SUDESTE
B22: =AA22 -> #VALUE! | C22: 12 | E22: Refinaria de Paulínia (Replan) | F22: Rodovia SP 332 - Km. 130 Bonfim - Paulínia – SP CEP:13140-000 | G22: São Paulo | H22: PAULÍNIA - SP | I22: GOIÂNIA - GO | L22: =IF(AND(J22="-",K22=""),"",IF(AND(J22<>0,K22=""),J22*1000,IF(AND(J22="-",K22<>0),K22*1000,IF(AND(J22<>0,K22<>0),J22*1000,"")))) | M22: =ROUND(((L22/(1-$O$5-$O$6-$O$7))-L22),2) -> #VALUE! | N22: =L22+M22 -> #VALUE! | O22: =INDEX($D$83:$O$146,MATCH(C22,$D$83:$D$146,0),12) -> 979 | Q22: =ROUND((26.939+0.253*O22),2) -> 274.63 | S22: =Q22+R22 -> 274.63 | T22: =TRUNC(S22*($O$7/(1-$O$7)),2) -> 0 | U22: =TRUNC(IF($I$6="","",(($I$7-$I$6)/$I$6)*(S22+T22)),2) -> 301.68 | V22: =S22+T22+U22 -> 576.31 | Y22: =IF(AND(Q22="",T22=""),"",V22+X22) -> 576.31 | Z22: =IF(OR(L22="",M22=""),"",L22+M22) -> #VALUE! | AA22: =IF(OR(Y22="",Z22=""),"",Y22+Z22) -> #VALUE! | AC22: =AA22 -> #VALUE! | AD22: =Y22 -> 576.31 | AE22: =Z22 -> #VALUE! | AH22: =IF(OR(G22=$D$41,G22=$D$42,G22=$D$44,G22=$D$50,G22=$D$34,G22=$D$30,G22=$D$26,G22=$D$39,G22=$D$29),"NORDESTE",IF(OR(G22=$D$25,G22=$D$27,G22=$D$28,G22=$D$38,G22=$D$46,G22=$D$47,G22=$D$51),"NORTE",IF(OR(G22=$D$31,G22=$D$33,G22=$D$35,G22=$D$36),"CENTRO-OESTE",IF(OR(G22=$D$49,G22=$D$43,G22=$D$37,G22=$D$32),"SUDESTE",IF(OR(G22=$D$48,G22=$D$40,G22=$D$45),"SUL",""))))) -> SUDESTE
B23: =AA23 -> #VALUE! | C23: 13 | E23: Refinaria Henrique Lage (Revap) | F23: Rodovia Presidente Dutra, KM 143, S/N Bairro Jardim Diamante - São José dos Campos – SP CEP:12223-900 | G23: São Paulo | H23: SÃO JOSÉ DOS CAMPOS - SP | I23: GOIÂNIA - GO | L23: =IF(AND(J23="-",K23=""),"",IF(AND(J23<>0,K23=""),J23*1000,IF(AND(J23="-",K23<>0),K23*1000,IF(AND(J23<>0,K23<>0),J23*1000,"")))) | M23: =ROUND(((L23/(1-$O$5-$O$6-$O$7))-L23),2) -> #VALUE! | N23: =L23+M23 -> #VALUE! | O23: =INDEX($D$83:$O$146,MATCH(C23,$D$83:$D$146,0),12) -> 1149.25 | Q23: =ROUND((26.939+0.253*O23),2) -> 317.7 | S23: =Q23+R23 -> 317.7 | T23: =TRUNC(S23*($O$7/(1-$O$7)),2) -> 0 | U23: =TRUNC(IF($I$6="","",(($I$7-$I$6)/$I$6)*(S23+T23)),2) -> 348.99 | V23: =S23+T23+U23 -> 666.69 | Y23: =IF(AND(Q23="",T23=""),"",V23+X23) -> 666.69 | Z23: =IF(OR(L23="",M23=""),"",L23+M23) -> #VALUE! | AA23: =IF(OR(Y23="",Z23=""),"",Y23+Z23) -> #VALUE! | AC23: =AA23 -> #VALUE! | AD23: =Y23 -> 666.69 | AE23: =Z23 -> #VALUE! | AH23: =IF(OR(G23=$D$41,G23=$D$42,G23=$D$44,G23=$D$50,G23=$D$34,G23=$D$30,G23=$D$26,G23=$D$39,G23=$D$29),"NORDESTE",IF(OR(G23=$D$25,G23=$D$27,G23=$D$28,G23=$D$38,G23=$D$46,G23=$D$47,G23=$D$51),"NORTE",IF(OR(G23=$D$31,G23=$D$33,G23=$D$35,G23=$D$36),"CENTRO-OESTE",IF(OR(G23=$D$49,G23=$D$43,G23=$D$37,G23=$D$32),"SUDESTE",IF(OR(G23=$D$48,G23=$D$40,G23=$D$45),"SUL",""))))) -> SUDESTE
D25: Acre
D26: Alagoas
D27: Amapá
D28: Amazonas
D29: Bahia
D30: Ceará
D31: Distrito Federal
D32: Espírito Santo
D33: Goiás
D34: Maranhão
D35: Mato Grosso
D36: Mato Grosso do Sul
... D81: EMULSÕES ASFÁLTICAS RR-2C
D83: 1 | E83: CAMPOS BELOS | F83: Refinaria Abreu e Lima (RNEST), Estr. Tdr Sul - Ipojuca, PE, 55590-000 | G83: 1803 | H83: https://www.google.com/maps/dir/Campos+Belos,+GO/Refinaria+Abreu+e+Lima+(RNEST)+-+Estr.+Tdr+Sul+-+Ipojuca,+PE,+55590-000/@-11.3006702,-40.9107272,6z/data=!3m1!4b1!4m14!4m13!1m5!1m1!1s0x93491f18c7b13639:0xd1034d7b6ba87906!2m2!1d-46.7722996!2d-13.0370837!1m5!1m1!1s0x7aaedc79b1a416f:0xc71ea8190c01d671!2m2!1d-35.008365!2d-8.3768666!3e0?entry=ttu | O83: =AVERAGE(G83:G86) -> 2365.75
E84: BALIZA | G84: 2699 | H84: https://www.google.com/maps/dir/Baliza,+GO/Refinaria+Abreu+e+Lima+(RNEST)+-+Estr.+Tdr+Sul+-+Ipojuca,+PE,+55590-000/@-12.1330267,-43.758758,5z/data=!3m1!4b1!4m14!4m13!1m5!1m1!1s0x9365307b9d2245d1:0xdb2d6f69d7d7b0a9!2m2!1d-52.5464374!2d-16.196968!1m5!1m1!1s0x7aaedc79b1a416f:0xc71ea8190c01d671!2m2!1d-35.008365!2d-8.3768666!3e0?entry=ttu
E85: APORÉ | G85: 2768 | H85: https://www.google.com/maps/dir/Apor%C3%A9,+GO/Refinaria+Abreu+e+Lima+(RNEST)+-+Estr.+Tdr+Sul+-+Ipojuca,+PE,+55590-000/@-13.590381,-43.5307634,5z/data=!3m1!4b1!4m14!4m13!1m5!1m1!1s0x949c5a0f2a9ba177:0x7af8cec9490b47fc!2m2!1d-51.9255012!2d-18.9660716!1m5!1m1!1s0x7aaedc79b1a416f:0xc71ea8190c01d671!2m2!1d-35.008365!2d-8.3768666!3e0?entry=ttu
E86: CRISTALINA | G86: 2193 | H86: https://www.google.com/maps/dir/Cristalina,+GO/Refinaria+Abreu+e+Lima+(RNEST)+-+Estr.+Tdr+Sul+-+Ipojuca,+PE,+55590-000/@-13.1757115,-41.3361005,6z/data=!3m1!4b1!4m14!4m13!1m5!1m1!1s0x93583d29b2aa9011:0x9d039879fad265bc!2m2!1d-47.6085589!2d-16.7639015!1m5!1m1!1s0x7aaedc79b1a416f:0xc71ea8190c01d671!2m2!1d-35.008365!2d-8.3768666!3e0?entry=ttu
D88: =1+D83 -> 2 | E88: =$E$83 -> CAMPOS BELOS | F88: Refinaria Potiguar Clara Camarão, Guamaré - RN, 59598-000 | G88: 1975 | H88: https://www.google.com/maps/dir/Campos+Belos,+GO/Refinaria+Potiguar+Clara+Camar%C3%A3o,+Guamar%C3%A9+-+RN/@-9.085041,-41.578211,6z/data=!3m1!4b1!4m14!4m13!1m5!1m1!1s0x93491f18c7b13639:0xd1034d7b6ba87906!2m2!1d-46.7722996!2d-13.0370837!1m5!1m1!1s0x7b6cd8cd83ff277:0x8a503718d7952713!2m2!1d-36.3843455!2d-5.1331826!3e0?entry=ttu | O88: =AVERAGE(G88:G91) -> 2563.5
E89: =$E$84 -> BALIZA | G89: 2899 | H89: https://www.google.com/maps/dir/Baliza,+GO/Ativo+Industrial+de+Guamar%C3%A9+-+3R+Petroleum,+Rodovia+RN-221,+Km+25,+s%2Fn+-+Zona+Rural,+Guamar%C3%A9+-+RN,+59598-000/@-10.6619115,-44.4751774,5z/data=!3m1!4b1!4m14!4m13!1m5!1m1!1s0x9365307b9d2245d1:0xdb2d6f69d7d7b0a9!2m2!1d-52.5464374!2d-16.196968!1m5!1m1!1s0x7b6cc59a224ad01:0x63b9407722aa2dd3!2m2!1d-36.3803785!2d-5.1276997!3e0?entry=ttu | O89: .
E90: =$E$85 -> APORÉ | G90: 2977 | H90: https://www.google.com/maps/dir/Apor%C3%A9,+GO/Ativo+Industrial+de+Guamar%C3%A9+-+3R+Petroleum,+Rodovia+RN-221,+Km+25,+s%2Fn+-+Zona+Rural,+Guamar%C3%A9+-+RN,+59598-000/@-12.1192659,-44.2471829,5z/data=!3m1!4b1!4m14!4m13!1m5!1m1!1s0x949c5a0f2a9ba177:0x7af8cec9490b47fc!2m2!1d-51.9255012!2d-18.9660716!1m5!1m1!1s0x7b6cc59a224ad01:0x63b9407722aa2dd3!2m2!1d-36.3803785!2d-5.1276997!3e0?entry=ttu | O90: .
E91: =$E$86 -> CRISTALINA | G91: 2403 | H91: https://www.google.com/maps/dir/Cristalina,+GO/Ativo+Industrial+de+Guamar%C3%A9+-+3R+Petroleum,+Rodovia+RN-221,+Km+25,+s%2Fn+-+Zona+Rural,+Guamar%C3%A9+-+RN,+59598-000/@-11.5689754,-42.0176714,6z/data=!3m1!4b1!4m14!4m13!1m5!1m1!1s0x93583d29b2aa9011:0x9d039879fad265bc!2m2!1d-47.6085589!2d-16.7639015!1m5!1m1!1s0x7b6cc59a224ad01:0x63b9407722aa2dd3!2m2!1d-36.3803785!2d-5.1276997!3e0?entry=ttu | O91: .
D93: =1+D88 -> 3 | E93: =$E$83 -> CAMPOS BELOS | F93: Refinaria de Mataripe, BA-523, KM 4 - Mataripe, São Francisco do Conde - BA, 43900-000 | G93: 1114 | H93: https://www.google.com/maps/dir/Campos+Belos,+GO/Refinaria+de+Mataripe,+BA-523,+KM+4+-+Mataripe,+S%C3%A3o+Francisco+do+Conde+-+BA,+43900-000/@-13.1428796,-42.6753207,6z/data=!3m1!4b1!4m14!4m13!1m5!1m1!1s0x93491f18c7b13639:0xd1034d7b6ba87906!2m2!1d-46.7722996!2d-13.0370837!1m5!1m1!1s0x71673476bc054c1:0x62b159ead34aeefa!2m2!1d-38.5666059!2d-12.7048976!3e0?entry=ttu | O93: =AVERAGE(G93:G96) -> 1673
E94: =$E$84 -> BALIZA | G94: 2011 | H94: https://www.google.com/maps/dir/Baliza,+GO/Refinaria+de+Mataripe,+BA-523,+KM+4+-+Mataripe,+S%C3%A3o+Francisco+do+Conde+-+BA,+43900-000/@-14.3424119,-45.5582,6z/data=!3m1!4b1!4m14!4m13!1m5!1m1!1s0x9365307b9d2245d1:0xdb2d6f69d7d7b0a9!2m2!1d-52.5464374!2d-16.196968!1m5!1m1!1s0x71673476bc054c1:0x62b159ead34aeefa!2m2!1d-38.5666059!2d-12.7048976!3e0?entry=ttu | O94: .
E95: =$E$85 -> APORÉ | G95: 2063 | H95: https://www.google.com/maps/dir/Apor%C3%A9,+GO/Refinaria+de+Mataripe,+BA-523,+KM+4+-+Mataripe,+S%C3%A3o+Francisco+do+Conde+-+BA,+43900-000/@-15.5682114,-45.3302054,6z/data=!3m1!4b1!4m14!4m13!1m5!1m1!1s0x949c5a0f2a9ba177:0x7af8cec9490b47fc!2m2!1d-51.9255012!2d-18.9660716!1m5!1m1!1s0x71673476bc054c1:0x62b159ead34aeefa!2m2!1d-38.5666059!2d-12.7048976!3e0?entry=ttu | O95: .
E96: =$E$86 -> CRISTALINA | G96: 1504 | H96: https://www.google.com/maps/dir/Cristalina,+GO/Refinaria+de+Mataripe,+BA-523,+KM+4+-+Mataripe,+S%C3%A3o+Francisco+do+Conde+-+BA,+43900-000/@-15.0179209,-43.1006939,6z/data=!3m1!4b1!4m14!4m13!1m5!1m1!1s0x93583d29b2aa9011:0x9d039879fad265bc!2m2!1d-47.6085589!2d-16.7639015!1m5!1m1!1s0x71673476bc054c1:0x62b159ead34aeefa!2m2!1d-38.5666059!2d-12.7048976!3e0?entry=ttu | O96: .
D98: =1+D93 -> 4 | E98: =$E$83 -> CAMPOS BELOS | F98: Petrobras LUBNOR - Refinaria Lubrificantes e Derivados do Nordeste, Av. Leite Barbosa, 625 - Cais do Porto, Fortaleza - CE, 60180-420 | G98: 1804 | H98: https://www.google.com/maps/dir/Campos+Belos,+GO/Petrobras+LUBNOR+-+Refinaria+Lubrificantes+e+Derivados+do+Nordeste,+Av.+Leite+Barbosa,+625+-+Cais+do+Porto,+Fortaleza+-+CE,+60180-420/@-8.3759586,-42.6221531,6z/data=!3m1!4b1!4m14!4m13!1m5!1m1!1s0x93491f18c7b13639:0xd1034d7b6ba87906!2m2!1d-46.7722996!2d-13.0370837!1m5!1m1!1s0x7c747ef4bb6608f:0xd4471b4e3287641f!2m2!1d-38.4720975!2d-3.7145839!3e0?entry=ttu | O98: =AVERAGE(G98:G101) -> 2391.5
E99: =$E$84 -> BALIZA | G99: 2725 | H99: https://www.google.com/maps/dir/Baliza,+GO/Petrobras+LUBNOR+-+Refinaria+Lubrificantes+e+Derivados+do+Nordeste,+Av.+Leite+Barbosa,+625+-+Cais+do+Porto,+Fortaleza+-+CE,+60180-420/@-9.8059185,-45.5257691,6z/data=!3m1!4b1!4m14!4m13!1m5!1m1!1s0x9365307b9d2245d1:0xdb2d6f69d7d7b0a9!2m2!1d-52.5464374!2d-16.196968!1m5!1m1!1s0x7c747ef4bb6608f:0xd4471b4e3287641f!2m2!1d-38.4720975!2d-3.7145839!3e0?entry=ttu | O99: .
E100: =$E$85 -> APORÉ | G100: 2803 | H100: https://www.google.com/maps/dir/Apor%C3%A9,+GO/Petrobras+LUBNOR+-+Refinaria+Lubrificantes+e+Derivados+do+Nordeste,+Av.+Leite+Barbosa,+625+-+Cais+do+Porto,+Fortaleza+-+CE,+60180-420/@-11.4127736,-45.2977746,5z/data=!3m1!4b1!4m14!4m13!1m5!1m1!1s0x949c5a0f2a9ba177:0x7af8cec9490b47fc!2m2!1d-51.9255012!2d-18.9660716!1m5!1m1!1s0x7c747ef4bb6608f:0xd4471b4e3287641f!2m2!1d-38.4720975!2d-3.7145839!3e0?entry=ttu | O100: .
E101: =$E$86 -> CRISTALINA | G101: 2234 | H101: https://www.google.com/maps/dir/73850-000,+Cristalina+-+GO/Petrobras+LUBNOR+-+Refinaria+Lubrificantes+e+Derivados+do+Nordeste,+Av.+Leite+Barbosa,+625+-+Cais+do+Porto,+Fortaleza+-+CE,+60180-420/@-10.2312232,-43.068263,6z/data=!3m1!4b1!4m14!4m13!1m5!1m1!1s0x9358232814cccd31:0x4410004d262418fd!2m2!1d-47.5275422!2d-16.7073638!1m5!1m1!1s0x7c747ef4bb6608f:0xd4471b4e3287641f!2m2!1d-38.4720975!2d-3.7145839!3e0?entry=ttu | O101: .
D103: =1+D98 -> 5 | E103: =$E$83 -> CAMPOS BELOS | F103: Refinaria de Capuava - RECAP (Petrobras), Av. Alberto Soares Sampaio, 2122-A - RP5 (Regiões de Planejamento), Mauá - SP, 09330-705 | G103: 1406 | H103: https://www.google.com/maps/dir/Campos+Belos,+GO/Refinaria+de+Capuava+-+RECAP+(Petrobras),+Av.+Alberto+Soares+Sampaio,+2122-A+-+RP5+(Regi%C3%B5es+de+Planejamento),+Mau%C3%A1+-+SP,+09330-705/@-18.3488319,-46.6791227,6z/data=!3m1!4b1!4m14!4m13!1m5!1m1!1s0x93491f18c7b13639:0xd1034d7b6ba87906!2m2!1d-46.7722996!2d-13.0370837!1m5!1m1!1s0x94ce69a8e7efefa9:0x7030a56af95ebda8!2m2!1d-46.4813114!2d-23.6566021!3e0?entry=ttu | O103: =AVERAGE(G103:G106) -> 1112
E104: =$E$84 -> BALIZA | G104: 1269 | H104: https://www.google.com/maps/dir/Baliza,+GO,+76250-000/Refinaria+de+Capuava+-+RECAP+(Petrobras),+Av.+Alberto+Soares+Sampaio,+2122-A+-+RP5+(Regi%C3%B5es+de+Planejamento),+Mau%C3%A1+-+SP,+09330-705/@-19.8998558,-49.4932135,6z/data=!3m1!4b1!4m14!4m13!1m5!1m1!1s0x9365307b9d2245d1:0xdb2d6f69d7d7b0a9!2m2!1d-52.5464374!2d-16.196968!1m5!1m1!1s0x94ce69a8e7efefa9:0x7030a56af95ebda8!2m2!1d-46.4813114!2d-23.6566021!3e0?entry=ttu | O104: .
E105: =$E$85 -> APORÉ | G105: 854 | H105: https://www.google.com/maps/dir/Apor%C3%A9,+GO/Refinaria+de+Capuava+-+RECAP+(Petrobras),+Av.+Alberto+Soares+Sampaio,+2122-A+-+RP5+(Regi%C3%B5es+de+Planejamento),+Mau%C3%A1+-+SP,+09330-705/@-21.3865789,-49.1827543,7z/data=!3m1!4b1!4m14!4m13!1m5!1m1!1s0x949c5a0f2a9ba177:0x7af8cec9490b47fc!2m2!1d-51.9255012!2d-18.9660716!1m5!1m1!1s0x94ce69a8e7efefa9:0x7030a56af95ebda8!2m2!1d-46.4813114!2d-23.6566021!3e0?entry=ttu | O105: .
E106: =$E$86 -> CRISTALINA | G106: 919 | H106: https://www.google.com/maps/dir/73850-000,+Cristalina+-+GO/Refinaria+de+Capuava+-+RECAP+(Petrobras)+-+Avenida+Alberto+Soares+Sampaio+-+RP5+(Regi%C3%B5es+de+Planejamento),+Mau%C3%A1+-+SP/@-20.2532073,-47.5232856,6z/data=!3m1!4b1!4m14!4m13!1m5!1m1!1s0x9358232814cccd31:0x4410004d262418fd!2m2!1d-47.5275422!2d-16.7073638!1m5!1m1!1s0x94ce69a8e7efefa9:0x7030a56af95ebda8!2m2!1d-46.4813114!2d-23.6566021!3e0?entry=ttu | O106: .
D108: =1+D103 -> 6 | E108: =$E$83 -> CAMPOS BELOS | F108: Refinaria Duque de Caxias Reduc, 7PHJ+QF - 7 s/n, 113, Rod. Washington Luiz - Campos Elíseos, Duque de Caxias - RJ, 25265-008 | G108: 1505 | H108: https://www.google.com/maps/dir/Campos+Belos,+GO/Refinaria+Duque+de+Caxias+Reduc,+7PHJ%2BQF+-+7+s%2Fn,+113,+Rod.+Washington+Luiz+-+Campos+El%C3%ADseos,+Duque+de+Caxias+-+RJ,+25265-008/@-17.8787028,-45.3691274,6z/data=!3m1!4b1!4m14!4m13!1m5!1m1!1s0x93491f18c7b13639:0xd1034d7b6ba87906!2m2!1d-46.7722996!2d-13.0370837!1m5!1m1!1s0x99731975ffd53d:0xb46f8e0b1a9fbeb4!2m2!1d-43.2699868!2d-22.7204753!3e0?entry=ttu | O108: =AVERAGE(G108:G111) -> 1342.25
E109: =$E$84 -> BALIZA | G109: 1631 | H109: https://www.google.com/maps/dir/Baliza,+GO,+76250-000/Refinaria+Duque+de+Caxias+Reduc,+7PHJ%2BQF+-+7+s%2Fn,+113,+Rod.+Washington+Luiz+-+Campos+El%C3%ADseos,+Duque+de+Caxias+-+RJ,+25265-008/@-19.7240654,-47.8100914,6z/data=!3m1!4b1!4m14!4m13!1m5!1m1!1s0x9365307b9d2245d1:0xdb2d6f69d7d7b0a9!2m2!1d-52.5464374!2d-16.196968!1m5!1m1!1s0x99731975ffd53d:0xb46f8e0b1a9fbeb4!2m2!1d-43.2699868!2d-22.7204753!3e0?entry=ttu | O109: .
E110: =$E$85 -> APORÉ | G110: 1215 | H110: https://www.google.com/maps/dir/Baliza,+GO,+76250-000/Refinaria+Duque+de+Caxias+Reduc,+7PHJ%2BQF+-+7+s%2Fn,+113,+Rod.+Washington+Luiz+-+Campos+El%C3%ADseos,+Duque+de+Caxias+-+RJ,+25265-008/@-19.7240654,-47.8100914,6z/data=!3m1!4b1!4m14!4m13!1m5!1m1!1s0x9365307b9d2245d1:0xdb2d6f69d7d7b0a9!2m2!1d-52.5464374!2d-16.196968!1m5!1m1!1s0x99731975ffd53d:0xb46f8e0b1a9fbeb4!2m2!1d-43.2699868!2d-22.7204753!3e0?entry=ttu | O110: .
E111: =$E$86 -> CRISTALINA | G111: 1018 | H111: https://www.google.com/maps/dir/73850-000,+Cristalina+-+GO/Refinaria+Duque+de+Caxias+Reduc+-+Rod.+Washington+Luiz+-+Campos+El%C3%ADseos,+Duque+de+Caxias+-+RJ/@-19.7095391,-45.3414663,7z/data=!3m1!4b1!4m14!4m13!1m5!1m1!1s0x9358232814cccd31:0x4410004d262418fd!2m2!1d-47.5275422!2d-16.7073638!1m5!1m1!1s0x99731975ffd53d:0xb46f8e0b1a9fbeb4!2m2!1d-43.2699868!2d-22.7204753!3e0?entry=ttu | O111: .
D113: =1+D108 -> 7 | E113: =$E$83 -> CAMPOS BELOS | F113: REFAP PETROBRAS - Refinaria Alberto Pasqualini, Av. Getúlio Vargas, 11001 - Brigadeira, Canoas - RS, 92420-221 | G113: 2486 | H113: https://www.google.com/maps/dir/Campos+Belos,+GO/REFAP+PETROBRAS+-+Refinaria+Alberto+Pasqualini,+Av.+Get%C3%BAlio+Vargas,+11001+-+Brigadeira,+Canoas+-+RS,+92420-221/@-21.5030956,-49.059017,5z/data=!3m1!4b1!4m14!4m13!1m5!1m1!1s0x93491f18c7b13639:0xd1034d7b6ba87906!2m2!1d-46.7722996!2d-13.0370837!1m5!1m1!1s0x95196562136e18b1:0x2b67b64f606e7ad4!2m2!1d-51.1776558!2d-29.8698426!3e0?entry=ttu | O113: =AVERAGE(G113:G116) -> 2120
E114: =$E$84 -> BALIZA | G114: 2212 | H114: https://www.google.com/maps/dir/Baliza,+GO,+76250-000/REFAP+PETROBRAS+-+Refinaria+Alberto+Pasqualini,+Av.+Get%C3%BAlio+Vargas,+11001+-+Brigadeira,+Canoas+-+RS,+92420-221/@-23.0541195,-50.6054736,5z/data=!3m1!4b1!4m14!4m13!1m5!1m1!1s0x9365307b9d2245d1:0xdb2d6f69d7d7b0a9!2m2!1d-52.5464374!2d-16.196968!1m5!1m1!1s0x95196562136e18b1:0x2b67b64f606e7ad4!2m2!1d-51.1776558!2d-29.8698426!3e0?entry=ttu | O114: .
E115: =$E$85 -> APORÉ | G115: 1783 | H115: https://www.google.com/maps/dir/Apor%C3%A9,+GO/REFAP+PETROBRAS+-+Refinaria+Alberto+Pasqualini,+Av.+Get%C3%BAlio+Vargas,+11001+-+Brigadeira,+Canoas+-+RS,+92420-221/@-24.4673036,-50.6054735,6z/data=!3m1!4b1!4m14!4m13!1m5!1m1!1s0x949c5a0f2a9ba177:0x7af8cec9490b47fc!2m2!1d-51.9255012!2d-18.9660716!1m5!1m1!1s0x95196562136e18b1:0x2b67b64f606e7ad4!2m2!1d-51.1776558!2d-29.8698426!3e0?entry=ttu | O115: .
E116: =$E$86 -> CRISTALINA | G116: 1999 | H116: https://www.google.com/maps/dir/73850-000,+Cristalina+-+GO/REFAP+PETROBRAS+-+Refinaria+Alberto+Pasqualini+-+Avenida+Get%C3%BAlio+Vargas+-+Brigadeira,+Canoas+-+RS/@-27.2661031,-58.6906687,5z/data=!4m14!4m13!1m5!1m1!1s0x9358232814cccd31:0x4410004d262418fd!2m2!1d-47.5275422!2d-16.7073638!1m5!1m1!1s0x95196562136e18b1:0x2b67b64f606e7ad4!2m2!1d-51.1776558!2d-29.8698426!3e0?entry=ttu | O116: .
D118: =1+D113 -> 8 | E118: =$E$83 -> CAMPOS BELOS | F118: PX Energy, R. Manoel Cunha Bitencourt - São Mateus do Sul, PR, 83900-000 | G118: 1773 | H118: https://www.google.com/maps/dir/Campos+Belos,+GO/PX+Energy,+R.+Manoel+Cunha+Bitencourt+-+S%C3%A3o+Mateus+do+Sul,+PR,+83900-000/@-19.4503474,-48.7000418,6z/data=!3m1!4b1!4m14!4m13!1m5!1m1!1s0x93491f18c7b13639:0xd1034d7b6ba87906!2m2!1d-46.7722996!2d-13.0370837!1m5!1m1!1s0x94e7a32c0ce95f33:0x39bc37ce252e84d1!2m2!1d-50.3966776!2d-25.8611641!3e0?entry=ttu | O118: =AVERAGE(G118:G121) -> 1391.5
E119: =$E$84 -> BALIZA | G119: 1481 | H119: https://www.google.com/maps/dir/Baliza,+GO,+76250-000/PX+Energy,+R.+Manoel+Cunha+Bitencourt+-+S%C3%A3o+Mateus+do+Sul,+PR,+83900-000/@-21.0013713,-51.4728258,6z/data=!3m1!4b1!4m14!4m13!1m5!1m1!1s0x9365307b9d2245d1:0xdb2d6f69d7d7b0a9!2m2!1d-52.5464374!2d-16.196968!1m5!1m1!1s0x94e7a32c0ce95f33:0x39bc37ce252e84d1!2m2!1d-50.3966776!2d-25.8611641!3e0?entry=ttu | O119: .
E120: =$E$85 -> APORÉ | G120: 1026 | H120: https://www.google.com/maps/dir/Apor%C3%A9,+GO/PX+Energy,+R.+Manoel+Cunha+Bitencourt+-+S%C3%A3o+Mateus+do+Sul,+PR,+83900-000/@-22.4132889,-51.0035095,6z/data=!3m1!4b1!4m14!4m13!1m5!1m1!1s0x949c5a0f2a9ba177:0x7af8cec9490b47fc!2m2!1d-51.9255012!2d-18.9660716!1m5!1m1!1s0x94e7a32c0ce95f33:0x39bc37ce252e84d1!2m2!1d-50.3966776!2d-25.8611641!3e0?entry=ttu | O120: .
E121: =$E$86 -> CRISTALINA | G121: 1286 | H121: https://www.google.com/maps/dir/73850-000,+Cristalina+-+GO/PX+Energy,+R.+Manoel+Cunha+Bitencourt+-+S%C3%A3o+Mateus+do+Sul,+PR,+83900-000/@-21.2811838,-49.0910501,6z/data=!3m1!4b1!4m14!4m13!1m5!1m1!1s0x9358232814cccd31:0x4410004d262418fd!2m2!1d-47.5275422!2d-16.7073638!1m5!1m1!1s0x94e7a32c0ce95f33:0x39bc37ce252e84d1!2m2!1d-50.3966776!2d-25.8611641!3e0?entry=ttu | O121: .
D123: =1+D118 -> 9 | E123: =$E$83 -> CAMPOS BELOS | F123: Refinaria Gabriel Passos (REGAP), Av. Refinaria Gabriel Passos, 690 - Distrito Industrial Paulo Camilo Sul, Betim - MG, 32669-200 | G123: 1102 | H123: https://www.google.com/maps/dir/Campos+Belos,+GO/Refinaria+Gabriel+Passos+(REGAP),+Av.+Refinaria+Gabriel+Passos,+690+-+Distrito+Industrial+Paulo+Camilo+Sul,+Betim+-+MG,+32669-200/@-16.5134703,-45.8564767,6z/data=!3m1!4b1!4m14!4m13!1m5!1m1!1s0x93491f18c7b13639:0xd1034d7b6ba87906!2m2!1d-46.7722996!2d-13.0370837!1m5!1m1!1s0xa6c09c0ff9a22d:0xd8faa143adc63fb9!2m2!1d-44.0948753!2d-19.9637042!3e0?entry=ttu | O123: =AVERAGE(G123:G126) -> 967.75
E124: =$E$84 -> BALIZA | G124: 1200 | H124: https://www.google.com/maps/dir/Baliza,+GO,+76250-000/Refinaria+Gabriel+Passos+(REGAP),+Av.+Refinaria+Gabriel+Passos,+690+-+Distrito+Industrial+Paulo+Camilo+Sul,+Betim+-+MG,+32669-200/@-18.0644942,-48.3197718,6z/data=!3m1!4b1!4m14!4m13!1m5!1m1!1s0x9365307b9d2245d1:0xdb2d6f69d7d7b0a9!2m2!1d-52.5464374!2d-16.196968!1m5!1m1!1s0xa6c09c0ff9a22d:0xd8faa143adc63fb9!2m2!1d-44.0948753!2d-19.9637042!3e0?entry=ttu | O124: .
E125: =$E$85 -> APORÉ | G125: 955 | H125: https://www.google.com/maps/dir/Apor%C3%A9,+GO/Refinaria+Gabriel+Passos+(REGAP),+Av.+Refinaria+Gabriel+Passos,+690+-+Distrito+Industrial+Paulo+Camilo+Sul,+Betim+-+MG,+32669-200/@-19.1912942,-48.0093126,6z/data=!3m1!4b1!4m14!4m13!1m5!1m1!1s0x949c5a0f2a9ba177:0x7af8cec9490b47fc!2m2!1d-51.9255012!2d-18.9660716!1m5!1m1!1s0xa6c09c0ff9a22d:0xd8faa143adc63fb9!2m2!1d-44.0948753!2d-19.9637042!3e0?entry=ttu | O125: .
E126: =$E$86 -> CRISTALINA | G126: 614 | H126: https://www.google.com/maps/dir/73850-000,+Cristalina+-+GO/Refinaria+Gabriel+Passos+(REGAP)+-+Avenida+Refinaria+Gabriel+Passos+-+Distrito+Industrial+Paulo+Camilo+Sul,+Betim+-+MG/@-18.3443066,-45.8288156,8z/data=!3m1!4b1!4m14!4m13!1m5!1m1!1s0x9358232814cccd31:0x4410004d262418fd!2m2!1d-47.5275422!2d-16.7073638!1m5!1m1!1s0xa6c09c0ff9a22d:0xd8faa143adc63fb9!2m2!1d-44.0948753!2d-19.9637042!3e0?entry=ttu | O126: .
D128: =1+D123 -> 10 | E128: =$E$83 -> CAMPOS BELOS | F128: Refinaria Presidente Getúlio Vargas - Petrobras, BR-476, Rod. do Xisto, KM 16 - São Thomáz, Araucária - PR, 83707-440 | G128: 1783 | H128: https://www.google.com/maps/dir/Campos+Belos,+GO/Refinaria+Presidente+Get%C3%BAlio+Vargas+-+Petrobras,+BR-476,+Rod.+do+Xisto,+KM+16+-+S%C3%A3o+Thom%C3%A1z,+Arauc%C3%A1ria+-+PR,+83707-440/@-19.3049546,-48.6551064,6z/data=!3m1!4b1!4m14!4m13!1m5!1m1!1s0x93491f18c7b13639:0xd1034d7b6ba87906!2m2!1d-46.7722996!2d-13.0370837!1m5!1m1!1s0x94dd03c6853d09e1:0x3551e8f1e8dd732b!2m2!1d-49.3694113!2d-25.565838!3e0?entry=ttu | O128: =AVERAGE(G128:G131) -> 1387.75
E129: =$E$84 -> BALIZA | G129: 1466 | H129: https://www.google.com/maps/dir/Baliza,+GO,+76250-000/Refinaria+Presidente+Get%C3%BAlio+Vargas+-+Petrobras,+BR-476,+Rod.+do+Xisto,+KM+16+-+S%C3%A3o+Thom%C3%A1z,+Arauc%C3%A1ria+-+PR,+83707-440/@-20.8559784,-50.9293197,6z/data=!3m1!4b1!4m14!4m13!1m5!1m1!1s0x9365307b9d2245d1:0xdb2d6f69d7d7b0a9!2m2!1d-52.5464374!2d-16.196968!1m5!1m1!1s0x94dd03c6853d09e1:0x3551e8f1e8dd732b!2m2!1d-49.3694113!2d-25.565838!3e0?entry=ttu | O129: .
E130: =$E$85 -> APORÉ | G130: 1006 | H130: https://www.google.com/maps/dir/Apor%C3%A9,+GO/Refinaria+Presidente+Get%C3%BAlio+Vargas+-+Petrobras,+BR-476,+Rod.+do+Xisto,+KM+16+-+S%C3%A3o+Thom%C3%A1z,+Arauc%C3%A1ria+-+PR,+83707-440/@-22.2691625,-50.6316415,6z/data=!3m1!4b1!4m14!4m13!1m5!1m1!1s0x949c5a0f2a9ba177:0x7af8cec9490b47fc!2m2!1d-51.9255012!2d-18.9660716!1m5!1m1!1s0x94dd03c6853d09e1:0x3551e8f1e8dd732b!2m2!1d-49.3694113!2d-25.565838!3e0?entry=ttu | O130: .
E131: =$E$86 -> CRISTALINA | G131: 1296 | H131: https://www.google.com/maps/dir/73850-000,+Cristalina+-+GO/Refinaria+Presidente+Get%C3%BAlio+Vargas+-+Petrobras+-+Rodovia+do+Xisto+-+S%C3%A3o+Thom%C3%A1z,+Arauc%C3%A1ria+-+PR/@-21.1357909,-48.5070483,6z/data=!3m1!4b1!4m14!4m13!1m5!1m1!1s0x9358232814cccd31:0x4410004d262418fd!2m2!1d-47.5275422!2d-16.7073638!1m5!1m1!1s0x94dd03c6853d09e1:0x3551e8f1e8dd732b!2m2!1d-49.3694113!2d-25.565838!3e0?entry=ttu | O131: .
D133: =1+D128 -> 11 | E133: =$E$83 -> CAMPOS BELOS | F133: Refinaria Presidente Bernardes (RPBC), Avenida 9 de Abril 777 Jardim das Industria - Centro, Cubatão - SP, 11510-002 | G133: 1440 | H133: https://www.google.com/maps/dir/Campos+Belos,+GO/Refinaria+Presidente+Bernardes+-+RPBC+(CEAD+-+Centro+Administrativo),+Av.+9+de+Abril,+777+-+CENTRO,+Cubat%C3%A3o+-+SP,+11510-002/@-18.4827573,-47.3458221,6z/data=!3m1!4b1!4m14!4m13!1m5!1m1!1s0x93491f18c7b13639:0xd1034d7b6ba87906!2m2!1d-46.7722996!2d-13.0370837!1m5!1m1!1s0x94ce10c70b8bfc1d:0x3acab380602ab340!2m2!1d-46.4268269!2d-23.874568!3e0?entry=ttu | O133: =AVERAGE(G133:G136) -> 1146
E134: =$E$84 -> BALIZA | G134: 1303 | H134: https://www.google.com/maps/dir/Baliza,+GO,+76250-000/Refinaria+Presidente+Bernardes+-+RPBC+(CEAD+-+Centro+Administrativo),+Av.+9+de+Abril,+777+-+CENTRO,+Cubat%C3%A3o+-+SP,+11510-002/@-20.0337811,-49.4856937,6z/data=!3m1!4b1!4m14!4m13!1m5!1m1!1s0x9365307b9d2245d1:0xdb2d6f69d7d7b0a9!2m2!1d-52.5464374!2d-16.196968!1m5!1m1!1s0x94ce10c70b8bfc1d:0x3acab380602ab340!2m2!1d-46.4268269!2d-23.874568!3e0?entry=ttu | O134: .
E135: =$E$85 -> APORÉ | G135: 888 | H135: https://www.google.com/maps/dir/Apor%C3%A9,+GO/Refinaria+Presidente+Bernardes+-+RPBC+(CEAD+-+Centro+Administrativo),+Av.+9+de+Abril,+777+-+CENTRO,+Cubat%C3%A3o+-+SP,+11510-002/@-21.4469652,-49.1752345,7z/data=!3m1!4b1!4m14!4m13!1m5!1m1!1s0x949c5a0f2a9ba177:0x7af8cec9490b47fc!2m2!1d-51.9255012!2d-18.9660716!1m5!1m1!1s0x94ce10c70b8bfc1d:0x3acab380602ab340!2m2!1d-46.4268269!2d-23.874568!3e0?entry=ttu | O135: .
E136: =$E$86 -> CRISTALINA | G136: 953 | H136: https://www.google.com/maps/dir/73850-000,+Cristalina+-+GO/Refinaria+Presidente+Bernardes+(RPBC)+-+Centro,+Cubat%C3%A3o+-+SP/@-20.3135936,-47.5157658,6z/data=!3m1!4b1!4m14!4m13!1m5!1m1!1s0x9358232814cccd31:0x4410004d262418fd!2m2!1d-47.5275422!2d-16.7073638!1m5!1m1!1s0x94ce10cf56ca87b9:0x3934f50e2ed0db60!2m2!1d-46.4352226!2d-23.8730106!3e0?entry=ttu | O136: .
D138: =1+D133 -> 12 | E138: =$E$83 -> CAMPOS BELOS | F138: REPLAN - Refinaria Planalto de Paulínia, Rod. SP-332 Km 130 s/n - Bonfim, Paulínia - SP, 13140-000 | G138: 1273 | H138: https://www.google.com/maps/dir/Campos+Belos,+GO/REPLAN+-+Refinaria+Planalto+de+Paul%C3%ADnia,+Rod.+SP-332+Km+130+s%2Fn+-+Bonfim,+Paul%C3%ADnia+-+SP,+13140-000/@-17.917217,-47.3070136,6z/data=!3m1!4b1!4m14!4m13!1m5!1m1!1s0x93491f18c7b13639:0xd1034d7b6ba87906!2m2!1d-46.7722996!2d-13.0370837!1m5!1m1!1s0x94c8952cd73a6167:0x7453c16040059447!2m2!1d-47.1478799!2d-22.7294915!3e0?entry=ttu | O138: =AVERAGE(G138:G141) -> 979
E139: =$E$84 -> BALIZA | G139: 1136 | H139: https://www.google.com/maps/dir/Baliza,+GO,+76250-000/REPLAN+-+Refinaria+Planalto+de+Paul%C3%ADnia,+Rod.+SP-332+Km+130+s%2Fn+-+Bonfim,+Paul%C3%ADnia+-+SP,+13140-000/@-19.4682408,-49.7205685,6z/data=!3m1!4b1!4m14!4m13!1m5!1m1!1s0x9365307b9d2245d1:0xdb2d6f69d7d7b0a9!2m2!1d-52.5464374!2d-16.196968!1m5!1m1!1s0x94c8952cd73a6167:0x7453c16040059447!2m2!1d-47.1478799!2d-22.7294915!3e0?entry=ttu | O139: .
E140: =$E$85 -> APORÉ | G140: 721 | H140: https://www.google.com/maps/dir/Apor%C3%A9,+GO/REPLAN+-+Refinaria+Planalto+de+Paul%C3%ADnia,+Rod.+SP-332+Km+130+s%2Fn+-+Bonfim,+Paul%C3%ADnia+-+SP,+13140-000/@-20.893749,-49.5294391,7z/data=!3m1!4b1!4m14!4m13!1m5!1m1!1s0x949c5a0f2a9ba177:0x7af8cec9490b47fc!2m2!1d-51.9255012!2d-18.9660716!1m5!1m1!1s0x94c8952cd73a6167:0x7453c16040059447!2m2!1d-47.1478799!2d-22.7294915!3e0?entry=ttu | O140: .
E141: =$E$86 -> CRISTALINA | G141: 786 | H141: https://www.google.com/maps/dir/73850-000,+Cristalina+-+GO/REPLAN+-+Refinaria+Planalto+de+Paul%C3%ADnia+-+Bonfim,+Paul%C3%ADnia+-+SP/@-19.7196984,-47.7046971,7z/data=!3m1!4b1!4m14!4m13!1m5!1m1!1s0x9358232814cccd31:0x4410004d262418fd!2m2!1d-47.5275422!2d-16.7073638!1m5!1m1!1s0x94c8952cd73a6167:0x7453c16040059447!2m2!1d-47.1478799!2d-22.7294915!3e0?entry=ttu | O141: .
D143: =1+D138 -> 13 | E143: =$E$83 -> CAMPOS BELOS | F143: Refinaria Henrique Lage - Revap, Rodovia Presidente Dutra, Km 143 S/N - Jardim Diamante, SP, 12223-900 | G143: 1443 | H143: https://www.google.com/maps/dir/Campos+Belos,+GO/Refinaria+Henrique+Lage+-+Revap,+Rodovia+Presidente+Dutra,+Km+143+S%2FN+-+Jardim+Diamante,+SP,+12223-900/@-18.1958232,-47.0411371,6z/data=!3m1!4b1!4m14!4m13!1m5!1m1!1s0x93491f18c7b13639:0xd1034d7b6ba87906!2m2!1d-46.7722996!2d-13.0370837!1m5!1m1!1s0x94cc4a452bf71c15:0x806d905d298e45fe!2m2!1d-45.8155697!2d-23.1845887!3e0?entry=ttu | O143: =AVERAGE(G143:G146) -> 1149.25
E144: =$E$84 -> BALIZA | G144: 1307 | H144: https://www.google.com/maps/dir/Baliza,+GO,+76250-000/Refinaria+Henrique+Lage+-+Revap,+Rodovia+Presidente+Dutra,+Km+143+S%2FN+-+Jardim+Diamante,+SP,+12223-900/@-19.8347318,-49.1810087,6z/data=!3m1!4b1!4m14!4m13!1m5!1m1!1s0x9365307b9d2245d1:0xdb2d6f69d7d7b0a9!2m2!1d-52.5464374!2d-16.196968!1m5!1m1!1s0x94cc4a452bf71c15:0x806d905d298e45fe!2m2!1d-45.8155697!2d-23.1845887!3e0?entry=ttu | O144: .
E145: =$E$85 -> APORÉ | G145: 891 | H145: https://www.google.com/maps/dir/Apor%C3%A9,+GO/Refinaria+Henrique+Lage+-+Revap,+Rodovia+Presidente+Dutra,+Km+143+S%2FN+-+Jardim+Diamante,+SP,+12223-900/@-21.2479158,-48.8705496,7z/data=!3m1!4b1!4m14!4m13!1m5!1m1!1s0x949c5a0f2a9ba177:0x7af8cec9490b47fc!2m2!1d-51.9255012!2d-18.9660716!1m5!1m1!1s0x94cc4a452bf71c15:0x806d905d298e45fe!2m2!1d-45.8155697!2d-23.1845887!3e0?entry=ttu | O145: .
E146: =$E$86 -> CRISTALINA | G146: 956 | H146: https://www.google.com/maps/dir/73850-000,+Cristalina+-+GO/Refinaria+Henrique+Lage+-+Revap+-+Jardim+Diamante,+S%C3%A3o+Jos%C3%A9+dos+Campos+-+SP/@-20.0038778,-46.6791228,6z/data=!3m1!4b1!4m14!4m13!1m5!1m1!1s0x9358232814cccd31:0x4410004d262418fd!2m2!1d-47.5275422!2d-16.7073638!1m5!1m1!1s0x94cc4a452bf71c15:0x806d905d298e45fe!2m2!1d-45.8155697!2d-23.1845887!3e0?entry=ttu | O146: .

Sheet Transp. EAI
C2: MEMÓRIA DE CÁLCULO
F3: LEGENDA | G3: ENTRADA DE DADOS | H3: RESULTADO PARCIAL | I3: RESULTADO FINAL
E5: DADOS ANP | G5: ÍNDICE DE PAVIMENTAÇÃO DNIT | M5: IMPOSTOS | N5: COFINS
E6: TIPOLOGIA DO MATERIAL | F6: EMULSÃO ASFÁLTICA PARA SERVIÇO DE IMPRIMAÇÃO | G6: ÍNDICE INICIAL | H6: 41821 | I6: 270.237 | N6: PIS | AC6: As empresas tributadas pelo Lucro Presumido pagam 0,65% de PIS e 3% de COFINS
E7: DATA ANP | F7: 45383 | G7: ÍNDICE FINAL | H7: 45383 | I7: 567.092 | N7: ICMS | Q7: =1-(O7/1) -> 1 | R7: =1-(P7/1) -> 1 | S7: =1-(Q7/1) -> 0 | AC7: As empresas tributadas pelo Lucro Real pagam 1,65% de PIS e 7,60% de COFINS
C9: DATA-BASE | D9: PRODUTOS | E9: LOCALIDADES | J9: CUSTO ANP (R$/Kg) | L9: CUSTO ANP | M9: IMPOSTOS DO PRODUTO | N9: CUSTO DO PRODUTO COM IMPOSTOS | O9: DMT's | P9: DMT's FLUVIAL | Q9: CUSTO DO TRANSPORTE RODOVIA PAVIMENTADA | R9: CUSTO DO TRANSPORTE FLUVIAL | S9: CUSTO DO TRANSPORTE TOTAL | T9: ICMS | U9: ATUALIZAÇÃO DO CUSTO DE TRANSPORTE | V9: CUSTO DO TRANSPORTE RODOVIA PAVIMENTADA COM IMPOSTOS E ATUALIZAÇÃO MONETÁRIA | W9: PEDÁGIO | Y9: TOTAL TRANSPORTE | Z9: AQUISIÇÃO DO PRODUTO | AA9: TOTAL GERAL (TRANSP + AQUISIÇÃO) | AC9: 1 | AD9: 2 | AE9: 3
C10: =H7 -> 45383 | E10: REFINARIAS | F10: ENDEREÇO | G10: ESTADO | H10: CIDADE | I10: DESTINO | J10: ESTADO | K10: REGIÃO | L10: R$/t | M10: R$/t | N10: R$/t | O10: KM | P10: KM | Q10: R$/t | R10: R$/t | S10: R$/t | T10: R$/t | U10: R$/t | V10: R$/t | W10: CUSTO | X10: R$/t | Y10: R$/t | Z10: R$/t | AA10: R$/t | AC10: TOTAL GERAL ( TRANSP + AQUISIÇÃO) | AD10: TOTAL TRANSPORTE | AE10: AQUISIÇÃO DO PRODUTO
B11: =AA11 -> #VALUE! | C11: 1 | D11: =F6 -> EMULSÃO ASFÁLTICA PARA SERVIÇO DE IMPRIMAÇÃO | E11: 'CENTRO OESTE ASFALTOS LTDA. | F11: SETOR DE INFLAMÁVEIS, S/N TRECHO 02 - LOTE 1.100 - GUARÁ - CEP:71225-000 | G11: Distrito Federal | H11: BRASÍLIA - DF | I11: Goiânia - GO | L11: =IF(AND(J11="-",K11="-"),"",IF(AND(J11<>0,K11="-"),J11*1000,IF(AND(J11="-",K11<>0),K11*1000,IF(AND(J11<>0,K11<>0),J11*1000,"")))) | M11: =ROUND(((L11/(1-$O$5-$O$6-$O$7))-L11),2) -> #VALUE! | N11: =L11+M11 -> #VALUE! | O11: =O82 -> 454.5 | Q11: =ROUND((26.939+0.253*O11),2) -> 141.93 | S11: =Q11+R11 -> 141.93 | T11: =TRUNC(S11*($O$7/(1-$O$7)),2) -> 0 | U11: =TRUNC(IF($I$6="","",(($I$7-$I$6)/$I$6)*(S11+T11)),2) -> 155.9 | V11: =S11+T11+U11 -> 297.83 | Y11: =IF(AND(Q11="",T11=""),"",V11+X11) -> 297.83 | Z11: =IF(OR(L11="",M11=""),"",L11+M11) -> #VALUE! | AA11: =IF(OR(Y11="",Z11=""),"",Y11+Z11) -> #VALUE! | AC11: =AA11 -> #VALUE! | AD11: =Y11 -> 297.83 | AE11: =Z11 -> #VALUE! | AH11: =IF(OR(G11=$D$40,G11=$D$41,G11=$D$43,G11=$D$49,G11=$D$33,G11=$D$29,G11=$D$25,G11=$D$38,G11=$D$28),"NORDESTE",IF(OR(G11=$D$24,G11=$D$26,G11=$D$27,G11=$D$37,G11=$D$45,G11=$D$46,G11=$D$50),"NORTE",IF(OR(G11=$D$30,G11=$D$32,G11=$D$34,G11=$D$35),"CENTRO-OESTE",IF(OR(G11=$D$48,G11=$D$42,G11=$D$36,G11=$D$31),"SUDESTE",IF(OR(G11=$D$47,G11=$D$39,G11=$D$44),"SUL",""))))) -> CENTRO-OESTE
B12: =AA12 -> #VALUE! | C12: 2 | E12: STRATURA ASFALTOS S/A | F12: AVENIDA PRESIDENTE WILSON, 08 - JUNDIAÍ - CEP:75115-100 | G12: Goiás | H12: ANÁPOLIS - GO | I12: Goiânia - GO | L12: =IF(AND(J12="-",K12="-"),"",IF(AND(J12<>0,K12="-"),J12*1000,IF(AND(J12="-",K12<>0),K12*1000,IF(AND(J12<>0,K12<>0),J12*1000,"")))) | M12: =ROUND(((L12/(1-$O$5-$O$6-$O$7))-L12),2) -> #VALUE! | N12: =L12+M12 -> #VALUE! | O12: =O87 -> 443.5 | Q12: =ROUND((26.939+0.253*O12),2) -> 139.14 | S12: =Q12+R12 -> 139.14 | T12: =TRUNC(S12*($O$7/(1-$O$7)),2) -> 0 | U12: =TRUNC(IF($I$6="","",(($I$7-$I$6)/$I$6)*(S12+T12)),2) -> 152.84 | V12: =S12+T12+U12 -> 291.98 | Y12: =IF(AND(Q12="",T12=""),"",V12+X12) -> 291.98 | Z12: =IF(OR(L12="",M12=""),"",L12+M12) -> #VALUE! | AA12: =IF(OR(Y12="",Z12=""),"",Y12+Z12) -> #VALUE! | AC12: =AA12 -> #VALUE! | AD12: =Y12 -> 291.98 | AE12: =Z12 -> #VALUE! | AH12: =IF(OR(G12=$D$40,G12=$D$41,G12=$D$43,G12=$D$49,G12=$D$33,G12=$D$29,G12=$D$25,G12=$D$38,G12=$D$28),"NORDESTE",IF(OR(G12=$D$24,G12=$D$26,G12=$D$27,G12=$D$37,G12=$D$45,G12=$D$46,G12=$D$50),"NORTE",IF(OR(G12=$D$30,G12=$D$32,G12=$D$34,G12=$D$35),"CENTRO-OESTE",IF(OR(G12=$D$48,G12=$D$42,G12=$D$36,G12=$D$31),"SUDESTE",IF(OR(G12=$D$47,G12=$D$39,G12=$D$44),"SUL",""))))) -> CENTRO-OESTE
B13: =AA13 -> #VALUE! | C13: 3 | E13: DISTRIBUIDORA BRASILEIRA DE ASFALTO SA - DISBRAL | F13: VIA PRIMARIA 8, S/N QD-18, MODS. 24/47 - DAIAG - CEP:74980-970 | G13: Goiás | H13: APARECIDA DE GOIANIA - GO | I13: Goiânia - GO | L13: =IF(AND(J13="-",K13="-"),"",IF(AND(J13<>0,K13="-"),J13*1000,IF(AND(J13="-",K13<>0),K13*1000,IF(AND(J13<>0,K13<>0),J13*1000,"")))) | M13: =ROUND(((L13/(1-$O$5-$O$6-$O$7))-L13),2) -> #VALUE! | N13: =L13+M13 -> #VALUE! | O13: =O92 -> 453.75 | Q13: =ROUND((26.939+0.253*O13),2) -> 141.74 | S13: =Q13+R13 -> 141.74 | T13: =TRUNC(S13*($O$7/(1-$O$7)),2) -> 0 | U13: =TRUNC(IF($I$6="","",(($I$7-$I$6)/$I$6)*(S13+T13)),2) -> 155.7 | V13: =S13+T13+U13 -> 297.44 | Y13: =IF(AND(Q13="",T13=""),"",V13+X13) -> 297.44 | Z13: =IF(OR(L13="",M13=""),"",L13+M13) -> #VALUE! | AA13: =IF(OR(Y13="",Z13=""),"",Y13+Z13) -> #VALUE! | AC13: =AA13 -> #VALUE! | AD13: =Y13 -> 297.44 | AE13: =Z13 -> #VALUE! | AH13: =IF(OR(G13=$D$40,G13=$D$41,G13=$D$43,G13=$D$49,G13=$D$33,G13=$D$29,G13=$D$25,G13=$D$38,G13=$D$28),"NORDESTE",IF(OR(G13=$D$24,G13=$D$26,G13=$D$27,G13=$D$37,G13=$D$45,G13=$D$46,G13=$D$50),"NORTE",IF(OR(G13=$D$30,G13=$D$32,G13=$D$34,G13=$D$35),"CENTRO-OESTE",IF(OR(G13=$D$48,G13=$D$42,G13=$D$36,G13=$D$31),"SUDESTE",IF(OR(G13=$D$47,G13=$D$39,G13=$D$44),"SUL",""))))) -> CENTRO-OESTE
A14: 2403 | B14: =AA14 -> #VALUE! | C14: 4 | E14: INDÚSTRIA NACIONAL DE ASFALTOS LTDA. | F14: VIA PRIMEIRA E SEGUNDA 3, S/N.º LOTES 01 A 10 - DISTRITO AGROINDUSTRIAL - CEP:75370-000 | G14: Goiás | H14: GOIANIRA - GO | I14: Goiânia - GO | L14: =IF(AND(J14="-",K14="-"),"",IF(AND(J14<>0,K14="-"),J14*1000,IF(AND(J14="-",K14<>0),K14*1000,IF(AND(J14<>0,K14<>0),J14*1000,"")))) | M14: =ROUND(((L14/(1-$O$5-$O$6-$O$7))-L14),2) -> #VALUE! | N14: =L14+M14 -> #VALUE! | O14: =O97 -> 457 | Q14: =ROUND((26.939+0.253*O14),2) -> 142.56 | S14: =Q14+R14 -> 142.56 | T14: =TRUNC(S14*($O$7/(1-$O$7)),2) -> 0 | U14: =TRUNC(IF($I$6="","",(($I$7-$I$6)/$I$6)*(S14+T14)),2) -> 156.6 | V14: =S14+T14+U14 -> 299.16 | Y14: =IF(AND(Q14="",T14=""),"",V14+X14) -> 299.16 | Z14: =IF(OR(L14="",M14=""),"",L14+M14) -> #VALUE! | AA14: =IF(OR(Y14="",Z14=""),"",Y14+Z14) -> #VALUE! | AC14: =AA14 -> #VALUE! | AD14: =Y14 -> 299.16 | AE14: =Z14 -> #VALUE! | AH14: =IF(OR(G14=$D$40,G14=$D$41,G14=$D$43,G14=$D$49,G14=$D$33,G14=$D$29,G14=$D$25,G14=$D$38,G14=$D$28),"NORDESTE",IF(OR(G14=$D$24,G14=$D$26,G14=$D$27,G14=$D$37,G14=$D$45,G14=$D$46,G14=$D$50),"NORTE",IF(OR(G14=$D$30,G14=$D$32,G14=$D$34,G14=$D$35),"CENTRO-OESTE",IF(OR(G14=$D$48,G14=$D$42,G14=$D$36,G14=$D$31),"SUDESTE",IF(OR(G14=$D$47,G14=$D$39,G14=$D$44),"SUL",""))))) -> CENTRO-OESTE
D24: Acre
D25: Alagoas
D26: Amapá
D27: Amazonas
D28: Bahia
D29: Ceará
D30: Distrito Federal
D31: Espírito Santo
D32: Goiás
D33: Maranhão
D34: Mato Grosso
D35: Mato Grosso do Sul
... D80: EMULSÕES ASFÁLTICAS RR-2C
E82: CAMPOS BELOS | F82: Setor Inflamáveis Sin 1100 - tr 2, Brasília - DF, 71225-000 | G82: 409 | H82: https://www.google.com.br/maps/dir/Centro+Oeste+Asfaltos,+Setor+Inflam%C3%A1veis+Sin+1100+-+tr+2,+Bras%C3%ADlia+-+DF,+71225-000/Campos+Belos,+GO,+73840-000/@-14.4108146,-48.6812557,8z/data=!3m1!4b1!4m14!4m13!1m5!1m1!1s0x935a316dd0fb71c3:0xc43458a6c824bb12!2m2!1d-47.9782441!2d-15.7962276!1m5!1m1!1s0x93491f18c7b13639:0xd1034d7b6ba87906!2m2!1d-46.7722996!2d-13.0370837!3e0?entry=ttu | O82: 454.5
E83: BALIZA | G83: 608 | H83: https://www.google.com.br/maps/dir/Centro+Oeste+Asfaltos,+Setor+Inflam%C3%A1veis+Sin+1100+-+tr+2,+Bras%C3%ADlia+-+DF,+71225-000/Baliza,+GO,+76250-000/@-16.065852,-51.5938521,8z/data=!3m1!4b1!4m14!4m13!1m5!1m1!1s0x935a316dd0fb71c3:0xc43458a6c824bb12!2m2!1d-47.9782441!2d-15.7962276!1m5!1m1!1s0x9365307b9d2245d1:0xdb2d6f69d7d7b0a9!2m2!1d-52.5464374!2d-16.196968!3e0?entry=ttu
E84: APORÉ | G84: 671 | H84: https://www.google.com.br/maps/dir/Centro+Oeste+Asfaltos,+Setor+Inflam%C3%A1veis+Sin+1100+-+tr+2,+Bras%C3%ADlia+-+DF,+71225-000/Apor%C3%A9,+GO/@-17.4468739,-51.3702228,8z/data=!3m1!4b1!4m14!4m13!1m5!1m1!1s0x935a316dd0fb71c3:0xc43458a6c824bb12!2m2!1d-47.9782441!2d-15.7962276!1m5!1m1!1s0x949c5a0f2a9ba177:0x7af8cec9490b47fc!2m2!1d-51.9255012!2d-18.9660716!3e0?entry=ttu
E85: CRISTALINA | G85: 130 | H85: https://www.google.com.br/maps/dir/SIN+Centro+Oeste+Asfaltos+-+Guar%C3%A1,+Bras%C3%ADlia+-+DF/Cristalina,+GO/@-16.2700243,-48.1207914,10z/data=!3m1!4b1!4m14!4m13!1m5!1m1!1s0x935a316dd0fb71c3:0xc43458a6c824bb12!2m2!1d-47.9782441!2d-15.7962276!1m5!1m1!1s0x93583d29b2aa9011:0x9d039879fad265bc!2m2!1d-47.6085589!2d-16.7639015!3e0?entry=ttu
E87: =$E$82 -> CAMPOS BELOS | F87: Av. Pres. Wilson - Vila Industrial, Anápolis - GO, 75115-100 | G87: 552 | H87: https://www.google.com.br/maps/dir/Av.+Pres.+Wilson+-+Vila+Industrial,+An%C3%A1polis+-+GO,+75115-100/Campos+Belos,+GO,+73840-000/@-14.6894847,-49.1676121,8z/data=!3m1!4b1!4m14!4m13!1m5!1m1!1s0x935ea48f1beb975b:0xeb4fbf0256937b0c!2m2!1d-48.9487569!2d-16.3407178!1m5!1m1!1s0x93491f18c7b13639:0xd1034d7b6ba87906!2m2!1d-46.7722996!2d-13.0370837!3e0?entry=ttu | O87: 443.5
E88: =$E$83 -> BALIZA | G88: 462 | H88: https://www.google.com.br/maps/dir/Av.+Pres.+Wilson+-+Vila+Industrial,+An%C3%A1polis+-+GO,+75115-100/Baliza,+GO,+76250-000/@-16.2307926,-52.074116,8z/data=!3m1!4b1!4m14!4m13!1m5!1m1!1s0x935ea48f1beb975b:0xeb4fbf0256937b0c!2m2!1d-48.9487569!2d-16.3407178!1m5!1m1!1s0x9365307b9d2245d1:0xdb2d6f69d7d7b0a9!2m2!1d-52.5464374!2d-16.196968!3e0?entry=ttu
E89: =$E$84 -> APORÉ | G89: 531 | H89: https://www.google.com.br/maps/dir/Av.+Pres.+Wilson+-+Vila+Industrial,+An%C3%A1polis+-+GO,+75115-100/Apor%C3%A9,+GO/@-17.7173876,-51.8461076,8z/data=!3m1!4b1!4m14!4m13!1m5!1m1!1s0x935ea48f1beb975b:0xeb4fbf0256937b0c!2m2!1d-48.9487569!2d-16.3407178!1m5!1m1!1s0x949c5a0f2a9ba177:0x7af8cec9490b47fc!2m2!1d-51.9255012!2d-18.9660716!3e0?entry=ttu
E90: =$E$85 -> CRISTALINA | G90: 229 | H90: https://www.google.com.br/maps/dir/Av.+Pres.+Wilson+-+Vila+Industrial,+An%C3%A1polis+-+GO,+75115-100/Cristalina,+GO/@-16.3846397,-48.6122212,10z/data=!3m1!4b1!4m14!4m13!1m5!1m1!1s0x935ea48f1beb975b:0xeb4fbf0256937b0c!2m2!1d-48.9487569!2d-16.3407178!1m5!1m1!1s0x93583d29b2aa9011:0x9d039879fad265bc!2m2!1d-47.6085589!2d-16.7639015!3e0?entry=ttu
E92: =$E$82 -> CAMPOS BELOS | F92: Via Primária Oito, S/N - Daiag, Aparecida de Goiânia - GO, 74993-430 | G92: 620 | H92: https://www.google.com.br/maps/dir/Grupo+Disbral+-+GO,+Via+Prim%C3%A1ria+Oito,+S%2FN+-+Daiag,+Aparecida+de+Goi%C3%A2nia+-+GO,+74993-430/Campos+Belos,+GO,+73840-000/@-14.9171518,-49.3139526,8z/data=!3m1!4b1!4m14!4m13!1m5!1m1!1s0x935ef764ffffffff:0x625ace78c18cd76!2m2!1d-49.2058789!2d-16.8044187!1m5!1m1!1s0x93491f18c7b13639:0xd1034d7b6ba87906!2m2!1d-46.7722996!2d-13.0370837!3e0?entry=ttu | O92: 453.75
E93: =$E$83 -> BALIZA | G93: 433 | H93: https://www.google.com.br/maps/dir/Grupo+Disbral+-+GO,+Via+Prim%C3%A1ria+Oito,+S%2FN+-+Daiag,+Aparecida+de+Goi%C3%A2nia+-+GO,+74993-430/Baliza,+GO,+76250-000/@-16.3091556,-51.5520313,9z/data=!3m1!4b1!4m14!4m13!1m5!1m1!1s0x935ef764ffffffff:0x625ace78c18cd76!2m2!1d-49.2058789!2d-16.8044187!1m5!1m1!1s0x9365307b9d2245d1:0xdb2d6f69d7d7b0a9!2m2!1d-52.5464374!2d-16.196968!3e0?entry=ttu
E94: =$E$84 -> APORÉ | G94: 483 | H94: https://www.google.com.br/maps/dir/Grupo+Disbral+-+GO,+Via+Prim%C3%A1ria+Oito,+S%2FN+-+Daiag,+Aparecida+de+Goi%C3%A2nia+-+GO,+74993-430/Apor%C3%A9,+GO/@-17.9037953,-51.9583361,8z/data=!3m1!4b1!4m14!4m13!1m5!1m1!1s0x935ef764ffffffff:0x625ace78c18cd76!2m2!1d-49.2058789!2d-16.8044187!1m5!1m1!1s0x949c5a0f2a9ba177:0x7af8cec9490b47fc!2m2!1d-51.9255012!2d-18.9660716!3e0?entry=ttu
E95: =$E$85 -> CRISTALINA | G95: 279 | H95: https://www.google.com.br/maps/dir/Grupo+Disbral+-+GO,+Via+Prim%C3%A1ria+Oito,+S%2FN+-+Daiag,+Aparecida+de+Goi%C3%A2nia+-+GO,+74993-430/Cristalina,+GO/@-16.713848,-49.0820341,9z/data=!3m1!4b1!4m14!4m13!1m5!1m1!1s0x935ef764ffffffff:0x625ace78c18cd76!2m2!1d-49.2058789!2d-16.8044187!1m5!1m1!1s0x93583d29b2aa9011:0x9d039879fad265bc!2m2!1d-47.6085589!2d-16.7639015!3e0?entry=ttu
E97: =$E$82 -> CAMPOS BELOS | F97: Nacional Asfaltos, Goianira - GO, 75370-000 | G97: 626 | H97: https://www.google.com.br/maps/dir/Nacional+Asfaltos,+Goianira+-+GO,+75370-000/Campos+Belos,+GO,+73840-000/@-14.8391896,-49.4118934,8z/data=!3m1!4b1!4m14!4m13!1m5!1m1!1s0x935e63b5a4f41e4f:0xba5b241b3d264990!2m2!1d-49.4089889!2d-16.5359687!1m5!1m1!1s0x93491f18c7b13639:0xd1034d7b6ba87906!2m2!1d-46.7722996!2d-13.0370837!3e0?entry=ttu | O97: 457
E98: =$E$83 -> BALIZA | G98: 407 | H98: https://www.google.com.br/maps/dir/Nacional+Asfaltos,+Goianira+-+GO,+75370-000/Baliza,+GO,+76250-000/@-16.5398893,-51.6489793,9z/data=!3m1!4b1!4m14!4m13!1m5!1m1!1s0x935e63b5a4f41e4f:0xba5b241b3d264990!2m2!1d-49.4089889!2d-16.5359687!1m5!1m1!1s0x9365307b9d2245d1:0xdb2d6f69d7d7b0a9!2m2!1d-52.5464374!2d-16.196968!3e0?entry=ttu
E99: =$E$84 -> APORÉ | G99: 483 | H99: https://www.google.com.br/maps/dir/Nacional+Asfaltos,+Goianira+-+GO,+75370-000/Apor%C3%A9,+GO/@-17.8167798,-52.0809011,8z/data=!3m1!4b1!4m14!4m13!1m5!1m1!1s0x935e63b5a4f41e4f:0xba5b241b3d264990!2m2!1d-49.4089889!2d-16.5359687!1m5!1m1!1s0x949c5a0f2a9ba177:0x7af8cec9490b47fc!2m2!1d-51.9255012!2d-18.9660716!3e0?entry=ttu
E100: =$E$85 -> CRISTALINA | G100: 312 | H100: https://www.google.com.br/maps/dir/Nacional+Asfaltos,+Goianira+-+GO,+75370-000/Cristalina,+GO/@-16.713848,-49.1646956,9z/data=!3m1!4b1!4m14!4m13!1m5!1m1!1s0x935e63b5a4f41e4f:0xba5b241b3d264990!2m2!1d-49.4089889!2d-16.5359687!1m5!1m1!1s0x93583d29b2aa9011:0x9d039879fad265bc!2m2!1d-47.6085589!2d-16.7639015!3e0?entry=ttu

Sheet Transp. RR-1C
C2: MEMÓRIA DE CÁLCULO
F3: LEGENDA | G3: ENTRADA DE DADOS | H3: RESULTADO PARCIAL | I3: RESULTADO FINAL
E5: DADOS ANP | G5: ÍNDICE DE PAVIMENTAÇÃO DNIT | M5: IMPOSTOS | N5: COFINS
E6: TIPOLOGIA DO MATERIAL | F6: EMULSÕES ASFÁLTICAS RR-1C | G6: ÍNDICE INICIAL | H6: 41821 | I6: 270.237 | N6: PIS | AC6: As empresas tributadas pelo Lucro Presumido pagam 0,65% de PIS e 3% de COFINS
E7: DATA ANP | F7: 45383 | G7: ÍNDICE FINAL | H7: 45383 | I7: 567.092 | N7: ICMS | Q7: =1-(O7/1) -> 1 | R7: =1-(P7/1) -> 1 | S7: =1-(Q7/1) -> 0 | AC7: As empresas tributadas pelo Lucro Real pagam 1,65% de PIS e 7,60% de COFINS
C9: DATA-BASE | D9: PRODUTOS | E9: LOCALIDADES | J9: CUSTO ANP (R$/Kg) | L9: CUSTO ANP | M9: IMPOSTOS DO PRODUTO | N9: CUSTO DO PRODUTO COM IMPOSTOS | O9: DMT's | P9: DMT's FLUVIAL | Q9: CUSTO DO TRANSPORTE RODOVIA PAVIMENTADA | R9: CUSTO DO TRANSPORTE FLUVIAL | S9: CUSTO DO TRANSPORTE TOTAL | T9: ICMS | U9: ATUALIZAÇÃO DO CUSTO DE TRANSPORTE | V9: CUSTO DO TRANSPORTE RODOVIA PAVIMENTADA COM IMPOSTOS E ATUALIZAÇÃO MONETÁRIA | W9: PEDÁGIO | Y9: TOTAL TRANSPORTE | Z9: AQUISIÇÃO DO PRODUTO | AA9: TOTAL GERAL (TRANSP + AQUISIÇÃO) | AC9: 1 | AD9: 2 | AE9: 3
C10: =H7 -> 45383 | E10: REFINARIAS | F10: ENDEREÇO | G10: ESTADO | H10: CIDADE | I10: DESTINO | J10: ESTADO | K10: REGIÃO | L10: R$/t | M10: R$/t | N10: R$/t | O10: KM | P10: KM | Q10: R$/t | R10: R$/t | S10: R$/t | T10: R$/t | U10: R$/t | V10: R$/t | W10: CUSTO | X10: R$/t | Y10: R$/t | Z10: R$/t | AA10: R$/t | AC10: TOTAL GERAL ( TRANSP + AQUISIÇÃO) | AD10: TOTAL TRANSPORTE | AE10: AQUISIÇÃO DO PRODUTO
B11: =AA11 -> #VALUE! | C11: 1 | D11: =F6 -> EMULSÕES ASFÁLTICAS RR-1C | E11: 'CENTRO OESTE ASFALTOS LTDA. | F11: SETOR DE INFLAMÁVEIS, S/N TRECHO 02 - LOTE 1.100 - GUARÁ - CEP:71225-000 | G11: Distrito Federal | H11: BRASÍLIA - DF | I11: ='Transp. EAI'!I11 -> Goiânia - GO | L11: =IF(AND(J11="-",K11="-"),"",IF(AND(J11<>0,K11="-"),J11*1000,IF(AND(J11="-",K11<>0),K11*1000,IF(AND(J11<>0,K11<>0),J11*1000,"")))) | M11: =ROUND(((L11/(1-$O$5-$O$6-$O$7))-L11),2) -> #VALUE! | N11: =L11+M11 -> #VALUE! | O11: ='Transp. EAI'!O11 -> 454.5 | P11: ='Transp. EAI'!P11 -> 0 | Q11: =ROUND((26.939+0.253*O11),2) -> 141.93 | S11: =Q11+R11 -> 141.93 | T11: =TRUNC(S11*($O$7/(1-$O$7)),2) -> 0 | U11: =TRUNC(IF($I$6="","",(($I$7-$I$6)/$I$6)*(S11+T11)),2) -> 155.9 | V11: =S11+T11+U11 -> 297.83 | Y11: =IF(AND(Q11="",T11=""),"",V11+X11) -> 297.83 | Z11: =IF(OR(L11="",M11=""),"",L11+M11) -> #VALUE! | AA11: =IF(OR(Y11="",Z11=""),"",Y11+Z11) -> #VALUE! | AC11: =AA11 -> #VALUE! | AD11: =Y11 -> 297.83 | AE11: =Z11 -> #VALUE! | AH11: =IF(OR(G11=$D$40,G11=$D$41,G11=$D$43,G11=$D$49,G11=$D$33,G11=$D$29,G11=$D$25,G11=$D$38,G11=$D$28),"NORDESTE",IF(OR(G11=$D$24,G11=$D$26,G11=$D$27,G11=$D$37,G11=$D$45,G11=$D$46,G11=$D$50),"NORTE",IF(OR(G11=$D$30,G11=$D$32,G11=$D$34,G11=$D$35),"CENTRO-OESTE",IF(OR(G11=$D$48,G11=$D$42,G11=$D$36,G11=$D$31),"SUDESTE",IF(OR(G11=$D$47,G11=$D$39,G11=$D$44),"SUL",""))))) -> CENTRO-OESTE
B12: =AA12 -> #VALUE! | C12: 2 | E12: STRATURA ASFALTOS S/A | F12: AVENIDA PRESIDENTE WILSON, 08 - JUNDIAÍ - CEP:75115-100 | G12: Goiás | H12: ANÁPOLIS - GO | I12: ='Transp. EAI'!I12 -> Goiânia - GO | L12: =IF(AND(J12="-",K12="-"),"",IF(AND(J12<>0,K12="-"),J12*1000,IF(AND(J12="-",K12<>0),K12*1000,IF(AND(J12<>0,K12<>0),J12*1000,"")))) | M12: =ROUND(((L12/(1-$O$5-$O$6-$O$7))-L12),2) -> #VALUE! | N12: =L12+M12 -> #VALUE! | O12: ='Transp. EAI'!O12 -> 443.5 | P12: ='Transp. EAI'!P12 -> 0 | Q12: =ROUND((26.939+0.253*O12),2) -> 139.14 | S12: =Q12+R12 -> 139.14 | T12: =TRUNC(S12*($O$7/(1-$O$7)),2) -> 0 | U12: =TRUNC(IF($I$6="","",(($I$7-$I$6)/$I$6)*(S12+T12)),2) -> 152.84 | V12: =S12+T12+U12 -> 291.98 | Y12: =IF(AND(Q12="",T12=""),"",V12+X12) -> 291.98 | Z12: =IF(OR(L12="",M12=""),"",L12+M12) -> #VALUE! | AA12: =IF(OR(Y12="",Z12=""),"",Y12+Z12) -> #VALUE! | AC12: =AA12 -> #VALUE! | AD12: =Y12 -> 291.98 | AE12: =Z12 -> #VALUE! | AH12: =IF(OR(G12=$D$40,G12=$D$41,G12=$D$43,G12=$D$49,G12=$D$33,G12=$D$29,G12=$D$25,G12=$D$38,G12=$D$28),"NORDESTE",IF(OR(G12=$D$24,G12=$D$26,G12=$D$27,G12=$D$37,G12=$D$45,G12=$D$46,G12=$D$50),"NORTE",IF(OR(G12=$D$30,G12=$D$32,G12=$D$34,G12=$D$35),"CENTRO-OESTE",IF(OR(G12=$D$48,G12=$D$42,G12=$D$36,G12=$D$31),"SUDESTE",IF(OR(G12=$D$47,G12=$D$39,G12=$D$44),"SUL",""))))) -> CENTRO-OESTE
B13: =AA13 -> #VALUE! | C13: 3 | E13: DISTRIBUIDORA BRASILEIRA DE ASFALTO SA - DISBRAL | F13: VIA PRIMARIA 8, S/N QD-18, MODS. 24/47 - DAIAG - CEP:74980-970 | G13: Goiás | H13: APARECIDA DE GOIANIA - GO | I13: ='Transp. EAI'!I13 -> Goiânia - GO | L13: =IF(AND(J13="-",K13="-"),"",IF(AND(J13<>0,K13="-"),J13*1000,IF(AND(J13="-",K13<>0),K13*1000,IF(AND(J13<>0,K13<>0),J13*1000,"")))) | M13: =ROUND(((L13/(1-$O$5-$O$6-$O$7))-L13),2) -> #VALUE! | N13: =L13+M13 -> #VALUE! | O13: ='Transp. EAI'!O13 -> 453.75 | P13: ='Transp. EAI'!P13 -> 0 | Q13: =ROUND((26.939+0.253*O13),2) -> 141.74 | S13: =Q13+R13 -> 141.74 | T13: =TRUNC(S13*($O$7/(1-$O$7)),2) -> 0 | U13: =TRUNC(IF($I$6="","",(($I$7-$I$6)/$I$6)*(S13+T13)),2) -> 155.7 | V13: =S13+T13+U13 -> 297.44 | Y13: =IF(AND(Q13="",T13=""),"",V13+X13) -> 297.44 | Z13: =IF(OR(L13="",M13=""),"",L13+M13) -> #VALUE! | AA13: =IF(OR(Y13="",Z13=""),"",Y13+Z13) -> #VALUE! | AC13: =AA13 -> #VALUE! | AD13: =Y13 -> 297.44 | AE13: =Z13 -> #VALUE! | AH13: =IF(OR(G13=$D$40,G13=$D$41,G13=$D$43,G13=$D$49,G13=$D$33,G13=$D$29,G13=$D$25,G13=$D$38,G13=$D$28),"NORDESTE",IF(OR(G13=$D$24,G13=$D$26,G13=$D$27,G13=$D$37,G13=$D$45,G13=$D$46,G13=$D$50),"NORTE",IF(OR(G13=$D$30,G13=$D$32,G13=$D$34,G13=$D$35),"CENTRO-OESTE",IF(OR(G13=$D$48,G13=$D$42,G13=$D$36,G13=$D$31),"SUDESTE",IF(OR(G13=$D$47,G13=$D$39,G13=$D$44),"SUL",""))))) -> CENTRO-OESTE
A14: 2403 | B14: =AA14 -> #VALUE! | C14: 4 | E14: INDÚSTRIA NACIONAL DE ASFALTOS LTDA. | F14: VIA PRIMEIRA E SEGUNDA 3, S/N.º LOTES 01 A 10 - DISTRITO AGROINDUSTRIAL - CEP:75370-000 | G14: Goiás | H14: GOIANIRA - GO | I14: ='Transp. EAI'!I14 -> Goiânia - GO | L14: =IF(AND(J14="-",K14="-"),"",IF(AND(J14<>0,K14="-"),J14*1000,IF(AND(J14="-",K14<>0),K14*1000,IF(AND(J14<>0,K14<>0),J14*1000,"")))) | M14: =ROUND(((L14/(1-$O$5-$O$6-$O$7))-L14),2) -> #VALUE! | N14: =L14+M14 -> #VALUE! | O14: ='Transp. EAI'!O14 -> 457 | P14: ='Transp. EAI'!P14 -> 0 | Q14: =ROUND((26.939+0.253*O14),2) -> 142.56 | S14: =Q14+R14 -> 142.56 | T14: =TRUNC(S14*($O$7/(1-$O$7)),2) -> 0 | U14: =TRUNC(IF($I$6="","",(($I$7-$I$6)/$I$6)*(S14+T14)),2) -> 156.6 | V14: =S14+T14+U14 -> 299.16 | Y14: =IF(AND(Q14="",T14=""),"",V14+X14) -> 299.16 | Z14: =IF(OR(L14="",M14=""),"",L14+M14) -> #VALUE! | AA14: =IF(OR(Y14="",Z14=""),"",Y14+Z14) -> #VALUE! | AC14: =AA14 -> #VALUE! | AD14: =Y14 -> 299.16 | AE14: =Z14 -> #VALUE! | AH14: =IF(OR(G14=$D$40,G14=$D$41,G14=$D$43,G14=$D$49,G14=$D$33,G14=$D$29,G14=$D$25,G14=$D$38,G14=$D$28),"NORDESTE",IF(OR(G14=$D$24,G14=$D$26,G14=$D$27,G14=$D$37,G14=$D$45,G14=$D$46,G14=$D$50),"NORTE",IF(OR(G14=$D$30,G14=$D$32,G14=$D$34,G14=$D$35),"CENTRO-OESTE",IF(OR(G14=$D$48,G14=$D$42,G14=$D$36,G14=$D$31),"SUDESTE",IF(OR(G14=$D$47,G14=$D$39,G14=$D$44),"SUL",""))))) -> CENTRO-OESTE
D24: Acre
D25: Alagoas
D26: Amapá
D27: Amazonas
D28: Bahia
D29: Ceará
D30: Distrito Federal
D31: Espírito Santo
D32: Goiás
D33: Maranhão
D34: Mato Grosso
D35: Mato Grosso do Sul
... D80: EMULSÕES ASFÁLTICAS RR-2C
E82: CAMPOS BELOS | F82: Setor Inflamáveis Sin 1100 - tr 2, Brasília - DF, 71225-000 | G82: 409 | H82: https://www.google.com.br/maps/dir/Centro+Oeste+Asfaltos,+Setor+Inflam%C3%A1veis+Sin+1100+-+tr+2,+Bras%C3%ADlia+-+DF,+71225-000/Campos+Belos,+GO,+73840-000/@-14.4108146,-48.6812557,8z/data=!3m1!4b1!4m14!4m13!1m5!1m1!1s0x935a316dd0fb71c3:0xc43458a6c824bb12!2m2!1d-47.9782441!2d-15.7962276!1m5!1m1!1s0x93491f18c7b13639:0xd1034d7b6ba87906!2m2!1d-46.7722996!2d-13.0370837!3e0?entry=ttu | O82: 454.5
E83: BALIZA | G83: 608 | H83: https://www.google.com.br/maps/dir/Centro+Oeste+Asfaltos,+Setor+Inflam%C3%A1veis+Sin+1100+-+tr+2,+Bras%C3%ADlia+-+DF,+71225-000/Baliza,+GO,+76250-000/@-16.065852,-51.5938521,8z/data=!3m1!4b1!4m14!4m13!1m5!1m1!1s0x935a316dd0fb71c3:0xc43458a6c824bb12!2m2!1d-47.9782441!2d-15.7962276!1m5!1m1!1s0x9365307b9d2245d1:0xdb2d6f69d7d7b0a9!2m2!1d-52.5464374!2d-16.196968!3e0?entry=ttu
E84: APORÉ | G84: 671 | H84: https://www.google.com.br/maps/dir/Centro+Oeste+Asfaltos,+Setor+Inflam%C3%A1veis+Sin+1100+-+tr+2,+Bras%C3%ADlia+-+DF,+71225-000/Apor%C3%A9,+GO/@-17.4468739,-51.3702228,8z/data=!3m1!4b1!4m14!4m13!1m5!1m1!1s0x935a316dd0fb71c3:0xc43458a6c824bb12!2m2!1d-47.9782441!2d-15.7962276!1m5!1m1!1s0x949c5a0f2a9ba177:0x7af8cec9490b47fc!2m2!1d-51.9255012!2d-18.9660716!3e0?entry=ttu
E85: CRISTALINA | G85: 130 | H85: https://www.google.com.br/maps/dir/SIN+Centro+Oeste+Asfaltos+-+Guar%C3%A1,+Bras%C3%ADlia+-+DF/Cristalina,+GO/@-16.2700243,-48.1207914,10z/data=!3m1!4b1!4m14!4m13!1m5!1m1!1s0x935a316dd0fb71c3:0xc43458a6c824bb12!2m2!1d-47.9782441!2d-15.7962276!1m5!1m1!1s0x93583d29b2aa9011:0x9d039879fad265bc!2m2!1d-47.6085589!2d-16.7639015!3e0?entry=ttu
E87: =$E$82 -> CAMPOS BELOS | F87: Av. Pres. Wilson - Vila Industrial, Anápolis - GO, 75115-100 | G87: 552 | H87: https://www.google.com.br/maps/dir/Av.+Pres.+Wilson+-+Vila+Industrial,+An%C3%A1polis+-+GO,+75115-100/Campos+Belos,+GO,+73840-000/@-14.6894847,-49.1676121,8z/data=!3m1!4b1!4m14!4m13!1m5!1m1!1s0x935ea48f1beb975b:0xeb4fbf0256937b0c!2m2!1d-48.9487569!2d-16.3407178!1m5!1m1!1s0x93491f18c7b13639:0xd1034d7b6ba87906!2m2!1d-46.7722996!2d-13.0370837!3e0?entry=ttu | O87: 443.5
E88: =$E$83 -> BALIZA | G88: 462 | H88: https://www.google.com.br/maps/dir/Av.+Pres.+Wilson+-+Vila+Industrial,+An%C3%A1polis+-+GO,+75115-100/Baliza,+GO,+76250-000/@-16.2307926,-52.074116,8z/data=!3m1!4b1!4m14!4m13!1m5!1m1!1s0x935ea48f1beb975b:0xeb4fbf0256937b0c!2m2!1d-48.9487569!2d-16.3407178!1m5!1m1!1s0x9365307b9d2245d1:0xdb2d6f69d7d7b0a9!2m2!1d-52.5464374!2d-16.196968!3e0?entry=ttu
E89: =$E$84 -> APORÉ | G89: 531 | H89: https://www.google.com.br/maps/dir/Av.+Pres.+Wilson+-+Vila+Industrial,+An%C3%A1polis+-+GO,+75115-100/Apor%C3%A9,+GO/@-17.7173876,-51.8461076,8z/data=!3m1!4b1!4m14!4m13!1m5!1m1!1s0x935ea48f1beb975b:0xeb4fbf0256937b0c!2m2!1d-48.9487569!2d-16.3407178!1m5!1m1!1s0x949c5a0f2a9ba177:0x7af8cec9490b47fc!2m2!1d-51.9255012!2d-18.9660716!3e0?entry=ttu
E90: =$E$85 -> CRISTALINA | G90: 229 | H90: https://www.google.com.br/maps/dir/Av.+Pres.+Wilson+-+Vila+Industrial,+An%C3%A1polis+-+GO,+75115-100/Cristalina,+GO/@-16.3846397,-48.6122212,10z/data=!3m1!4b1!4m14!4m13!1m5!1m1!1s0x935ea48f1beb975b:0xeb4fbf0256937b0c!2m2!1d-48.9487569!2d-16.3407178!1m5!1m1!1s0x93583d29b2aa9011:0x9d039879fad265bc!2m2!1d-47.6085589!2d-16.7639015!3e0?entry=ttu
E92: =$E$82 -> CAMPOS BELOS | F92: Via Primária Oito, S/N - Daiag, Aparecida de Goiânia - GO, 74993-430 | G92: 620 | H92: https://www.google.com.br/maps/dir/Grupo+Disbral+-+GO,+Via+Prim%C3%A1ria+Oito,+S%2FN+-+Daiag,+Aparecida+de+Goi%C3%A2nia+-+GO,+74993-430/Campos+Belos,+GO,+73840-000/@-14.9171518,-49.3139526,8z/data=!3m1!4b1!4m14!4m13!1m5!1m1!1s0x935ef764ffffffff:0x625ace78c18cd76!2m2!1d-49.2058789!2d-16.8044187!1m5!1m1!1s0x93491f18c7b13639:0xd1034d7b6ba87906!2m2!1d-46.7722996!2d-13.0370837!3e0?entry=ttu | O92: 453.75
E93: =$E$83 -> BALIZA | G93: 433 | H93: https://www.google.com.br/maps/dir/Grupo+Disbral+-+GO,+Via+Prim%C3%A1ria+Oito,+S%2FN+-+Daiag,+Aparecida+de+Goi%C3%A2nia+-+GO,+74993-430/Baliza,+GO,+76250-000/@-16.3091556,-51.5520313,9z/data=!3m1!4b1!4m14!4m13!1m5!1m1!1s0x935ef764ffffffff:0x625ace78c18cd76!2m2!1d-49.2058789!2d-16.8044187!1m5!1m1!1s0x9365307b9d2245d1:0xdb2d6f69d7d7b0a9!2m2!1d-52.5464374!2d-16.196968!3e0?entry=ttu
E94: =$E$84 -> APORÉ | G94: 483 | H94: https://www.google.com.br/maps/dir/Grupo+Disbral+-+GO,+Via+Prim%C3%A1ria+Oito,+S%2FN+-+Daiag,+Aparecida+de+Goi%C3%A2nia+-+GO,+74993-430/Apor%C3%A9,+GO/@-17.9037953,-51.9583361,8z/data=!3m1!4b1!4m14!4m13!1m5!1m1!1s0x935ef764ffffffff:0x625ace78c18cd76!2m2!1d-49.2058789!2d-16.8044187!1m5!1m1!1s0x949c5a0f2a9ba177:0x7af8cec9490b47fc!2m2!1d-51.9255012!2d-18.9660716!3e0?entry=ttu
E95: =$E$85 -> CRISTALINA | G95: 279 | H95: https://www.google.com.br/maps/dir/Grupo+Disbral+-+GO,+Via+Prim%C3%A1ria+Oito,+S%2FN+-+Daiag,+Aparecida+de+Goi%C3%A2nia+-+GO,+74993-430/Cristalina,+GO/@-16.713848,-49.0820341,9z/data=!3m1!4b1!4m14!4m13!1m5!1m1!1s0x935ef764ffffffff:0x625ace78c18cd76!2m2!1d-49.2058789!2d-16.8044187!1m5!1m1!1s0x93583d29b2aa9011:0x9d039879fad265bc!2m2!1d-47.6085589!2d-16.7639015!3e0?entry=ttu
E97: =$E$82 -> CAMPOS BELOS | F97: Nacional Asfaltos, Goianira - GO, 75370-000 | G97: 626 | H97: https://www.google.com.br/maps/dir/Nacional+Asfaltos,+Goianira+-+GO,+75370-000/Campos+Belos,+GO,+73840-000/@-14.8391896,-49.4118934,8z/data=!3m1!4b1!4m14!4m13!1m5!1m1!1s0x935e63b5a4f41e4f:0xba5b241b3d264990!2m2!1d-49.4089889!2d-16.5359687!1m5!1m1!1s0x93491f18c7b13639:0xd1034d7b6ba87906!2m2!1d-46.7722996!2d-13.0370837!3e0?entry=ttu | O97: 457
E98: =$E$83 -> BALIZA | G98: 407 | H98: https://www.google.com.br/maps/dir/Nacional+Asfaltos,+Goianira+-+GO,+75370-000/Baliza,+GO,+76250-000/@-16.5398893,-51.6489793,9z/data=!3m1!4b1!4m14!4m13!1m5!1m1!1s0x935e63b5a4f41e4f:0xba5b241b3d264990!2m2!1d-49.4089889!2d-16.5359687!1m5!1m1!1s0x9365307b9d2245d1:0xdb2d6f69d7d7b0a9!2m2!1d-52.5464374!2d-16.196968!3e0?entry=ttu
E99: =$E$84 -> APORÉ | G99: 483 | H99: https://www.google.com.br/maps/dir/Nacional+Asfaltos,+Goianira+-+GO,+75370-000/Apor%C3%A9,+GO/@-17.8167798,-52.0809011,8z/data=!3m1!4b1!4m14!4m13!1m5!1m1!1s0x935e63b5a4f41e4f:0xba5b241b3d264990!2m2!1d-49.4089889!2d-16.5359687!1m5!1m1!1s0x949c5a0f2a9ba177:0x7af8cec9490b47fc!2m2!1d-51.9255012!2d-18.9660716!3e0?entry=ttu
E100: =$E$85 -> CRISTALINA | G100: 312 | H100: https://www.google.com.br/maps/dir/Nacional+Asfaltos,+Goianira+-+GO,+75370-000/Cristalina,+GO/@-16.713848,-49.1646956,9z/data=!3m1!4b1!4m14!4m13!1m5!1m1!1s0x935e63b5a4f41e4f:0xba5b241b3d264990!2m2!1d-49.4089889!2d-16.5359687!1m5!1m1!1s0x93583d29b2aa9011:0x9d039879fad265bc!2m2!1d-47.6085589!2d-16.7639015!3e0?entry=ttu

Sheet Resumo_Transp
B1: 12 | C1: 12 | D1: 33.33 | E1: 33.33 | F1: 28.78 | G1: 19.89 | H1: 13 | I1: 13 | J1: 13 | K1: 13 | L1: 15 | M1: 8 | N1: 8 | O1: 20 | P1: 13 | Q1: 17 | R1: 26 | S1: 15 | T1: 12 | U1: 22 | V1: 20 | W1: 20
D9: LEGENDA | F9: RESULTADO PARCIAL | G9: RESULTADO FINAL
B11: DADOS ANP | E11: ÍNDICE DE PAVIMENTAÇÃO DNIT | K11: IMPOSTOS | L11: COFINS | M11: ='Transp. CAP 50-70'!$O$5 -> 0 | N11: ='Transp. CAP 50-70'!$O$5 -> 0
B12: TIPOLOGIA DO MATERIAL | D12: LIGANTE BETUMINOSO | E12: ÍNDICE INICIAL | F12: 41821 | G12: ='Transp. CAP 50-70'!I6 -> 270.237 | L12: PIS | M12: ='Transp. CAP 50-70'!$O$6 -> 0 | N12: ='Transp. CAP 50-70'!$O$6 -> 0
B13: DATA ANP | C13: DATA ANP | D13: ='Transp. CAP 50-70'!F7 -> 45383 | E13: ÍNDICE FINAL | F13: ='Transp. RR-1C'!H7 -> 45383 | G13: ='Transp. CAP 50-70'!I7 -> 567.092 | L13: ICMS | M13: ='Transp. CAP 50-70'!$O$7 -> 0 | N13: ='Transp. CAP 50-70'!$O$7 -> 0
B15: DATA-BASE | C15: PRODUTOS | D15: LOCALIDADES | H15: CUSTO ANP (R$/Kg) | J15: CUSTO ANP | K15: IMPOSTOS DO PRODUTO | L15: CUSTO DO PRODUTO COM IMPOSTOS | M15: DMT's | N15: DMT's | O15: CUSTO DO TRANSPORTE TOTAL | P15: ICMS | Q15: ATUALIZAÇÃO DO CUSTO DE TRANSPORTE | R15: CUSTO DO TRANSPORTE RODOVIA PAVIMENTADA COM IMPOSTOS E ATUALIZAÇÃO MONETÁRIA | S15: PEDÁGIO | U15: TOTAL TRANSPORTE | V15: TOTAL PRODUTO | W15: TOTAL GERAL
B16: =F13 -> 45383 | D16: REFINARIAS | E16: ENDEREÇO | F16: ORIGEM REFINARIAS / DISTRIBUIDORAS | G16: DESTINO | H16: ESTADO | I16: REGIÃO | J16: R$/t | K16: R$/t | L16: R$/t | M16: KM | N16: KM | O16: R$/t | P16: R$/t | Q16: R$/t | R16: R$/t | S16: CUSTO POR EIXO | T16: R$/t | U16: R$/t | V16: R$/t | W16: R$/t
B17: 1 | C17: CAP 50/70 | D17: =VLOOKUP($W17,'Transp. CAP 50-70'!$B:$AA,4,FALSE) -> #VALUE! | E17: =VLOOKUP($W17,'Transp. CAP 50-70'!$B:$AA,5,FALSE) -> #VALUE! | F17: =VLOOKUP($W17,'Transp. CAP 50-70'!$B:$AA,7,FALSE) -> #VALUE! | G17: =VLOOKUP($W17,'Transp. CAP 50-70'!$B:$AA,8,FALSE) -> #VALUE! | H17: =VLOOKUP($W17,'Transp. CAP 50-70'!$B:$AA,9,FALSE) -> #VALUE! | I17: =VLOOKUP($W17,'Transp. CAP 50-70'!$B:$AA,10,FALSE) -> #VALUE! | J17: =VLOOKUP($W17,'Transp. CAP 50-70'!$B:$AA,11,FALSE) -> #VALUE! | K17: =VLOOKUP($W17,'Transp. CAP 50-70'!$B:$AA,12,FALSE) -> #VALUE! | L17: =VLOOKUP($W17,'Transp. CAP 50-70'!$B:$AA,13,FALSE) -> #VALUE! | M17: =VLOOKUP($W17,'Transp. CAP 50-70'!$B$11:$AA$23,14,FALSE) -> #VALUE! | N17: =VLOOKUP($W17,'Transp. CAP 50-70'!$B:$AA,15,FALSE) -> #VALUE! | O17: =VLOOKUP($W17,'Transp. CAP 50-70'!$B:$AA,18,FALSE) -> #VALUE! | P17: =VLOOKUP($W17,'Transp. CAP 50-70'!$B:$AA,19,FALSE) -> #VALUE! | Q17: =VLOOKUP($W17,'Transp. CAP 50-70'!$B:$AA,20,FALSE) -> #VALUE! | R17: =VLOOKUP($W17,'Transp. CAP 50-70'!$B:$AA,21,FALSE) -> #VALUE! | S17: =VLOOKUP($W17,'Transp. CAP 50-70'!$B:$AA,22,FALSE) -> #VALUE! | T17: =VLOOKUP($W17,'Transp. CAP 50-70'!$B:$AA,23,FALSE) -> #VALUE! | U17: =VLOOKUP($W17,'Transp. CAP 50-70'!$B:$AA,24,FALSE) -> #VALUE! | V17: =VLOOKUP($W17,'Transp. CAP 50-70'!$B:$AA,25,FALSE) -> #VALUE! | W17: =SMALL('Transp. CAP 50-70'!$AA$11:$AA$23,1) -> #VALUE!
B18: 2 | D18: =VLOOKUP($W18,'Transp. CAP 50-70'!$B:$AA,4,FALSE) -> #VALUE! | E18: =VLOOKUP($W18,'Transp. CAP 50-70'!$B:$AA,5,FALSE) -> #VALUE! | F18: =VLOOKUP($W18,'Transp. CAP 50-70'!$B:$AA,7,FALSE) -> #VALUE! | G18: =VLOOKUP($W18,'Transp. CAP 50-70'!$B:$AA,8,FALSE) -> #VALUE! | H18: =VLOOKUP($W18,'Transp. CAP 50-70'!$B:$AA,9,FALSE) -> #VALUE! | I18: =VLOOKUP($W18,'Transp. CAP 50-70'!$B:$AA,10,FALSE) -> #VALUE! | J18: =VLOOKUP($W18,'Transp. CAP 50-70'!$B:$AA,11,FALSE) -> #VALUE! | K18: =VLOOKUP($W18,'Transp. CAP 50-70'!$B:$AA,12,FALSE) -> #VALUE! | L18: =VLOOKUP($W18,'Transp. CAP 50-70'!$B:$AA,13,FALSE) -> #VALUE! | M18: =VLOOKUP($W18,'Transp. CAP 50-70'!$B$11:$AA$23,14,FALSE) -> #VALUE! | N18: =VLOOKUP($W18,'Transp. CAP 50-70'!$B:$AA,15,FALSE) -> #VALUE! | O18: =VLOOKUP($W18,'Transp. CAP 50-70'!$B:$AA,18,FALSE) -> #VALUE! | P18: =VLOOKUP($W18,'Transp. CAP 50-70'!$B:$AA,19,FALSE) -> #VALUE! | Q18: =VLOOKUP($W18,'Transp. CAP 50-70'!$B:$AA,20,FALSE) -> #VALUE! | R18: =VLOOKUP($W18,'Transp. CAP 50-70'!$B:$AA,21,FALSE) -> #VALUE! | S18: =VLOOKUP($W18,'Transp. CAP 50-70'!$B:$AA,22,FALSE) -> #VALUE! | T18: =VLOOKUP($W18,'Transp. CAP 50-70'!$B:$AA,23,FALSE) -> #VALUE! | U18: =VLOOKUP($W18,'Transp. CAP 50-70'!$B:$AA,24,FALSE) -> #VALUE! | V18: =VLOOKUP($W18,'Transp. CAP 50-70'!$B:$AA,25,FALSE) -> #VALUE! | W18: =SMALL('Transp. CAP 50-70'!$AA$11:$AA$23,2) -> #VALUE!
B19: 3 | D19: =VLOOKUP($W19,'Transp. CAP 50-70'!$B:$AA,4,FALSE) -> #VALUE! | E19: =VLOOKUP($W19,'Transp. CAP 50-70'!$B:$AA,5,FALSE) -> #VALUE! | F19: =VLOOKUP($W19,'Transp. CAP 50-70'!$B:$AA,7,FALSE) -> #VALUE! | G19: =VLOOKUP($W19,'Transp. CAP 50-70'!$B:$AA,8,FALSE) -> #VALUE! | H19: =VLOOKUP($W19,'Transp. CAP 50-70'!$B:$AA,9,FALSE) -> #VALUE! | I19: =VLOOKUP($W19,'Transp. CAP 50-70'!$B:$AA,10,FALSE) -> #VALUE! | J19: =VLOOKUP($W19,'Transp. CAP 50-70'!$B:$AA,11,FALSE) -> #VALUE! | K19: =VLOOKUP($W19,'Transp. CAP 50-70'!$B:$AA,12,FALSE) -> #VALUE! | L19: =VLOOKUP($W19,'Transp. CAP 50-70'!$B:$AA,13,FALSE) -> #VALUE! | M19: =VLOOKUP($W19,'Transp. CAP 50-70'!$B$11:$AA$23,14,FALSE) -> #VALUE! | N19: =VLOOKUP($W19,'Transp. CAP 50-70'!$B:$AA,15,FALSE) -> #VALUE! | O19: =VLOOKUP($W19,'Transp. CAP 50-70'!$B:$AA,18,FALSE) -> #VALUE! | P19: =VLOOKUP($W19,'Transp. CAP 50-70'!$B:$AA,19,FALSE) -> #VALUE! | Q19: =VLOOKUP($W19,'Transp. CAP 50-70'!$B:$AA,20,FALSE) -> #VALUE! | R19: =VLOOKUP($W19,'Transp. CAP 50-70'!$B:$AA,21,FALSE) -> #VALUE! | S19: =VLOOKUP($W19,'Transp. CAP 50-70'!$B:$AA,22,FALSE) -> #VALUE! | T19: =VLOOKUP($W19,'Transp. CAP 50-70'!$B:$AA,23,FALSE) -> #VALUE! | U19: =VLOOKUP($W19,'Transp. CAP 50-70'!$B:$AA,24,FALSE) -> #VALUE! | V19: =VLOOKUP($W19,'Transp. CAP 50-70'!$B:$AA,25,FALSE) -> #VALUE! | W19: =SMALL('Transp. CAP 50-70'!$AA$11:$AA$23,3) -> #VALUE!
B20: 4 | D20: =VLOOKUP($W20,'Transp. CAP 50-70'!$B:$AA,4,FALSE) -> #VALUE! | E20: =VLOOKUP($W20,'Transp. CAP 50-70'!$B:$AA,5,FALSE) -> #VALUE! | F20: =VLOOKUP($W20,'Transp. CAP 50-70'!$B:$AA,7,FALSE) -> #VALUE! | G20: =VLOOKUP($W20,'Transp. CAP 50-70'!$B:$AA,8,FALSE) -> #VALUE! | H20: =VLOOKUP($W20,'Transp. CAP 50-70'!$B:$AA,9,FALSE) -> #VALUE! | I20: =VLOOKUP($W20,'Transp. CAP 50-70'!$B:$AA,10,FALSE) -> #VALUE! | J20: =VLOOKUP($W20,'Transp. CAP 50-70'!$B:$AA,11,FALSE) -> #VALUE! | K20: =VLOOKUP($W20,'Transp. CAP 50-70'!$B:$AA,12,FALSE) -> #VALUE! | L20: =VLOOKUP($W20,'Transp. CAP 50-70'!$B:$AA,13,FALSE) -> #VALUE! | M20: =VLOOKUP($W20,'Transp. CAP 50-70'!$B$11:$AA$23,14,FALSE) -> #VALUE! | N20: =VLOOKUP($W20,'Transp. CAP 50-70'!$B:$AA,15,FALSE) -> #VALUE! | O20: =VLOOKUP($W20,'Transp. CAP 50-70'!$B:$AA,18,FALSE) -> #VALUE! | P20: =VLOOKUP($W20,'Transp. CAP 50-70'!$B:$AA,19,FALSE) -> #VALUE! | Q20: =VLOOKUP($W20,'Transp. CAP 50-70'!$B:$AA,20,FALSE) -> #VALUE! | R20: =VLOOKUP($W20,'Transp. CAP 50-70'!$B:$AA,21,FALSE) -> #VALUE! | S20: =VLOOKUP($W20,'Transp. CAP 50-70'!$B:$AA,22,FALSE) -> #VALUE! | T20: =VLOOKUP($W20,'Transp. CAP 50-70'!$B:$AA,23,FALSE) -> #VALUE! | U20: =VLOOKUP($W20,'Transp. CAP 50-70'!$B:$AA,24,FALSE) -> #VALUE! | V20: =VLOOKUP($W20,'Transp. CAP 50-70'!$B:$AA,25,FALSE) -> #VALUE! | W20: =SMALL('Transp. CAP 50-70'!$AA$11:$AA$23,4) -> #VALUE!
B21: 5 | D21: =VLOOKUP($W21,'Transp. CAP 50-70'!$B:$AA,4,FALSE) -> #VALUE! | E21: =VLOOKUP($W21,'Transp. CAP 50-70'!$B:$AA,5,FALSE) -> #VALUE! | F21: =VLOOKUP($W21,'Transp. CAP 50-70'!$B:$AA,7,FALSE) -> #VALUE! | G21: =VLOOKUP($W21,'Transp. CAP 50-70'!$B:$AA,8,FALSE) -> #VALUE! | H21: =VLOOKUP($W21,'Transp. CAP 50-70'!$B:$AA,9,FALSE) -> #VALUE! | I21: =VLOOKUP($W21,'Transp. CAP 50-70'!$B:$AA,10,FALSE) -> #VALUE! | J21: =VLOOKUP($W21,'Transp. CAP 50-70'!$B:$AA,11,FALSE) -> #VALUE! | K21: =VLOOKUP($W21,'Transp. CAP 50-70'!$B:$AA,12,FALSE) -> #VALUE! | L21: =VLOOKUP($W21,'Transp. CAP 50-70'!$B:$AA,13,FALSE) -> #VALUE! | M21: =VLOOKUP($W21,'Transp. CAP 50-70'!$B$11:$AA$23,14,FALSE) -> #VALUE! | N21: =VLOOKUP($W21,'Transp. CAP 50-70'!$B:$AA,15,FALSE) -> #VALUE! | O21: =VLOOKUP($W21,'Transp. CAP 50-70'!$B:$AA,18,FALSE) -> #VALUE! | P21: =VLOOKUP($W21,'Transp. CAP 50-70'!$B:$AA,19,FALSE) -> #VALUE! | Q21: =VLOOKUP($W21,'Transp. CAP 50-70'!$B:$AA,20,FALSE) -> #VALUE! | R21: =VLOOKUP($W21,'Transp. CAP 50-70'!$B:$AA,21,FALSE) -> #VALUE! | S21: =VLOOKUP($W21,'Transp. CAP 50-70'!$B:$AA,22,FALSE) -> #VALUE! | T21: =VLOOKUP($W21,'Transp. CAP 50-70'!$B:$AA,23,FALSE) -> #VALUE! | U21: =VLOOKUP($W21,'Transp. CAP 50-70'!$B:$AA,24,FALSE) -> #VALUE! | V21: =VLOOKUP($W21,'Transp. CAP 50-70'!$B:$AA,25,FALSE) -> #VALUE! | W21: =SMALL('Transp. CAP 50-70'!$AA$11:$AA$23,5) -> #VALUE!
B22: 6 | D22: =VLOOKUP($W22,'Transp. CAP 50-70'!$B:$AA,4,FALSE) -> #VALUE! | E22: =VLOOKUP($W22,'Transp. CAP 50-70'!$B:$AA,5,FALSE) -> #VALUE! | F22: =VLOOKUP($W22,'Transp. CAP 50-70'!$B:$AA,7,FALSE) -> #VALUE! | G22: =VLOOKUP($W22,'Transp. CAP 50-70'!$B:$AA,8,FALSE) -> #VALUE! | H22: =VLOOKUP($W22,'Transp. CAP 50-70'!$B:$AA,9,FALSE) -> #VALUE! | I22: =VLOOKUP($W22,'Transp. CAP 50-70'!$B:$AA,10,FALSE) -> #VALUE! | J22: =VLOOKUP($W22,'Transp. CAP 50-70'!$B:$AA,11,FALSE) -> #VALUE! | K22: =VLOOKUP($W22,'Transp. CAP 50-70'!$B:$AA,12,FALSE) -> #VALUE! | L22: =VLOOKUP($W22,'Transp. CAP 50-70'!$B:$AA,13,FALSE) -> #VALUE! | M22: =VLOOKUP($W22,'Transp. CAP 50-70'!$B$11:$AA$23,14,FALSE) -> #VALUE! | N22: =VLOOKUP($W22,'Transp. CAP 50-70'!$B:$AA,15,FALSE) -> #VALUE! | O22: =VLOOKUP($W22,'Transp. CAP 50-70'!$B:$AA,18,FALSE) -> #VALUE! | P22: =VLOOKUP($W22,'Transp. CAP 50-70'!$B:$AA,19,FALSE) -> #VALUE! | Q22: =VLOOKUP($W22,'Transp. CAP 50-70'!$B:$AA,20,FALSE) -> #VALUE! | R22: =VLOOKUP($W22,'Transp. CAP 50-70'!$B:$AA,21,FALSE) -> #VALUE! | S22: =VLOOKUP($W22,'Transp. CAP 50-70'!$B:$AA,22,FALSE) -> #VALUE! | T22: =VLOOKUP($W22,'Transp. CAP 50-70'!$B:$AA,23,FALSE) -> #VALUE! | U22: =VLOOKUP($W22,'Transp. CAP 50-70'!$B:$AA,24,FALSE) -> #VALUE! | V22: =VLOOKUP($W22,'Transp. CAP 50-70'!$B:$AA,25,FALSE) -> #VALUE! | W22: =SMALL('Transp. CAP 50-70'!$AA$11:$AA$23,6) -> #VALUE!
O23: =VLOOKUP($W23,'Transp. CAP 50-70'!$B:$AA,18,FALSE) -> #N/A | R23: =VLOOKUP($W23,'Transp. CAP 50-70'!$B:$AA,21,FALSE) -> #N/A
O24: =VLOOKUP($W24,'Transp. CAP 50-70'!$B:$AA,18,FALSE) -> #N/A | R24: =VLOOKUP($W24,'Transp. CAP 50-70'!$B:$AA,21,FALSE) -> #N/A
O25: =VLOOKUP($W25,'Transp. CAP 50-70'!$B:$AA,18,FALSE) -> #N/A | R25: =VLOOKUP($W25,'Transp. CAP 50-70'!$B:$AA,21,FALSE) -> #N/A
O26: =VLOOKUP($W26,'Transp. CAP 50-70'!$B:$AA,18,FALSE) -> #N/A | R26: =VLOOKUP($W26,'Transp. CAP 50-70'!$B:$AA,21,FALSE) -> #N/A
O27: =VLOOKUP($W27,'Transp. CAP 50-70'!$B:$AA,18,FALSE) -> #N/A | R27: =VLOOKUP($W27,'Transp. CAP 50-70'!$B:$AA,21,FALSE) -> #N/A
B28: 1 | C28: CAP MODIF. C/ POLÍMERO 60/85 | D28: Refinaria Abreu e Lima | E28: Rodovia PE 60, Km 10 - Ipojuca - PE CEP:55590-000 | F28: Transporte EAI'! | G28: Palmas - TO | H28: 2.2618949 | I28: 2.3534139 | J28: 2261.8949 | K28: 393.19 | L28: 2655.0849 | M28: 1181 | N28: 1181 | O28: =VLOOKUP($W28,'Transp. CAP 50-70'!$B:$AA,18,FALSE) -> #N/A | P28: 44.41 | Q28: 202.55 | R28: =VLOOKUP($W28,'Transp. CAP 50-70'!$B:$AA,21,FALSE) -> #N/A | S28: 102 | T28: 102 | U28: 674.69 | V28: 2655.0849 | W28: 3329.7749
B29: 2 | D29: Refinaria Potiguar Clara Camarão | E29: Rodovia RN 221, KM 25 - Guamaré - RN CEP:59598-000 | F29: UBERLANDIA - MG | G29: Palmas - TO | H29: 2.2618949 | I29: 2.3534139 | J29: 2261.8949 | K29: 393.19 | L29: 2655.0849 | M29: 1182 | N29: 1182 | O29: =VLOOKUP($W29,'Transp. CAP 50-70'!$B:$AA,18,FALSE) -> #N/A | P29: 44.45 | Q29: 202.71 | R29: =VLOOKUP($W29,'Transp. CAP 50-70'!$B:$AA,21,FALSE) -> #N/A | S29: 102 | T29: 102 | U29: 675.14 | V29: 2655.0849 | W29: 3330.2249
B30: 3 | D30: Complexo Petroquímico do Rio de Janeiro (Comperj) | E30: Rodovia Estadual RJ-116 - Km 5,2 - Acesso A-1, s/n, Complemento Sambaetiba - Zona Urbana do 4º Distrito de Itaboraí - RJ CEP:24841-203 | F30: GOIANIRA - GO | G30: Palmas - TO | I30: 2.555207 | J30: 2555.207 | K30: 444.18 | L30: 2999.387 | M30: 814 | N30: 814 | O30: =VLOOKUP($W30,'Transp. CAP 50-70'!$B:$AA,18,FALSE) -> #N/A | P30: 31.75 | Q30: 144.81 | R30: =VLOOKUP($W30,'Transp. CAP 50-70'!$B:$AA,21,FALSE) -> #N/A | S30: 0 | T30: 0 | U30: 409.44 | V30: 2999.387 | W30: 3408.827
B31: 4 | F31: BRASÍLIA - DF | G31: Palmas - TO | I31: 2.555207 | J31: 2555.207 | K31: 444.18 | L31: 2999.387 | M31: 822 | N31: 822 | O31: =VLOOKUP($W31,'Transp. CAP 50-70'!$B:$AA,18,FALSE) -> #N/A | P31: 32.03 | Q31: 146.07 | R31: =VLOOKUP($W31,'Transp. CAP 50-70'!$B:$AA,21,FALSE) -> #N/A | S31: 0 | T31: 0 | U31: 413 | V31: 2999.387 | W31: 3412.387
B32: 5 | F32: APARECIDA DE GOIANIA - GO | G32: Palmas - TO | I32: 2.555207 | J32: 2555.207 | K32: 444.18 | L32: 2999.387 | M32: 842 | N32: 842 | O32: =VLOOKUP($W32,'Transp. CAP 50-70'!$B:$AA,18,FALSE) -> #N/A | P32: 32.72 | Q32: 149.22 | R32: =VLOOKUP($W32,'Transp. CAP 50-70'!$B:$AA,21,FALSE) -> #N/A | S32: 0 | T32: 0 | U32: 421.9 | V32: 2999.387 | W32: 3421.287
B33: 6 | F33: ANÁPOLIS - GO | G33: Palmas - TO | I33: 2.555207 | J33: 2555.207 | K33: 444.18 | L33: 2999.387 | M33: 950 | N33: 950 | O33: =VLOOKUP($W33,'Transp. CAP 50-70'!$B:$AA,18,FALSE) -> #N/A | P33: 36.44 | Q33: 166.21 | R33: =VLOOKUP($W33,'Transp. CAP 50-70'!$B:$AA,21,FALSE) -> #N/A | S33: 0 | T33: 0 | U33: 469.93 | V33: 2999.387 | W33: 3469.317
B35: 1 | C35: EAI | D35: =VLOOKUP($W35,'Transp. EAI'!$B:$AA,4,FALSE) -> #VALUE! | E35: =VLOOKUP($W35,'Transp. EAI'!$B:$AA,5,FALSE) -> #VALUE! | F35: =VLOOKUP($W35,'Transp. EAI'!$B$11:$AA$14,7,FALSE) -> #VALUE! | G35: =VLOOKUP($W35,'Transp. EAI'!$B$11:$AA$14,8,FALSE) -> #VALUE! | H35: =VLOOKUP($W35,'Transp. EAI'!$B$11:$AA$14,9,FALSE) -> #VALUE! | I35: =VLOOKUP($W35,'Transp. EAI'!$B$11:$AA$14,10,FALSE) -> #VALUE! | J35: =VLOOKUP($W35,'Transp. EAI'!$B$11:$AA$14,11,FALSE) -> #VALUE! | K35: =VLOOKUP($W35,'Transp. EAI'!$B$11:$AA$14,12,FALSE) -> #VALUE! | L35: =VLOOKUP($W35,'Transp. EAI'!$B$11:$AA$14,13,FALSE) -> #VALUE! | M35: =VLOOKUP($W35,'Transp. EAI'!$B$11:$AA$14,14,FALSE) -> #VALUE! | N35: =VLOOKUP($W35,'Transp. EAI'!$B$11:$AA$14,15,FALSE) -> #VALUE! | O35: =VLOOKUP($W35,'Transp. EAI'!$B$11:$AA$14,18,FALSE) -> #VALUE! | P35: =VLOOKUP($W35,'Transp. EAI'!$B$11:$AA$14,19,FALSE) -> #VALUE! | Q35: =VLOOKUP($W35,'Transp. EAI'!$B$11:$AA$14,20,FALSE) -> #VALUE! | R35: =VLOOKUP($W35,'Transp. EAI'!$B$11:$AA$14,21,FALSE) -> #VALUE! | S35: =VLOOKUP($W35,'Transp. EAI'!$B$11:$AA$14,22,FALSE) -> #VALUE! | T35: =VLOOKUP($W35,'Transp. EAI'!$B$11:$AA$14,23,FALSE) -> #VALUE! | U35: =VLOOKUP($W35,'Transp. EAI'!$B$11:$AA$14,24,FALSE) -> #VALUE! | V35: =VLOOKUP($W35,'Transp. EAI'!$B$11:$AA$14,25,FALSE) -> #VALUE! | W35: =SMALL('Transp. EAI'!$AA$11:$AA$14,1) -> #VALUE!
B36: 2 | D36: =VLOOKUP($W36,'Transp. EAI'!$B:$AA,4,FALSE) -> #VALUE! | E36: =VLOOKUP($W36,'Transp. EAI'!$B:$AA,5,FALSE) -> #VALUE! | F36: =VLOOKUP($W36,'Transp. EAI'!$B$11:$AA$14,7,FALSE) -> #VALUE! | G36: =VLOOKUP($W36,'Transp. EAI'!$B$11:$AA$14,8,FALSE) -> #VALUE! | H36: =VLOOKUP($W36,'Transp. EAI'!$B$11:$AA$14,9,FALSE) -> #VALUE! | I36: =VLOOKUP($W36,'Transp. EAI'!$B$11:$AA$14,10,FALSE) -> #VALUE! | J36: =VLOOKUP($W36,'Transp. EAI'!$B$11:$AA$14,11,FALSE) -> #VALUE! | K36: =VLOOKUP($W36,'Transp. EAI'!$B$11:$AA$14,12,FALSE) -> #VALUE! | L36: =VLOOKUP($W36,'Transp. EAI'!$B$11:$AA$14,13,FALSE) -> #VALUE! | M36: =VLOOKUP($W36,'Transp. EAI'!$B$11:$AA$14,14,FALSE) -> #VALUE! | N36: =VLOOKUP($W36,'Transp. EAI'!$B$11:$AA$14,15,FALSE) -> #VALUE! | O36: =VLOOKUP($W36,'Transp. EAI'!$B$11:$AA$14,18,FALSE) -> #VALUE! | P36: =VLOOKUP($W36,'Transp. EAI'!$B$11:$AA$14,19,FALSE) -> #VALUE! | Q36: =VLOOKUP($W36,'Transp. EAI'!$B$11:$AA$14,20,FALSE) -> #VALUE! | R36: =VLOOKUP($W36,'Transp. EAI'!$B$11:$AA$14,21,FALSE) -> #VALUE! | S36: =VLOOKUP($W36,'Transp. EAI'!$B$11:$AA$14,22,FALSE) -> #VALUE! | T36: =VLOOKUP($W36,'Transp. EAI'!$B$11:$AA$14,23,FALSE) -> #VALUE! | U36: =VLOOKUP($W36,'Transp. EAI'!$B$11:$AA$14,24,FALSE) -> #VALUE! | V36: =VLOOKUP($W36,'Transp. EAI'!$B:$AA,25,FALSE) -> #VALUE! | W36: =SMALL('Transp. EAI'!$AA$11:$AA$14,2) -> #VALUE!
B37: 3 | D37: =VLOOKUP($W37,'Transp. EAI'!$B:$AA,4,FALSE) -> #VALUE! | E37: =VLOOKUP($W37,'Transp. EAI'!$B:$AA,5,FALSE) -> #VALUE! | F37: =VLOOKUP($W37,'Transp. EAI'!$B$11:$AA$14,7,FALSE) -> #VALUE! | G37: =VLOOKUP($W37,'Transp. EAI'!$B$11:$AA$14,8,FALSE) -> #VALUE! | H37: =VLOOKUP($W37,'Transp. EAI'!$B$11:$AA$14,9,FALSE) -> #VALUE! | I37: =VLOOKUP($W37,'Transp. EAI'!$B$11:$AA$14,10,FALSE) -> #VALUE! | J37: =VLOOKUP($W37,'Transp. EAI'!$B$11:$AA$14,11,FALSE) -> #VALUE! | K37: =VLOOKUP($W37,'Transp. EAI'!$B$11:$AA$14,12,FALSE) -> #VALUE! | L37: =VLOOKUP($W37,'Transp. EAI'!$B$11:$AA$14,13,FALSE) -> #VALUE! | M37: =VLOOKUP($W37,'Transp. EAI'!$B$11:$AA$14,14,FALSE) -> #VALUE! | N37: =VLOOKUP($W37,'Transp. EAI'!$B$11:$AA$14,15,FALSE) -> #VALUE! | O37: =VLOOKUP($W37,'Transp. EAI'!$B$11:$AA$14,18,FALSE) -> #VALUE! | P37: =VLOOKUP($W37,'Transp. EAI'!$B$11:$AA$14,19,FALSE) -> #VALUE! | Q37: =VLOOKUP($W37,'Transp. EAI'!$B$11:$AA$14,20,FALSE) -> #VALUE! | R37: =VLOOKUP($W37,'Transp. EAI'!$B$11:$AA$14,21,FALSE) -> #VALUE! | S37: =VLOOKUP($W37,'Transp. EAI'!$B$11:$AA$14,22,FALSE) -> #VALUE! | T37: =VLOOKUP($W37,'Transp. EAI'!$B$11:$AA$14,23,FALSE) -> #VALUE! | U37: =VLOOKUP($W37,'Transp. EAI'!$B$11:$AA$14,24,FALSE) -> #VALUE! | V37: =VLOOKUP($W37,'Transp. EAI'!$B:$AA,25,FALSE) -> #VALUE! | W37: =SMALL('Transp. EAI'!$AA$11:$AA$14,3) -> #VALUE!
B38: 4 | D38: =VLOOKUP($W38,'Transp. EAI'!$B:$AA,4,FALSE) -> #VALUE! | E38: =VLOOKUP($W38,'Transp. EAI'!$B:$AA,5,FALSE) -> #VALUE! | F38: =VLOOKUP($W38,'Transp. EAI'!$B$11:$AA$14,7,FALSE) -> #VALUE! | G38: =VLOOKUP($W38,'Transp. EAI'!$B$11:$AA$14,8,FALSE) -> #VALUE! | H38: =VLOOKUP($W38,'Transp. EAI'!$B$11:$AA$14,9,FALSE) -> #VALUE! | I38: =VLOOKUP($W38,'Transp. EAI'!$B$11:$AA$14,10,FALSE) -> #VALUE! | J38: =VLOOKUP($W38,'Transp. EAI'!$B$11:$AA$14,11,FALSE) -> #VALUE! | K38: =VLOOKUP($W38,'Transp. EAI'!$B$11:$AA$14,12,FALSE) -> #VALUE! | L38: =VLOOKUP($W38,'Transp. EAI'!$B$11:$AA$14,13,FALSE) -> #VALUE! | M38: =VLOOKUP($W38,'Transp. EAI'!$B$11:$AA$14,14,FALSE) -> #VALUE! | N38: =VLOOKUP($W38,'Transp. EAI'!$B$11:$AA$14,15,FALSE) -> #VALUE! | O38: =VLOOKUP($W38,'Transp. EAI'!$B$11:$AA$14,18,FALSE) -> #VALUE! | P38: =VLOOKUP($W38,'Transp. EAI'!$B$11:$AA$14,19,FALSE) -> #VALUE! | Q38: =VLOOKUP($W38,'Transp. EAI'!$B$11:$AA$14,20,FALSE) -> #VALUE! | R38: =VLOOKUP($W38,'Transp. EAI'!$B$11:$AA$14,21,FALSE) -> #VALUE! | S38: =VLOOKUP($W38,'Transp. EAI'!$B$11:$AA$14,22,FALSE) -> #VALUE! | T38: =VLOOKUP($W38,'Transp. EAI'!$B$11:$AA$14,23,FALSE) -> #VALUE! | U38: =VLOOKUP($W38,'Transp. EAI'!$B$11:$AA$14,24,FALSE) -> #VALUE! | V38: =VLOOKUP($W38,'Transp. EAI'!$B:$AA,25,FALSE) -> #VALUE! | W38: =SMALL('Transp. EAI'!$AA$11:$AA$14,4) -> #VALUE!
B40: 1 | C40: RR1-C | D40: =VLOOKUP($W40,'Transp. RR-1C'!$B:$AA,4,FALSE) -> #VALUE! | E40: =VLOOKUP($W40,'Transp. RR-1C'!$B:$AA,5,FALSE) -> #VALUE! | F40: =VLOOKUP($W40,'Transp. RR-1C'!$B:$AA,7,FALSE) -> #VALUE! | G40: =VLOOKUP($W40,'Transp. RR-1C'!$B:$AA,8,FALSE) -> #VALUE! | H40: =VLOOKUP($W40,'Transp. RR-1C'!$B:$AA,9,FALSE) -> #VALUE! | I40: =VLOOKUP($W40,'Transp. RR-1C'!$B:$AA,10,FALSE) -> #VALUE! | J40: =VLOOKUP($W40,'Transp. RR-1C'!$B:$AA,11,FALSE) -> #VALUE! | K40: =VLOOKUP($W40,'Transp. RR-1C'!$B:$AA,12,FALSE) -> #VALUE! | L40: =VLOOKUP($W40,'Transp. RR-1C'!$B:$AA,13,FALSE) -> #VALUE! | M40: =VLOOKUP($W40,'Transp. RR-1C'!$B:$AA,14,FALSE) -> #VALUE! | N40: =VLOOKUP($W40,'Transp. RR-1C'!$B:$AA,15,FALSE) -> #VALUE! | O40: =VLOOKUP($W40,'Transp. RR-1C'!$B:$AA,18,FALSE) -> #VALUE! | P40: =VLOOKUP($W40,'Transp. RR-1C'!$B:$AA,19,FALSE) -> #VALUE! | Q40: =VLOOKUP($W40,'Transp. RR-1C'!$B:$AA,20,FALSE) -> #VALUE! | R40: =VLOOKUP($W40,'Transp. RR-1C'!$B:$AA,21,FALSE) -> #VALUE! | S40: =VLOOKUP($W40,'Transp. RR-1C'!$B:$AA,22,FALSE) -> #VALUE! | T40: =VLOOKUP($W40,'Transp. RR-1C'!$B:$AA,23,FALSE) -> #VALUE! | U40: =VLOOKUP($W40,'Transp. RR-1C'!$B:$AA,24,FALSE) -> #VALUE! | V40: =VLOOKUP($W40,'Transp. RR-1C'!$B:$AA,25,FALSE) -> #VALUE! | W40: =SMALL('Transp. RR-1C'!$AA$11:$AA$14,1) -> #VALUE!
B41: 2 | D41: =VLOOKUP($W41,'Transp. RR-1C'!$B:$AA,4,FALSE) -> #VALUE! | E41: =VLOOKUP($W41,'Transp. RR-1C'!$B:$AA,5,FALSE) -> #VALUE! | F41: =VLOOKUP($W41,'Transp. RR-1C'!$B:$AA,7,FALSE) -> #VALUE! | G41: =VLOOKUP($W41,'Transp. RR-1C'!$B:$AA,8,FALSE) -> #VALUE! | H41: =VLOOKUP($W41,'Transp. RR-1C'!$B:$AA,9,FALSE) -> #VALUE! | I41: =VLOOKUP($W41,'Transp. RR-1C'!$B:$AA,10,FALSE) -> #VALUE! | J41: =VLOOKUP($W41,'Transp. RR-1C'!$B:$AA,11,FALSE) -> #VALUE! | K41: =VLOOKUP($W41,'Transp. RR-1C'!$B:$AA,12,FALSE) -> #VALUE! | L41: =VLOOKUP($W41,'Transp. RR-1C'!$B:$AA,13,FALSE) -> #VALUE! | M41: =VLOOKUP($W41,'Transp. RR-1C'!$B:$AA,14,FALSE) -> #VALUE! | N41: =VLOOKUP($W41,'Transp. RR-1C'!$B:$AA,15,FALSE) -> #VALUE! | O41: =VLOOKUP($W41,'Transp. RR-1C'!$B:$AA,18,FALSE) -> #VALUE! | P41: =VLOOKUP($W41,'Transp. RR-1C'!$B:$AA,19,FALSE) -> #VALUE! | Q41: =VLOOKUP($W41,'Transp. RR-1C'!$B:$AA,20,FALSE) -> #VALUE! | R41: =VLOOKUP($W41,'Transp. RR-1C'!$B:$AA,21,FALSE) -> #VALUE! | S41: =VLOOKUP($W41,'Transp. RR-1C'!$B:$AA,22,FALSE) -> #VALUE! | T41: =VLOOKUP($W41,'Transp. RR-1C'!$B:$AA,23,FALSE) -> #VALUE! | U41: =VLOOKUP($W41,'Transp. RR-1C'!$B:$AA,24,FALSE) -> #VALUE! | V41: =VLOOKUP($W41,'Transp. RR-1C'!$B:$AA,25,FALSE) -> #VALUE! | W41: =SMALL('Transp. RR-1C'!$AA$11:$AA$14,2) -> #VALUE!
B42: 3 | D42: =VLOOKUP($W42,'Transp. RR-1C'!$B:$AA,4,FALSE) -> #VALUE! | E42: =VLOOKUP($W42,'Transp. RR-1C'!$B:$AA,5,FALSE) -> #VALUE! | F42: =VLOOKUP($W42,'Transp. RR-1C'!$B:$AA,7,FALSE) -> #VALUE! | G42: =VLOOKUP($W42,'Transp. RR-1C'!$B:$AA,8,FALSE) -> #VALUE! | H42: =VLOOKUP($W42,'Transp. RR-1C'!$B:$AA,9,FALSE) -> #VALUE! | I42: =VLOOKUP($W42,'Transp. RR-1C'!$B:$AA,10,FALSE) -> #VALUE! | J42: =VLOOKUP($W42,'Transp. RR-1C'!$B:$AA,11,FALSE) -> #VALUE! | K42: =VLOOKUP($W42,'Transp. RR-1C'!$B:$AA,12,FALSE) -> #VALUE! | L42: =VLOOKUP($W42,'Transp. RR-1C'!$B:$AA,13,FALSE) -> #VALUE! | M42: =VLOOKUP($W42,'Transp. RR-1C'!$B:$AA,14,FALSE) -> #VALUE! | N42: =VLOOKUP($W42,'Transp. RR-1C'!$B:$AA,15,FALSE) -> #VALUE! | O42: =VLOOKUP($W42,'Transp. RR-1C'!$B:$AA,18,FALSE) -> #VALUE! | P42: =VLOOKUP($W42,'Transp. RR-1C'!$B:$AA,19,FALSE) -> #VALUE! | Q42: =VLOOKUP($W42,'Transp. RR-1C'!$B:$AA,20,FALSE) -> #VALUE! | R42: =VLOOKUP($W42,'Transp. RR-1C'!$B:$AA,21,FALSE) -> #VALUE! | S42: =VLOOKUP($W42,'Transp. RR-1C'!$B:$AA,22,FALSE) -> #VALUE! | T42: =VLOOKUP($W42,'Transp. RR-1C'!$B:$AA,23,FALSE) -> #VALUE! | U42: =VLOOKUP($W42,'Transp. RR-1C'!$B:$AA,24,FALSE) -> #VALUE! | V42: =VLOOKUP($W42,'Transp. RR-1C'!$B:$AA,25,FALSE) -> #VALUE! | W42: =SMALL('Transp. RR-1C'!$AA$11:$AA$14,3) -> #VALUE!
B43: 4 | D43: =VLOOKUP($W43,'Transp. RR-1C'!$B:$AA,4,FALSE) -> #VALUE! | E43: =VLOOKUP($W43,'Transp. RR-1C'!$B:$AA,5,FALSE) -> #VALUE! | F43: =VLOOKUP($W43,'Transp. RR-1C'!$B:$AA,7,FALSE) -> #VALUE! | G43: =VLOOKUP($W43,'Transp. RR-1C'!$B:$AA,8,FALSE) -> #VALUE! | H43: =VLOOKUP($W43,'Transp. RR-1C'!$B:$AA,9,FALSE) -> #VALUE! | I43: =VLOOKUP($W43,'Transp. RR-1C'!$B:$AA,10,FALSE) -> #VALUE! | J43: =VLOOKUP($W43,'Transp. RR-1C'!$B:$AA,11,FALSE) -> #VALUE! | K43: =VLOOKUP($W43,'Transp. RR-1C'!$B:$AA,12,FALSE) -> #VALUE! | L43: =VLOOKUP($W43,'Transp. RR-1C'!$B:$AA,13,FALSE) -> #VALUE! | M43: =VLOOKUP($W43,'Transp. RR-1C'!$B:$AA,14,FALSE) -> #VALUE! | N43: =VLOOKUP($W43,'Transp. RR-1C'!$B:$AA,15,FALSE) -> #VALUE! | O43: =VLOOKUP($W43,'Transp. RR-1C'!$B:$AA,18,FALSE) -> #VALUE! | P43: =VLOOKUP($W43,'Transp. RR-1C'!$B:$AA,19,FALSE) -> #VALUE! | Q43: =VLOOKUP($W43,'Transp. RR-1C'!$B:$AA,20,FALSE) -> #VALUE! | R43: =VLOOKUP($W43,'Transp. RR-1C'!$B:$AA,21,FALSE) -> #VALUE! | S43: =VLOOKUP($W43,'Transp. RR-1C'!$B:$AA,22,FALSE) -> #VALUE! | T43: =VLOOKUP($W43,'Transp. RR-1C'!$B:$AA,23,FALSE) -> #VALUE! | U43: =VLOOKUP($W43,'Transp. RR-1C'!$B:$AA,24,FALSE) -> #VALUE! | V43: =VLOOKUP($W43,'Transp. RR-1C'!$B:$AA,25,FALSE) -> #VALUE! | W43: =SMALL('Transp. RR-1C'!$AA$11:$AA$14,4) -> #VALUE!

Sheet Mom. Transporte
B5: ='RESUMO MODULO TOTAL'!C5 -> Contratação de serviços de pavimentação asfáltica com concreto betuminoso usinado a quente (CBUQ) em vias urbanas e rurais inseridas na área de atuação da Codevasf, no estado de Goiás
C6: RESUMO DO TRANSPORTE PRINCIPAL | F6: DMT ATÉ 50 KM NÃO DEVE SER PAGA | J6: KM POR TIPO DE REVESTIMENTO | M6: % POR TIPO DE REVESTIMENTO
B7: CODIGO | C7: DESCRIÇÃO | D7: TKM | F7: ADICIONAR APENAS A DISTÂNCIA EXCEDENTE A 50 KM | I7: LN | J7: RP | K7: P | L7: LN | M7: RP | N7: P
B8: 5914359 | C8: Transporte com caminhão basculante de 10 m³ - rodovia em leito natural | D8: =ROUND(SUMIF($F$22:$F$94,B8,$L$22:$L$94),2) -> 122260.36 | E8: 4016096 | F8: Escavação e carga de material de jazida - Cam.basc. 10 m³ | I8: 10 | J8: 10 | K8: 10
B9: 5914374 | C9: Transporte com caminhão basculante de 10 m³ - rodovia em revestimento primário | D9: =ROUND(SUMIF($G$22:$G$94,B9,$M$22:$M$94),2) -> 122260.36 | E9: 6416078 | F9: Usinagem de concreto asfáltico - faixa C - Cam.basc. 10 m³ | I9: 10 | J9: 10 | K9: 10 | L9: 0.1 | M9: 0.1 | N9: 0.8
B10: 5914389 | C10: Transporte com caminhão basculante de 10 m³ - rodovia pavimentada | D10: =ROUND(SUMIF($H$22:$H$94,B10,$N$22:$N$94),2) -> 978082.77 | E10: M0028 | F10: Areia média - Caminhão basculante 10 m³ | I10: 10 | J10: 10 | K10: 10
B11: 5914449 | C11: Transporte com caminhão carroceria de 15 t - rodovia em leito natural | D11: =ROUND(SUMIF($F$22:$F$94,B11,$L$22:$L$94),2) -> 455.63 | E11: M0082 | F11: Areia média lavada - Caminhão basculante 10 m³ | I11: 10 | J11: 10 | K11: 10
B12: 5914464 | C12: Transporte com caminhão carroceria de 15 t - rodovia em revestimento primário | D12: =ROUND(SUMIF($G$22:$G$94,B12,$M$22:$M$94),2) -> 455.63 | E12: M0005 | F12: Brita 0 - Caminhão basculante 10 m³ | I12: 10 | J12: 10 | K12: 10
B13: 5914479 | C13: Transporte com caminhão carroceria de 15 t - rodovia pavimentada | D13: =ROUND(SUMIF($H$22:$H$94,B13,$N$22:$N$94),2) -> 3645.03 | E13: M0191 | F13: Brita 1 - Caminhão basculante 10 m³ | I13: 10 | J13: 10 | K13: 10
B14: 5914364 | C14: Transporte de cimento ou cal hidratada a granel com caminhão silo de 30 m³ - rodovia em leito natural | D14: =ROUND(SUMIF($F$22:$F$94,B14,$L$22:$L$94),2) -> 963.04 | E14: M0192 | F14: Brita 2 - Caminhão basculante 10 m³ | I14: 10 | J14: 10 | K14: 10
B15: 5914365 | C15: Transporte de cimento ou cal hidratada a granel com caminhão silo de 30 m³ - rodovia em revestimento primário | D15: =ROUND(SUMIF($G$22:$G$94,B15,$M$22:$M$94),2) -> 963.04 | E15: M1103 | F15: Pedrisco - Caminhão basculante 10 m³ | I15: 10 | J15: 10 | K15: 10
B16: 5914366 | C16: Transporte de cimento ou cal hidratada a granel com caminhão silo de 30 m³ - rodovia pavimentada | D16: =ROUND(SUMIF($H$22:$H$94,B16,$N$22:$N$94),2) -> 7704.35 | E16: M0030 | F16: Aditivo plastificante - Cam.carroc. 15 t | I16: 10 | J16: 10 | K16: 10
E17: M0344 | F17: Cal hidratada - a granel - Caminhão silo 30 m³ | I17: 10 | J17: 10 | K17: 10
E18: M0424 | F18: Cimento Portland CP II - 32 - saco - Cam.carroc. 15 t | I18: 10 | J18: 10 | K18: 10
E19: M2158 | F19: Argamassa asfáltica - Cam.carroc. 15 t | I19: 10 | J19: 10 | K19: 10
B22: SISTEMA DE CUSTOS REFERENCIAIS DE OBRAS - SICRO
B23: Custo Unitário de Referência | D23: Quantitativo | E23: Unidade
B24: 4011463 | C24: Concreto asfáltico - faixa C - areia e brita comerciais | D24: =SUMIF('RESUMO MODULO TOTAL'!C:C,B24,'RESUMO MODULO TOTAL'!H:H) -> 16800 | E24: t
B25: D - ATIVIDADES AUXILIARES | D25: Quantidade | E25: Unidade | O25: QUANTIDADE DE ATIVIDADES AUXILIARES
B26: 6416078 | C26: Usinagem de concreto asfáltico - faixa C - areia e brita comerciais | D26: 1.02 | E26: t | O26: =ROUND(D24*D26,2) -> 17136
B28: F - MOMENTO DE TRANSPORTE | D28: Quantidade | E28: Unidade | G28: CÓDIGO TRANSPORTE | J28: KM POR TIPO DE REVESTIMENTO | M28: QUANTITATIVO TOTAL DE TRANSPORTE (tkm)
F29: LN | G29: RP | H29: P | I29: LN | J29: RP | K29: P | L29: LN | M29: RP | N29: P
B30: 6416078 | C30: Usinagem de concreto asfáltico - faixa C - Cam.basc. 10 m³ | D30: 1.02 | E30: tkm | F30: 5914359 | G30: 5914374 | H30: 5914389 | I30: =INDEX($E$6:$K$19,MATCH(B30,$E$6:$E$19,0),5) -> 10 | J30: =INDEX($E$6:$K$19,MATCH(B30,$E$6:$E$19,0),6) -> 10 | K30: =INDEX($E$6:$K$19,MATCH(B30,$E$6:$E$19,0),7) -> 10 | L30: =ROUND(I30*D30*D24*$L$9,2) -> 17136 | M30: =ROUND(J30*D30*D24*$M$9,2) -> 17136 | N30: =ROUND(K30*D30*D24*$N$9,2) -> 137088
B32: SISTEMA DE CUSTOS REFERENCIAIS DE OBRAS - SICRO
B33: Custo Unitário de Referência | D33: Quantitativo | E33: Unidade
B34: 4011256 | C34: Base estabilizada granulometricamente com mistura solo brita (70% - 30%) na pista com material de jazida e brita comercial | D34: =SUMIF('RESUMO MODULO TOTAL'!C:C,B34,'RESUMO MODULO TOTAL'!H:H) -> 21000 | E34: m³
B35: F - MOMENTO DE TRANSPORTE | D35: Quantidade | E35: Unidade | G35: CÓDIGO TRANSPORTE | J35: KM POR TIPO DE REVESTIMENTO | M35: QUANTITATIVO TOTAL DE TRANSPORTE (tkm)
F36: LN | G36: RP | H36: P | I36: LN | J36: RP | K36: P | L36: LN | M36: RP | N36: P
B37: 4016096 | C37: Escavação e carga de material de jazida - Cam.basc. 10 m³ | D37: 1.44411 | E37: tkm | F37: 5914359 | G37: 5914374 | H37: 5914389 | I37: =INDEX($E$6:$K$19,MATCH(B37,$E$6:$E$19,0),5) -> 10 | J37: =INDEX($E$6:$K$19,MATCH(B37,$E$6:$E$19,0),6) -> 10 | K37: =INDEX($E$6:$K$19,MATCH(B37,$E$6:$E$19,0),7) -> 10 | L37: =ROUND(I37*D37*D34*$L$9,2) -> 30326.31 | M37: =ROUND(J37*D37*D34*$M$9,2) -> 30326.31 | N37: =ROUND(K37*D37*D34*$N$9,2) -> 242610.48
B38: M0191 | C38: Brita 1 - Caminhão basculante 10 m³ | D38: 0.6189 | E38: tkm | F38: 5914359 | G38: 5914374 | H38: 5914389 | I38: =INDEX($E$6:$K$19,MATCH(B38,$E$6:$E$19,0),5) -> 10 | J38: =INDEX($E$6:$K$19,MATCH(B38,$E$6:$E$19,0),6) -> 10 | K38: =INDEX($E$6:$K$19,MATCH(B38,$E$6:$E$19,0),7) -> 10 | L38: =ROUND(I38*D38*D34*$L$9,2) -> 12996.9 | M38: =ROUND(J38*D38*D34*$M$9,2) -> 12996.9 | N38: =ROUND(K38*D38*D34*$N$9,2) -> 103975.2
B40: SISTEMA DE CUSTOS REFERENCIAIS DE OBRAS - SICRO
B41: Custo Unitário de Referência | D41: Quantitativo | E41: Unidade
B42: 4011233 | C42: Sub-base estabilizada granulometricamente com mistura solo brita (70% - 30%) na pista com material de jazida e brita comercial | D42: =SUMIF('RESUMO MODULO TOTAL'!C:C,B42,'RESUMO MODULO TOTAL'!H:H) -> 21000 | E42: m³
B43: F - MOMENTO DE TRANSPORTE | D43: Quantidade | E43: Unidade | G43: CÓDIGO TRANSPORTE | J43: KM POR TIPO DE REVESTIMENTO | M43: QUANTITATIVO TOTAL DE TRANSPORTE (tkm)
F44: LN | G44: RP | H44: P | I44: LN | J44: RP | K44: P | L44: LN | M44: RP | N44: P
B45: 4016096 | C45: Escavação e carga de material de jazida - Cam.basc. 10 m³ | D45: 1.44411 | E45: tkm | F45: 5914359 | G45: 5914374 | H45: 5914389 | I45: =INDEX($E$6:$K$19,MATCH(B45,$E$6:$E$19,0),5) -> 10 | J45: =INDEX($E$6:$K$19,MATCH(B45,$E$6:$E$19,0),6) -> 10 | K45: =INDEX($E$6:$K$19,MATCH(B45,$E$6:$E$19,0),7) -> 10 | L45: =ROUND(I45*D45*D42*$L$9,2) -> 30326.31 | M45: =ROUND(J45*D45*D42*$M$9,2) -> 30326.31 | N45: =ROUND(K45*D45*D42*$N$9,2) -> 242610.48
B46: M0191 | C46: Brita 1 - Caminhão basculante 10 m³ | D46: 0.6189 | E46: tkm | F46: 5914359 | G46: 5914374 | H46: 5914389 | I46: =INDEX($E$6:$K$19,MATCH(B46,$E$6:$E$19,0),5) -> 10 | J46: =INDEX($E$6:$K$19,MATCH(B46,$E$6:$E$19,0),6) -> 10 | K46: =INDEX($E$6:$K$19,MATCH(B46,$E$6:$E$19,0),7) -> 10 | L46: =ROUND(I46*D46*D42*$L$9,2) -> 12996.9 | M46: =ROUND(J46*D46*D42*$M$9,2) -> 12996.9 | N46: =ROUND(K46*D46*D42*$N$9,2) -> 103975.2
B48: SISTEMA DE CUSTOS REFERENCIAIS DE OBRAS - SICRO
B49: Custo Unitário de Referência | D49: Quantitativo | E49: Unidade
B50: 2003943-A | C50: Meio-fio de concreto - MFC 03 moldado no local com extrusora e confecção de concreto em betoneira e lançamento manual - areia e brita comerciais | D50: =SUMIF('RESUMO MODULO TOTAL'!C:C,B50,'RESUMO MODULO TOTAL'!H:H) -> 36000 | E50: m
B51: D - ATIVIDADES AUXILIARES | D51: Quantidade | E51: Unidade | O51: QUANTIDADE DE ATIVIDADES AUXILIARES
B52: 1107892 | C52: Concreto fck = 20 MPa - confecção em betoneira e lançamento manual - areia e brita comerciais | D52: 0.042 | E52: m³ | O52: =ROUND(D50*D52,2) -> 1512
B53: 2003842 | C53: Enchimento de junta de concreto com argamassa asfáltica de densidade 1.700 kg/m³ - espessura de 1 cm | D53: 0.0595 | E53: kg | O53: =ROUND(D50*D53,2) -> 2142
B54: 4805750 | C54: Escavação manual em material de 1ª categoria na profundidade de até 1 m | D54: 0.03 | E54: m³ | O54: =ROUND(D50*D54,2) -> 1080
B56: SISTEMA DE CUSTOS REFERENCIAIS DE OBRAS - SICRO
B57: Custo Unitário de Referência | D57: Quantitativo | E57: Unidade
B58: 2003947-A | C58: Meio-fio de concreto - MFC 05 moldado no local com extrusora e confecção em betoneira e lançamento manual - areia e brita comerciais | D58: =SUMIF('RESUMO MODULO TOTAL'!C:C,B58,'RESUMO MODULO TOTAL'!H:H) -> 4000 | E58: m
B59: D - ATIVIDADES AUXILIARES | D59: Quantidade | E59: Unidade | O59: QUANTIDADE DE ATIVIDADES AUXILIARES
B60: 1107892 | C60: Concreto fck = 20 MPa - confecção em betoneira e lançamento manual - areia e brita comerciais | D60: 0.0334 | E60: m³ | O60: =ROUND(D58*D60,2) -> 133.6
B61: 2003842 | C61: Enchimento de junta de concreto com argamassa asfáltica de densidade 1.700 kg/m³ - espessura de 1 cm | D61: 0.0473 | E61: kg | O61: =ROUND(D58*D61,2) -> 189.2
B62: 4805750 | C62: Escavação manual em material de 1ª categoria na profundidade de até 1 m | D62: 0.018 | E62: m³ | O62: =ROUND(D58*D62,2) -> 72
B65: SISTEMA DE CUSTOS REFERENCIAIS DE OBRAS - SICRO
B66: Custo Unitário de Referência | D66: Quantitativo | E66: Unidade
B67: 6416078 | C67: Usinagem de concreto asfáltico - faixa C - areia e brita comerciais | D67: =SUMIF($B$22:$B$63,B67,$O$22:$O$63) -> 17136 | E67: t
B68: F - MOMENTO DE TRANSPORTE | D68: Quantidade | E68: Unidade | G68: CÓDIGO TRANSPORTE | J68: KM POR TIPO DE REVESTIMENTO | M68: QUANTITATIVO TOTAL DE TRANSPORTE (tkm)
F69: LN | G69: RP | H69: P | I69: LN | J69: RP | K69: P | L69: LN | M69: RP | N69: P
B70: M0028 | C70: Areia média - Caminhão basculante 10 m³ | D70: 0.48713 | E70: tkm | F70: 5914359 | G70: 5914374 | H70: 5914389 | I70: =INDEX($E$6:$K$19,MATCH(B70,$E$6:$E$19,0),5) -> 10 | J70: =INDEX($E$6:$K$19,MATCH(B70,$E$6:$E$19,0),6) -> 10 | K70: =INDEX($E$6:$K$19,MATCH(B70,$E$6:$E$19,0),7) -> 10 | L70: =ROUND(I70*D70*D67*$L$9,2) -> 8347.46 | M70: =ROUND(J70*D70*D67*$M$9,2) -> 8347.46 | N70: =ROUND(K70*D70*D67*$N$9,2) -> 66779.68
B71: M0005 | C71: Brita 0 - Caminhão basculante 10 m³ | D71: 0.09368 | E71: tkm | F71: 5914359 | G71: 5914374 | H71: 5914389 | I71: =INDEX($E$6:$K$19,MATCH(B71,$E$6:$E$19,0),5) -> 10 | J71: =INDEX($E$6:$K$19,MATCH(B71,$E$6:$E$19,0),6) -> 10 | K71: =INDEX($E$6:$K$19,MATCH(B71,$E$6:$E$19,0),7) -> 10 | L71: =ROUND(I71*D71*D67*$L$9,2) -> 1605.3 | M71: =ROUND(J71*D71*D67*$M$9,2) -> 1605.3 | N71: =ROUND(K71*D71*D67*$N$9,2) -> 12842.4
B72: M0191 | C72: Brita 1 - Caminhão basculante 10 m³ | D72: 0.09368 | E72: tkm | F72: 5914359 | G72: 5914374 | H72: 5914389 | I72: =INDEX($E$6:$K$19,MATCH(B72,$E$6:$E$19,0),5) -> 10 | J72: =INDEX($E$6:$K$19,MATCH(B72,$E$6:$E$19,0),6) -> 10 | K72: =INDEX($E$6:$K$19,MATCH(B72,$E$6:$E$19,0),7) -> 10 | L72: =ROUND(I72*D72*D67*$L$9,2) -> 1605.3 | M72: =ROUND(J72*D72*D67*$M$9,2) -> 1605.3 | N72: =ROUND(K72*D72*D67*$N$9,2) -> 12842.4
B73: M0344 | C73: Cal hidratada - a granel - Caminhão silo 30 m³ | D73: 0.0562 | E73: tkm | F73: 5914364 | G73: 5914365 | H73: 5914366 | I73: =INDEX($E$6:$K$19,MATCH(B73,$E$6:$E$19,0),5) -> 10 | J73: =INDEX($E$6:$K$19,MATCH(B73,$E$6:$E$19,0),6) -> 10 | K73: =INDEX($E$6:$K$19,MATCH(B73,$E$6:$E$19,0),7) -> 10 | L73: =ROUND(I73*D73*D67*$L$9,2) -> 963.04 | M73: =ROUND(J73*D73*D67*$M$9,2) -> 963.04 | N73: =ROUND(K73*D73*D67*$N$9,2) -> 7704.35
B74: M1103 | C74: Pedrisco - Caminhão basculante 10 m³ | D74: 0.20609 | E74: tkm | F74: 5914359 | G74: 5914374 | H74: 5914389 | I74: =INDEX($E$6:$K$19,MATCH(B74,$E$6:$E$19,0),5) -> 10 | J74: =INDEX($E$6:$K$19,MATCH(B74,$E$6:$E$19,0),6) -> 10 | K74: =INDEX($E$6:$K$19,MATCH(B74,$E$6:$E$19,0),7) -> 10 | L74: =ROUND(I74*D74*D67*$L$9,2) -> 3531.56 | M74: =ROUND(J74*D74*D67*$M$9,2) -> 3531.56 | N74: =ROUND(K74*D74*D67*$N$9,2) -> 28252.47
B76: SISTEMA DE CUSTOS REFERENCIAIS DE OBRAS - SICRO
B77: Custo Unitário de Referência | D77: Quantitativo | E77: Unidade
B78: 1107892 | C78: Concreto fck = 20 MPa - confecção em betoneira e lançamento manual - areia e brita comerciais | D78: =SUMIF($B$22:$B$63,B78,$O$22:$O$63) -> 1645.6 | E78: m³
B79: F - MOMENTO DE TRANSPORTE | D79: Quantidade | E79: Unidade | G79: CÓDIGO TRANSPORTE | J79: KM POR TIPO DE REVESTIMENTO | M79: QUANTITATIVO TOTAL DE TRANSPORTE (tkm)
F80: LN | G80: RP | H80: P | I80: LN | J80: RP | K80: P | L80: LN | M80: RP | N80: P
B81: M0030 | C81: Aditivo plastificante - Cam.carroc. 15 t | D81: 0.00082 | E81: tkm | F81: 5914449 | G81: 5914464 | H81: 5914479 | I81: =INDEX($E$6:$K$19,MATCH(B81,$E$6:$E$19,0),5) -> 10 | J81: =INDEX($E$6:$K$19,MATCH(B81,$E$6:$E$19,0),6) -> 10 | K81: =INDEX($E$6:$K$19,MATCH(B81,$E$6:$E$19,0),7) -> 10 | L81: =ROUND(I81*D81*D78*$L$9,2) -> 1.35 | M81: =ROUND(J81*D81*D78*$M$9,2) -> 1.35 | N81: =ROUND(K81*D81*D78*$N$9,2) -> 10.8
B82: M0082 | C82: Areia média lavada - Caminhão basculante 10 m³ | D82: 0.95639 | E82: tkm | F82: 5914359 | G82: 5914374 | H82: 5914389 | I82: =INDEX($E$6:$K$19,MATCH(B82,$E$6:$E$19,0),5) -> 10 | J82: =INDEX($E$6:$K$19,MATCH(B82,$E$6:$E$19,0),6) -> 10 | K82: =INDEX($E$6:$K$19,MATCH(B82,$E$6:$E$19,0),7) -> 10 | L82: =ROUND(I82*D82*D78*$L$9,2) -> 1573.84 | M82: =ROUND(J82*D82*D78*$M$9,2) -> 1573.84 | N82: =ROUND(K82*D82*D78*$N$9,2) -> 12590.68
B83: M0191 | C83: Brita 1 - Caminhão basculante 10 m³ | D83: 0.55131 | E83: tkm | F83: 5914359 | G83: 5914374 | H83: 5914389 | I83: =INDEX($E$6:$K$19,MATCH(B83,$E$6:$E$19,0),5) -> 10 | J83: =INDEX($E$6:$K$19,MATCH(B83,$E$6:$E$19,0),6) -> 10 | K83: =INDEX($E$6:$K$19,MATCH(B83,$E$6:$E$19,0),7) -> 10 | L83: =ROUND(I83*D83*D78*$L$9,2) -> 907.24 | M83: =ROUND(J83*D83*D78*$M$9,2) -> 907.24 | N83: =ROUND(K83*D83*D78*$N$9,2) -> 7257.89
B84: M0192 | C84: Brita 2 - Caminhão basculante 10 m³ | D84: 0.55131 | E84: tkm | F84: 5914359 | G84: 5914374 | H84: 5914389 | I84: =INDEX($E$6:$K$19,MATCH(B84,$E$6:$E$19,0),5) -> 10 | J84: =INDEX($E$6:$K$19,MATCH(B84,$E$6:$E$19,0),6) -> 10 | K84: =INDEX($E$6:$K$19,MATCH(B84,$E$6:$E$19,0),7) -> 10 | L84: =ROUND(I84*D84*D78*$L$9,2) -> 907.24 | M84: =ROUND(J84*D84*D78*$M$9,2) -> 907.24 | N84: =ROUND(K84*D84*D78*$N$9,2) -> 7257.89
B85: M0424 | C85: Cimento Portland CP II - 32 - saco - Cam.carroc. 15 t | D85: 0.27464 | E85: tkm | F85: 5914449 | G85: 5914464 | H85: 5914479 | I85: =INDEX($E$6:$K$19,MATCH(B85,$E$6:$E$19,0),5) -> 10 | J85: =INDEX($E$6:$K$19,MATCH(B85,$E$6:$E$19,0),6) -> 10 | K85: =INDEX($E$6:$K$19,MATCH(B85,$E$6:$E$19,0),7) -> 10 | L85: =ROUND(I85*D85*D78*$L$9,2) -> 451.95 | M85: =ROUND(J85*D85*D78*$M$9,2) -> 451.95 | N85: =ROUND(K85*D85*D78*$N$9,2) -> 3615.58
B87: SISTEMA DE CUSTOS REFERENCIAIS DE OBRAS - SICRO
B88: Custo Unitário de Referência | D88: Quantitativo | E88: Unidade
B89: 2003842 | C89: Enchimento de junta de concreto com argamassa asfáltica de densidade 1.700 kg/m³ - espessura de 1 cm | D89: =SUMIF($B$22:$B$63,B89,$O$22:$O$63) -> 2331.2 | E89: kg
B90: F - MOMENTO DE TRANSPORTE | D90: Quantidade | E90: Unidade | G90: CÓDIGO TRANSPORTE | J90: KM POR TIPO DE REVESTIMENTO | M90: QUANTITATIVO TOTAL DE TRANSPORTE (tkm)
F91: LN | G91: RP | H91: P | I91: LN | J91: RP | K91: P | L91: LN | M91: RP | N91: P
B92: M2158 | C92: Argamassa asfáltica - Cam.carroc. 15 t | D92: 0.001 | E92: tkm | F92: 5914449 | G92: 5914464 | H92: 5914479 | I92: =INDEX($E$6:$K$19,MATCH(B92,$E$6:$E$19,0),5) -> 10 | J92: =INDEX($E$6:$K$19,MATCH(B92,$E$6:$E$19,0),6) -> 10 | K92: =INDEX($E$6:$K$19,MATCH(B92,$E$6:$E$19,0),7) -> 10 | L92: =ROUND(I92*D92*D89*$L$9,2) -> 2.33 | M92: =ROUND(J92*D92*D89*$M$9,2) -> 2.33 | N92: =ROUND(K92*D92*D89*$N$9,2) -> 18.65
